Workbook
Name _Toc163742407: 'Sede Centro (Curitiba)'!$A$62
Name _Toc163742407: 'Sede Estadual Adm(Curitiba)'!$A$84
Name _Toc163742408: 'Sede Centro (Curitiba)'!$A$82
Name _Toc163742408: 'Sede Estadual Adm(Curitiba)'!$A$104
Name _Toc163742409: 'Sede Centro (Curitiba)'!$A$99
Name _Toc163742409: 'Sede Estadual Adm(Curitiba)'!$A$121
Name _Toc163742410: 'Sede Centro (Curitiba)'!$A$114
Name _Toc163742410: 'Sede Estadual Adm(Curitiba)'!$A$136
Name _Toc163742411: 'Sede Centro (Curitiba)'!$A$132
Name _Toc163742411: 'Sede Estadual Adm(Curitiba)'!$A$154
Name _Toc163742412: 'Sede Centro (Curitiba)'!$A$149
Name _Toc163742412: 'Sede Estadual Adm(Curitiba)'!$A$171
Name _Toc163742413: 'Sede Centro (Curitiba)'!$A$164
Name _Toc163742413: 'Sede Estadual Adm(Curitiba)'!$A$186
Name _Toc163742414: 'Sede Centro (Curitiba)'!$A$179
Name _Toc163742414: 'Sede Estadual Adm(Curitiba)'!$A$201
Name _Toc163742415: 'Sede Centro (Curitiba)'!$A$192
Name _Toc163742415: 'Sede Estadual Adm(Curitiba)'!$A$214
Name _Toc163742416: 'Sede Centro (Curitiba)'!$A$214
Name _Toc163742416: 'Sede Estadual Adm(Curitiba)'!$A$236
Name _Toc163742417: 'Sede Centro (Curitiba)'!$A$224
Name _Toc163742417: 'Sede Estadual Adm(Curitiba)'!$A$246
Name _Toc163742418: 'Sede Centro (Curitiba)'!$A$240
Name _Toc163742418: 'Sede Estadual Adm(Curitiba)'!$A$262
Name _Toc163742419: 'Sede Centro (Curitiba)'!$A$254
Name _Toc163742419: 'Sede Estadual Adm(Curitiba)'!$A$276
Name _Toc163742420: 'Sede Centro (Curitiba)'!$A$272
Name _Toc163742420: 'Sede Estadual Adm(Curitiba)'!$A$294
Name _Toc163742421: 'Sede Centro (Curitiba)'!$A$282
Name _Toc163742421: 'Sede Estadual Adm(Curitiba)'!$A$304
Name _Toc163742422: 'Sede Centro (Curitiba)'!$A$291
Name _Toc163742422: 'Sede Estadual Adm(Curitiba)'!$A$313
Name _Toc163742423: 'Sede Centro (Curitiba)'!$A$300
Name _Toc163742423: 'Sede Estadual Adm(Curitiba)'!$A$322
Name _Toc163742424: 'Sede Centro (Curitiba)'!$A$324
Name _Toc163742424: 'Sede Estadual Adm(Curitiba)'!$A$346
Name _Toc163742425: 'Sede Centro (Curitiba)'!$A$345
Name _Toc163742425: 'Sede Estadual Adm(Curitiba)'!$A$367
Name _Toc163742426: 'Sede Centro (Curitiba)'!$A$351
Name _Toc163742426: 'Sede Estadual Adm(Curitiba)'!$A$373
Name _Toc163742427: 'Sede Centro (Curitiba)'!$A$362
Name _Toc163742427: 'Sede Estadual Adm(Curitiba)'!$A$384
Name _Toc163742428: 'Sede Centro (Curitiba)'!$A$377
Name _Toc163742428: 'Sede Estadual Adm(Curitiba)'!$A$399
Name _Toc163742429: 'Sede Centro (Curitiba)'!$A$389
Name _Toc163742429: 'Sede Estadual Adm(Curitiba)'!$A$411
Name _Toc163742430: 'Sede Centro (Curitiba)'!$A$401
Name _Toc163742430: 'Sede Estadual Adm(Curitiba)'!$A$423
Name _Toc163742431: 'Sede Centro (Curitiba)'!$A$412
Name _Toc163742431: 'Sede Estadual Adm(Curitiba)'!$A$434
Name _Toc163742432: 'Sede Centro (Curitiba)'!$A$426
Name _Toc163742432: 'Sede Estadual Adm(Curitiba)'!$A$448
Name _Toc163742433: 'Sede Centro (Curitiba)'!$A$435
Name _Toc163742433: 'Sede Estadual Adm(Curitiba)'!$A$457
Name _Toc163742434: 'Sede Centro (Curitiba)'!$A$447
Name _Toc163742434: 'Sede Estadual Adm(Curitiba)'!$A$469
Name _Toc163742435: 'Sede Centro (Curitiba)'!$A$459
Name _Toc163742435: 'Sede Estadual Adm(Curitiba)'!$A$481
Name _Toc163742436: 'Sede Centro (Curitiba)'!$A$474
Name _Toc163742436: 'Sede Estadual Adm(Curitiba)'!$A$496

Sheet RESUMO GERAL
B1: RESUMO GERAL
A5: ITEM | B5: DESCRIÇÃO DO SERVIÇO | C5: VALOR ANUAL
A7: 1 | B7: Jardinagem e manutenção de paisagismo | C7: =SUM('Sede Estadual Adm(Curitiba):União da Vitória'!M13) -> 0
A8: 1.1 | B8: Insumos jardinagem | C8: 0
A9: 2 | B9: Limpeza e desinfecção de reservatórios de água | C9: =SUM('Sede Estadual Adm(Curitiba):União da Vitória'!M15) -> 0
A10: 3 | B10: Desinsetização, desratização e descupinização | C10: =SUM('Sede Estadual Adm(Curitiba):União da Vitória'!M17) -> 0
A11: 4 | B11: Recarga e manutenção de extintores de incêndio | C11: =SUM('Sede Estadual Adm(Curitiba):União da Vitória'!M19) -> 0
A12: 5 | B12: Limpeza e manutenção de purificadores de água | C12: =SUM('Sede Estadual Adm(Curitiba):União da Vitória'!M21) -> 0
A13: 6 | B13: Laudos de inspeção SPDA e subestações | C13: =SUM('Sede Estadual Adm(Curitiba):União da Vitória'!M23) -> 0
A14: 7 | B14: Laudos de pontos de ancoragem | C14: =SUM('Sede Estadual Adm(Curitiba):União da Vitória'!M25) -> 0
A15: 8 | B15: Inspeção predial | C15: =SUM('Sede Estadual Adm(Curitiba):União da Vitória'!M27) -> 0
A16: 9 | B16: Manutenção predial | C16: =SUM('Sede Estadual Adm(Curitiba):União da Vitória'!M29) -> 0
C17: =SUM(C7:C16) -> 0
A20: Data | B20: Nome completo
B21: Nº Registro Profissional

Sheet Sede Estadual Adm(Curitiba)
A1: PLANILHA DE CUSTOS E FORMAÇÃO DE PREÇOS
A2: Local: Sede Administrativa (Curitiba)
A3: Endereço: Rua Dr. Zamenhof, n.º 35
A5: Pregão Eletrônico n.º:
A6: Data: | C6: Horário:
I8: BDI | J8: =C69 -> 0
A11: ITEM | B11: DESCRIÇÃO DO SERVIÇO | C11: UNIDADE DE MEDIDA | D11: QUANTI DADE | E11: VALORES (R$)
E12: MATERIAL | F12: MÃO DE OBRA | G12: EQUIPAMENTO | H12: TOTAL UNITÁRIO | I12: TOTAL MATERIAL | J12: TOTAL MÃO DE OBRA | K12: TOTAL EQUIPAMENTO | L12: TOTAL SEM BDI | M12: TOTAL COM BDI
A13: 1 | B13: JARDINAGEM E MANUTENÇÃO DE PAISAGISMO | L13: =L14 -> 0 | M13: =M14 -> 0
A14: 1.1 | B14: Jardinagem e manutenção de paisagismo | C14: MÊS | D14: 12 | H14: =SUM(E14:G14) -> 0 | I14: =D14*E14 -> 0 | J14: =D14*F14 -> 0 | K14: =D14*G14 -> 0 | L14: =SUM(I14:K14) -> 0 | M14: =ROUND((L14*$J$8)+L14,2) -> 0
A15: 2 | B15: LIMPEZA E DESINFECÇÃO DE RESERVATÓRIOS DE ÁGUA | L15: =L16 -> 0 | M15: =M16 -> 0
A16: 2.1 | B16: Limpeza e desinfecção de reservatórios de água | C16: UN | D16: 1 | H16: =SUM(E16:G16) -> 0 | I16: =D16*E16 -> 0 | J16: =D16*F16 -> 0 | K16: =D16*G16 -> 0 | L16: =SUM(I16:K16) -> 0 | M16: =ROUND((L16*$J$8)+L16,2) -> 0
A17: 3 | B17: DESINSETIZAÇÃO, DESRATIZAÇÃO E DESCUPINIZAÇÃO | L17: =L18 -> 0 | M17: =M18 -> 0
A18: 3.1 | B18: Desinsetização, desratização e descupinização | C18: UN | D18: 2 | H18: =SUM(E18:G18) -> 0 | I18: =D18*E18 -> 0 | J18: =D18*F18 -> 0 | K18: =D18*G18 -> 0 | L18: =SUM(I18:K18) -> 0 | M18: =ROUND((L18*$J$8)+L18,2) -> 0
A19: 4 | B19: RECARGA E MANUTENÇÃO DE EXTINTORES DE INCÊNDIO | L19: =L20 -> 0 | M19: =M20 -> 0
A20: 4.1 | B20: Recarga e manutenção de extintores de incêndio | C20: CJ | D20: 1 | H20: =SUM(E20:G20) -> 0 | I20: =D20*E20 -> 0 | J20: =D20*F20 -> 0 | K20: =D20*G20 -> 0 | L20: =SUM(I20:K20) -> 0 | M20: =ROUND((L20*$J$8)+L20,2) -> 0
A21: 5 | B21: LIMPEZA E MANUTENÇÃO DE PURIFICADORES DE ÁGUA | L21: =L22 -> 0 | M21: =M22 -> 0
A22: 5.1 | B22: Limpeza e manutenção de purificadores de água | C22: UN | D22: 24 | H22: =SUM(E22:G22) -> 0 | I22: =D22*E22 -> 0 | J22: =D22*F22 -> 0 | K22: =D22*G22 -> 0 | L22: =SUM(I22:K22) -> 0 | M22: =ROUND((L22*$J$8)+L22,2) -> 0
A23: 6 | B23: LAUDOS DE INSPEÇÃO SPDA E SUBESTAÇÕES | L23: =L24 -> 0 | M23: =M24 -> 0
A24: 6.1 | B24: Laudos de inspeção SPDA e subestações | C24: UN | D24: 1 | H24: =SUM(E24:G24) -> 0 | I24: =D24*E24 -> 0 | J24: =D24*F24 -> 0 | K24: =D24*G24 -> 0 | L24: =SUM(I24:K24) -> 0 | M24: =ROUND((L24*$J$8)+L24,2) -> 0
A25: 7 | B25: LAUDOS DE PONTOS DE ANCORAGEM | L25: =L26 -> 0 | M25: =M26 -> 0
A26: 7.1 | B26: Laudos de pontos de Ancoragem | C26: UN | D26: 1 | H26: =SUM(E26:G26) -> 0 | I26: =D26*E26 -> 0 | J26: =D26*F26 -> 0 | K26: =D26*G26 -> 0 | L26: =SUM(I26:K26) -> 0 | M26: =ROUND((L26*$J$8)+L26,2) -> 0
A27: 8 | B27: INSPEÇÃO PREDIAL | L27: =L28 -> 0 | M27: =M28 -> 0
A28: 8.1 | B28: Laudo de Inspeção predial | C28: UN | D28: 1 | H28: =SUM(E28:G28) -> 0 | I28: =D28*E28 -> 0 | J28: =D28*F28 -> 0 | K28: =D28*G28 -> 0 | L28: =SUM(I28:K28) -> 0 | M28: =ROUND((L28*$J$8)+L28,2) -> 0
A29: 9 | B29: MANUTENÇÃO PREDIAL | L29: =SUM(L30:L52) -> 0 | M29: =SUM(M30:M52) -> 0
A30: 9.1 | B30: REMOÇÃO CALHAS E RUFOS, DE FORMA MANUAL, SEM REAPROVEITAMENTO. AF_09/2023 - SINAPI 104803 (03/2025) | C30: M | D30: 104 | H30: =SUM(E30:G30) -> 0 | I30: =D30*E30 -> 0 | J30: =D30*F30 -> 0 | K30: =D30*G30 -> 0 | L30: =SUM(I30:K30) -> 0 | M30: =ROUND((L30*$J$8)+L30,2) -> 0
A31: 9.2 | B31: CALHA EM CHAPA DE AÇO GALVANIZADO NÚMERO 24, DESENVOLVIMENTO DE 50 CM, INCLUSO TRANSPORTE VERTICAL. AF_07/2019 - SINAPI 94228 (03/2025) | C31: M | D31: 54 | H31: =SUM(E31:G31) -> 0 | I31: =D31*E31 -> 0 | J31: =D31*F31 -> 0 | K31: =D31*G31 -> 0 | L31: =SUM(I31:K31) -> 0 | M31: =ROUND((L31*$J$8)+L31,2) -> 0
A32: 9.3 | B32: RUFO EXTERNO/INTERNO EM CHAPA DE AÇO GALVANIZADO NÚMERO 26, CORTE DE 33 CM, INCLUSO IÇAMENTO. AF_07/2019 - SINAPI 100327 (03/2025) | C32: M | D32: 73 | H32: =SUM(E32:G32) -> 0 | I32: =D32*E32 -> 0 | J32: =D32*F32 -> 0 | K32: =D32*G32 -> 0 | L32: =SUM(I32:K32) -> 0 | M32: =ROUND((L32*$J$8)+L32,2) -> 0
A33: 9.4 | B33: EMASSAMENTO COM MASSA LÁTEX, APLICAÇÃO EM TETO, UMA DEMÃO, LIXAMENTO MANUAL. AF_04/2023 - SINAPI 88494 (03/2025) | C33: M² | D33: =D38 -> 120 | H33: =SUM(E33:G33) -> 0 | I33: =D33*E33 -> 0 | J33: =D33*F33 -> 0 | K33: =D33*G33 -> 0 | L33: =SUM(I33:K33) -> 0 | M33: =ROUND((L33*$J$8)+L33,2) -> 0
A34: 9.5 | B34: EMASSAMENTO COM MASSA LÁTEX, APLICAÇÃO EM PAREDE, UMA DEMÃO, LIXAMENTO MANUAL. AF_04/2023 - SINAPI 88495 (03/2025) | C34: M² | D34: =D37 -> 500 | H34: =SUM(E34:G34) -> 0 | I34: =D34*E34 -> 0 | J34: =D34*F34 -> 0 | K34: =D34*G34 -> 0 | L34: =SUM(I34:K34) -> 0 | M34: =ROUND((L34*$J$8)+L34,2) -> 0
A35: 9.6 | B35: FUNDO SELADOR ACRÍLICO, APLICAÇÃO MANUAL EM TETO, UMA DEMÃO. AF_04/2023 - SINAPI 88484 (03/2025) | C35: M² | D35: =D38 -> 120 | H35: =SUM(E35:G35) -> 0 | I35: =D35*E35 -> 0 | J35: =D35*F35 -> 0 | K35: =D35*G35 -> 0 | L35: =SUM(I35:K35) -> 0 | M35: =ROUND((L35*$J$8)+L35,2) -> 0
A36: 9.7 | B36: FUNDO SELADOR ACRÍLICO, APLICAÇÃO MANUAL EM PAREDE, UMA DEMÃO. AF_04/2023 - SINAPI 88485 (03/2025) | C36: M² | D36: =D37 -> 500 | H36: =SUM(E36:G36) -> 0 | I36: =D36*E36 -> 0 | J36: =D36*F36 -> 0 | K36: =D36*G36 -> 0 | L36: =SUM(I36:K36) -> 0 | M36: =ROUND((L36*$J$8)+L36,2) -> 0
A37: 9.8 | B37: PINTURA LÁTEX ACRÍLICA PREMIUM, APLICAÇÃO MANUAL EM PAREDES, DUAS DEMÃOS. AF_04/2023 - SINAPI 88489 (03/2025) | C37: M² | D37: 500 | H37: =SUM(E37:G37) -> 0 | I37: =D37*E37 -> 0 | J37: =D37*F37 -> 0 | K37: =D37*G37 -> 0 | L37: =SUM(I37:K37) -> 0 | M37: =ROUND((L37*$J$8)+L37,2) -> 0
A38: 9.9 | B38: PINTURA LÁTEX ACRÍLICA PREMIUM, APLICAÇÃO MANUAL EM TETO, DUAS DEMÃOS. AF_04/2023 - SINAPI 88488 (03/2025) | C38: M² | D38: 120 | H38: =SUM(E38:G38) -> 0 | I38: =D38*E38 -> 0 | J38: =D38*F38 -> 0 | K38: =D38*G38 -> 0 | L38: =SUM(I38:K38) -> 0 | M38: =ROUND((L38*$J$8)+L38,2) -> 0
A39: 9.10 | B39: PINTURA DE DEMARCAÇÃO DE VAGA COM TINTA ACRÍLICA, E = 10 CM, APLICAÇÃO MANUAL. AF_05/2021 - SINAPI 102500 (03/2025) | C39: M | D39: 100 | H39: =SUM(E39:G39) -> 0 | I39: =D39*E39 -> 0 | J39: =D39*F39 -> 0 | K39: =D39*G39 -> 0 | L39: =SUM(I39:K39) -> 0 | M39: =ROUND((L39*$J$8)+L39,2) -> 0
A40: 9.11 | B40: APLICAÇÃO MANUAL DE PINTURA COM TINTA TEXTURIZADA ACRÍLICA EM PANOS COM PRESENÇA DEVÃOS DE EDIFÍCIOS DE MÚLTIPLOS PAVIMENTOS, DUAS CORES. AF_03/2024 - SINAPI 88424 (03/2025) | C40: M² | D40: 2200 | H40: =SUM(E40:G40) -> 0 | I40: =D40*E40 -> 0 | J40: =D40*F40 -> 0 | K40: =D40*G40 -> 0 | L40: =SUM(I40:K40) -> 0 | M40: =ROUND((L40*$J$8)+L40,2) -> 0
A41: 9.12 | B41: LUMINÁRIA DE EMERGÊNCIA, COM 30 LÂMPADAS LED DE 2 W, SEM REATOR - FORNECIMENTO E INSTALAÇÃO. AF_02/2020 - SINAPI 97599 (03/2025) | C41: UN | D41: 10 | H41: =SUM(E41:G41) -> 0 | I41: =D41*E41 -> 0 | J41: =D41*F41 -> 0 | K41: =D41*G41 -> 0 | L41: =SUM(I41:K41) -> 0 | M41: =ROUND((L41*$J$8)+L41,2) -> 0
A42: 9.13 | B42: LÂMPADA TUBULAR LED DE 18/20 W, BASE G13 - FORNECIMENTO E INSTALAÇÃO. AF_02/2020_PS - SINAPI 100903 (03/2025) | C42: UN | D42: 30 | H42: =SUM(E42:G42) -> 0 | I42: =D42*E42 -> 0 | J42: =D42*F42 -> 0 | K42: =D42*G42 -> 0 | L42: =SUM(I42:K42) -> 0 | M42: =ROUND((L42*$J$8)+L42,2) -> 0
A43: 9.14 | B43: LÂMPADA COMPACTA DE LED 10 W, BASE E27 - FORNECIMENTO E INSTALAÇÃO. AF_02/2020 - SINAPI 97610 (03/2025) | C43: UN | D43: 15 | H43: =SUM(E43:G43) -> 0 | I43: =D43*E43 -> 0 | J43: =D43*F43 -> 0 | K43: =D43*G43 -> 0 | L43: =SUM(I43:K43) -> 0 | M43: =ROUND((L43*$J$8)+L43,2) -> 0
A44: 9.15 | B44: VÁLVULA DE DESCARGA METÁLICA, BASE 1 1/2", ACABAMENTO METALICO CROMADO - FORNECIMENTO E INSTALAÇÃO. AF_08/2021 - SINAPI 99635 (03/2025) | C44: UN | D44: 8 | H44: =SUM(E44:G44) -> 0 | I44: =D44*E44 -> 0 | J44: =D44*F44 -> 0 | K44: =D44*G44 -> 0 | L44: =SUM(I44:K44) -> 0 | M44: =ROUND((L44*$J$8)+L44,2) -> 0
A45: 9.16 | B45: SUBSTITUIÇÃO DE RELÉ FOTOELÉTRICO PARA COMANDO DE ILUMINAÇÃO EXTERNA 1000 W - FORNECIMENTO E INSTALAÇÃO. AF_08/2020 - SINAPI 101633 (03/2025) | C45: UN | D45: 5 | H45: =SUM(E45:G45) -> 0 | I45: =D45*E45 -> 0 | J45: =D45*F45 -> 0 | K45: =D45*G45 -> 0 | L45: =SUM(I45:K45) -> 0 | M45: =ROUND((L45*$J$8)+L45,2) -> 0
A46: 9.17 | B46: TORNEIRA PARA LAVATORIO DE MESA PRESSMATIC BENEFIT DA DOCOL OU SIMILAR - AGESUL 2401001017 (01/2025) | C46: UN | D46: 1 | H46: =SUM(E46:G46) -> 0 | I46: =D46*E46 -> 0 | J46: =D46*F46 -> 0 | K46: =D46*G46 -> 0 | L46: =SUM(I46:K46) -> 0 | M46: =ROUND((L46*$J$8)+L46,2) -> 0
A47: 9.18 | B47: TORNEIRA CROMADA DE MESA PARA LAVATORIO, TIPO MONOCOMANDO. AF_01/2020 - SINAPI 100853 (03/2025) | C47: UN | D47: 5 | H47: =SUM(E47:G47) -> 0 | I47: =D47*E47 -> 0 | J47: =D47*F47 -> 0 | K47: =D47*G47 -> 0 | L47: =SUM(I47:K47) -> 0 | M47: =ROUND((L47*$J$8)+L47,2) -> 0
A48: 9.19 | B48: CHAVE DE BOIA AUTOMÁTICA SUPERIOR/INFERIOR 15A/250V - FORNECIMENTO E INSTALAÇÃO. AF_12/2020 - SINAPI 102137 (03/2025) | C48: UN | D48: 1 | H48: =SUM(E48:G48) -> 0 | I48: =D48*E48 -> 0 | J48: =D48*F48 -> 0 | K48: =D48*G48 -> 0 | L48: =SUM(I48:K48) -> 0 | M48: =ROUND((L48*$J$8)+L48,2) -> 0
... A52: 9.23 | B52: DISJUNTOR BIPOLAR TIPO DIN, CORRENTE NOMINAL DE 10A - FORNECIMENTO E INSTALAÇÃO. AF_10/2020 - SINAPI 93660 (03/2025) | C52: UN | D52: 5 | H52: =SUM(E52:G52) -> 0 | I52: =D52*E52 -> 0 | J52: =D52*F52 -> 0 | K52: =D52*G52 -> 0 | L52: =SUM(I52:K52) -> 0 | M52: =ROUND((L52*$J$8)+L52,2) -> 0
M53: =M13+M15+M17+M19+M21+M23+M25+M29 -> 0
A55: BENEFÍCIOS E DESPESAS INDIRETAS (BDI)
A57: ITEM | B57: DISCRIMINAÇÃO | C57: TAXA BDI (%)
A59: 1 | B59: A – ADMINISTRAÇÃO CENTRAL
A60: 2 | B60: SG – seguros + garantias
A61: 3 | B61: R – riscos
A62: 4 | B62: F – despesas financeiras
A63: 5 | B63: L – lucro bruto
A64: 6 | B64: T - tributos
A65: 6.1 | B65: COFINS
A66: 6.2 | B66: PIS
A67: 6.3 | B67: Contribuição Previdenciária sobre Receita Bruta (CPRB)
A68: 6.4 | B68: ISS (Conforme Legislação Municipal)
A69: Fórmula BDI*
A70: * Fórmula do Acórdão TCU 2.622/2013
A72: Tipos e especificações das tintas que devem ser utilizadas no imóvel:
A73: LOCAL DE APLICAÇÃO | B73: ESPECIFICAÇÃO
A74: Fachadas e muros externos | B74: Tinta acrílica, acabamento fosco, cor algodão cinzento, marca de referência Suvinil ou equivalente aprovado
B75: Tinta acrílica, acabamento fosco, cor tubarão martelo, marca de referência Suvinil ou equivalente aprovado
B76: Tinta acrílica, acabamento fosco, cor cinza profundo, marca de referência Suvinil ou equivalente aprovado
A77: Paredes internas | B77: Tinta acrílica, acabamento acetinado, cor algodão cinzento, marca de referência Suvinil ou equivalente aprovado
B78: Tinta acrílica, acabamento acetinado, cor tubarão martelo, marca de referência Suvinil ou equivalente aprovado
B79: Tinta acrílica, acabamento acetinado, cor cinza profundo, marca de referência Suvinil ou equivalente aprovado
A80: Forros e lajes | B80: Tinta acrílica, acabamento fosco, cor branco neve, marca de referência Suvinil ou equivalente aprovado
A81: Portas de madeira | B81: Verniz incolor
A83: Tipos e especificações das lâmpadas e luminárias existentes no imóvel:
A84: 1) Luminária Plafon Painel LED Embutir Quadrada 40W 6000K
A85: Cor da Luminária: Branca
A86: Tensão Nominal: 100V - 240V Bivolt
A87: Potência Nominal: 40W
A88: Fluxo Luminoso: 4000 lúmens
A89: Eficiência Luminosa: 75 lm/W
A90: Frequência: 50/60Hz
A91: IRC: >70
A92: Ângulo de abertura: 180°
A93: Índice de Proteção: IP20
A94: Temperatura de cor: 6.000K
... A512: Modelo Referência: Wall Mini

Sheet Sede Centro (Curitiba)
A1: PLANILHA DE CUSTOS E FORMAÇÃO DE PREÇOS
A2: Local: Sede Administrativa (Curitiba)
A3: Endereço: Rua Comendador Araújo, n.º 551
A5: Pregão Eletrônico n.º:
A6: Data: | C6: Horário:
I8: BDI | J8: =C47 -> 0
A11: ITEM | B11: DESCRIÇÃO DO SERVIÇO | C11: UNIDADE DE MEDIDA | D11: QUANTI DADE | E11: VALORES (R$)
E12: MATERIAL | F12: MÃO DE OBRA | G12: EQUIPAMENTO | H12: TOTAL UNITÁRIO | I12: TOTAL MATERIAL | J12: TOTAL MÃO DE OBRA | K12: TOTAL EQUIPAMENTO | L12: TOTAL SEM BDI | M12: TOTAL COM BDI
A13: 1 | B13: JARDINAGEM E MANUTENÇÃO DE PAISAGISMO | L13: =L14 -> 0 | M13: =M14 -> 0
A14: 1.1 | B14: Jardinagem e manutenção de paisagismo | C14: MÊS | D14: 0 | H14: =SUM(E14:G14) -> 0 | I14: =D14*E14 -> 0 | J14: =D14*F14 -> 0 | K14: =D14*G14 -> 0 | L14: =SUM(I14:K14) -> 0 | M14: =ROUND((L14*$J$8)+L14,2) -> 0
A15: 2 | B15: LIMPEZA E DESINFECÇÃO DE RESERVATÓRIOS DE ÁGUA | L15: =L16 -> 0 | M15: =M16 -> 0
A16: 2.1 | B16: Limpeza e desinfecção de reservatórios de água | C16: UN | D16: 0 | H16: =SUM(E16:G16) -> 0 | I16: =D16*E16 -> 0 | J16: =D16*F16 -> 0 | K16: =D16*G16 -> 0 | L16: =SUM(I16:K16) -> 0 | M16: =ROUND((L16*$J$8)+L16,2) -> 0
A17: 3 | B17: DESINSETIZAÇÃO, DESRATIZAÇÃO E DESCUPINIZAÇÃO | L17: =L18 -> 0 | M17: =M18 -> 0
A18: 3.1 | B18: Desinsetização, desratização e descupinização | C18: UN | D18: 0 | H18: =SUM(E18:G18) -> 0 | I18: =D18*E18 -> 0 | J18: =D18*F18 -> 0 | K18: =D18*G18 -> 0 | L18: =SUM(I18:K18) -> 0 | M18: =ROUND((L18*$J$8)+L18,2) -> 0
A19: 4 | B19: RECARGA E MANUTENÇÃO DE EXTINTORES DE INCÊNDIO | L19: =L20 -> 0 | M19: =M20 -> 0
A20: 4.1 | B20: Recarga e manutenção de extintores de incêndio | C20: CJ | D20: 1 | H20: =SUM(E20:G20) -> 0 | I20: =D20*E20 -> 0 | J20: =D20*F20 -> 0 | K20: =D20*G20 -> 0 | L20: =SUM(I20:K20) -> 0 | M20: =ROUND((L20*$J$8)+L20,2) -> 0
A21: 5 | B21: LIMPEZA E MANUTENÇÃO DE PURIFICADORES DE ÁGUA | L21: =L22 -> 0 | M21: =M22 -> 0
A22: 5.1 | B22: Limpeza e manutenção de purificadores de água | C22: UN | D22: 0 | H22: =SUM(E22:G22) -> 0 | I22: =D22*E22 -> 0 | J22: =D22*F22 -> 0 | K22: =D22*G22 -> 0 | L22: =SUM(I22:K22) -> 0 | M22: =ROUND((L22*$J$8)+L22,2) -> 0
A23: 6 | B23: LAUDOS DE INSPEÇÃO SPDA E SUBESTAÇÕES | L23: =L24 -> 0 | M23: =M24 -> 0
A24: 6.1 | B24: Laudos de inspeção SPDA e subestações | C24: UN | D24: 0 | H24: =SUM(E24:G24) -> 0 | I24: =D24*E24 -> 0 | J24: =D24*F24 -> 0 | K24: =D24*G24 -> 0 | L24: =SUM(I24:K24) -> 0 | M24: =ROUND((L24*$J$8)+L24,2) -> 0
A25: 7 | B25: LAUDOS DE PONTOS DE ANCORAGEM | L25: =L26 -> 0 | M25: =M26 -> 0
A26: 7.1 | B26: Laudos de pontos de Ancoragem | C26: UN | D26: 0 | H26: =SUM(E26:G26) -> 0 | I26: =D26*E26 -> 0 | J26: =D26*F26 -> 0 | K26: =D26*G26 -> 0 | L26: =SUM(I26:K26) -> 0 | M26: =ROUND((L26*$J$8)+L26,2) -> 0
A27: 8 | B27: INSPEÇÃO PREDIAL | L27: =L28 -> 0 | M27: =M28 -> 0
A28: 8.1 | B28: Laudo de Inspeção predial | C28: UN | D28: 0 | H28: =SUM(E28:G28) -> 0 | I28: =D28*E28 -> 0 | J28: =D28*F28 -> 0 | K28: =D28*G28 -> 0 | L28: =SUM(I28:K28) -> 0 | M28: =ROUND((L28*$J$8)+L28,2) -> 0
A29: 9 | B29: MANUTENÇÃO PREDIAL | L29: =SUM(L30:L30) -> 0 | M29: =SUM(M30:M30) -> 0
A30: - | B30: - | C30: - | D30: 0 | H30: =SUM(E30:G30) -> 0 | I30: =D30*E30 -> 0 | J30: =D30*F30 -> 0 | K30: =D30*G30 -> 0 | L30: =SUM(I30:K30) -> 0 | M30: =ROUND((L30*$J$8)+L30,2) -> 0
M31: =M13+M15+M17+M19+M21+M23+M25+M29 -> 0
A33: BENEFÍCIOS E DESPESAS INDIRETAS (BDI)
A35: ITEM | B35: DISCRIMINAÇÃO | C35: TAXA BDI (%)
A37: 1 | B37: A – ADMINISTRAÇÃO CENTRAL
A38: 2 | B38: SG – seguros + garantias
A39: 3 | B39: R – riscos
A40: 4 | B40: F – despesas financeiras
A41: 5 | B41: L – lucro bruto
A42: 6 | B42: T - tributos
A43: 6.1 | B43: COFINS
A44: 6.2 | B44: PIS
A45: 6.3 | B45: Contribuição Previdenciária sobre Receita Bruta (CPRB)
A46: 6.4 | B46: ISS (Conforme Legislação Municipal)
A47: Fórmula BDI*
A48: * Fórmula do Acórdão TCU 2.622/2013
A50: Tipos e especificações das tintas que devem ser utilizadas no imóvel:
A51: LOCAL DE APLICAÇÃO | B51: ESPECIFICAÇÃO
A52: Fachadas e muros externos | B52: Tinta acrílica, acabamento fosco, cor algodão cinzento, marca de referência Suvinil ou equivalente aprovado
B53: Tinta acrílica, acabamento fosco, cor tubarão martelo, marca de referência Suvinil ou equivalente aprovado
B54: Tinta acrílica, acabamento fosco, cor cinza profundo, marca de referência Suvinil ou equivalente aprovado
A55: Paredes internas | B55: Tinta acrílica, acabamento acetinado, cor algodão cinzento, marca de referência Suvinil ou equivalente aprovado
B56: Tinta acrílica, acabamento acetinado, cor tubarão martelo, marca de referência Suvinil ou equivalente aprovado
B57: Tinta acrílica, acabamento acetinado, cor cinza profundo, marca de referência Suvinil ou equivalente aprovado
A58: Forros e lajes | B58: Tinta acrílica, acabamento fosco, cor branco neve, marca de referência Suvinil ou equivalente aprovado
A59: Portas de madeira | B59: Verniz incolor
A61: Tipos e especificações das lâmpadas e luminárias existentes no imóvel:
A62: 1) Luminária Plafon Painel LED Embutir Quadrada 40W 6000K
A63: Cor da Luminária: Branca
A64: Tensão Nominal: 100V - 240V Bivolt
A65: Potência Nominal: 40W
A66: Fluxo Luminoso: 4000 lúmens
A67: Eficiência Luminosa: 75 lm/W
A68: Frequência: 50/60Hz
A69: IRC: >70
A70: Ângulo de abertura: 180°
A71: Índice de Proteção: IP20
A72: Temperatura de cor: 6.000K
... A490: Modelo Referência: Wall Mini

Sheet Regional Curitiba
A1: PLANILHA DE CUSTOS E FORMAÇÃO DE PREÇOS
A2: Local: Regional Curitiba
A3: Endereço: Avenida Victor Ferreira do Amaral, 306, térreo/1º andar
A5: Pregão Eletrônico n.º:
A6: Data: | C6: Horário:
I8: BDI | J8: =C52 -> 0
A11: ITEM | B11: DESCRIÇÃO DO SERVIÇO | C11: UNIDADE DE MEDIDA | D11: QUANTI DADE | E11: VALORES (R$)
E12: MATERIAL | F12: MÃO DE OBRA | G12: EQUIPAMENTO | H12: TOTAL UNITÁRIO | I12: TOTAL MATERIAL | J12: TOTAL MÃO DE OBRA | K12: TOTAL EQUIPAMENTO | L12: TOTAL SEM BDI | M12: TOTAL COM BDI
A13: 1 | B13: JARDINAGEM E MANUTENÇÃO DE PAISAGISMO | L13: =L14 -> 0 | M13: =M14 -> 0
A14: 1.1 | B14: Jardinagem e manutenção de paisagismo | C14: MÊS | D14: 0 | H14: =SUM(E14:G14) -> 0 | I14: =D14*E14 -> 0 | J14: =D14*F14 -> 0 | K14: =D14*G14 -> 0 | L14: =SUM(I14:K14) -> 0 | M14: =ROUND((L14*$J$8)+L14,2) -> 0
A15: 2 | B15: LIMPEZA E DESINFECÇÃO DE RESERVATÓRIOS DE ÁGUA | L15: =L16 -> 0 | M15: =M16 -> 0
A16: 2.1 | B16: Limpeza e desinfecção de reservatórios de água | C16: UN | D16: 0 | H16: =SUM(E16:G16) -> 0 | I16: =D16*E16 -> 0 | J16: =D16*F16 -> 0 | K16: =D16*G16 -> 0 | L16: =SUM(I16:K16) -> 0 | M16: =ROUND((L16*$J$8)+L16,2) -> 0
A17: 3 | B17: DESINSETIZAÇÃO, DESRATIZAÇÃO E DESCUPINIZAÇÃO | L17: =L18 -> 0 | M17: =M18 -> 0
A18: 3.1 | B18: Desinsetização, desratização e descupinização | C18: UN | D18: 2 | H18: =SUM(E18:G18) -> 0 | I18: =D18*E18 -> 0 | J18: =D18*F18 -> 0 | K18: =D18*G18 -> 0 | L18: =SUM(I18:K18) -> 0 | M18: =ROUND((L18*$J$8)+L18,2) -> 0
A19: 4 | B19: RECARGA E MANUTENÇÃO DE EXTINTORES DE INCÊNDIO | L19: =L20 -> 0 | M19: =M20 -> 0
A20: 4.1 | B20: Recarga e manutenção de extintores de incêndio | C20: CJ | D20: 0 | H20: =SUM(E20:G20) -> 0 | I20: =D20*E20 -> 0 | J20: =D20*F20 -> 0 | K20: =D20*G20 -> 0 | L20: =SUM(I20:K20) -> 0 | M20: =ROUND((L20*$J$8)+L20,2) -> 0
A21: 5 | B21: LIMPEZA E MANUTENÇÃO DE PURIFICADORES DE ÁGUA | L21: =L22 -> 0 | M21: =M22 -> 0
A22: 5.1 | B22: Limpeza e manutenção de purificadores de água | C22: UN | D22: 9 | H22: =SUM(E22:G22) -> 0 | I22: =D22*E22 -> 0 | J22: =D22*F22 -> 0 | K22: =D22*G22 -> 0 | L22: =SUM(I22:K22) -> 0 | M22: =ROUND((L22*$J$8)+L22,2) -> 0
A23: 6 | B23: LAUDOS DE INSPEÇÃO SPDA E SUBESTAÇÕES | L23: =L24 -> 0 | M23: =M24 -> 0
A24: 6.1 | B24: Laudos de inspeção SPDA e subestações | C24: UN | D24: 0 | H24: =SUM(E24:G24) -> 0 | I24: =D24*E24 -> 0 | J24: =D24*F24 -> 0 | K24: =D24*G24 -> 0 | L24: =SUM(I24:K24) -> 0 | M24: =ROUND((L24*$J$8)+L24,2) -> 0
A25: 7 | B25: LAUDOS DE PONTOS DE ANCORAGEM | L25: =L26 -> 0 | M25: =M26 -> 0
A26: 7.1 | B26: Laudos de pontos de Ancoragem | C26: UN | D26: 0 | H26: =SUM(E26:G26) -> 0 | I26: =D26*E26 -> 0 | J26: =D26*F26 -> 0 | K26: =D26*G26 -> 0 | L26: =SUM(I26:K26) -> 0 | M26: =ROUND((L26*$J$8)+L26,2) -> 0
A27: 8 | B27: INSPEÇÃO PREDIAL | L27: =L28 -> 0 | M27: =M28 -> 0
A28: 8.1 | B28: Laudo de Inspeção predial | C28: UN | D28: 1 | H28: =SUM(E28:G28) -> 0 | I28: =D28*E28 -> 0 | J28: =D28*F28 -> 0 | K28: =D28*G28 -> 0 | L28: =SUM(I28:K28) -> 0 | M28: =ROUND((L28*$J$8)+L28,2) -> 0
A29: 9 | B29: MANUTENÇÃO PREDIAL | L29: =SUM(L32:L35) -> 0 | M29: =SUM(M32:M35) -> 0
A30: 9.1 | B30: EMASSAMENTO COM MASSA LÁTEX, APLICAÇÃO EM PAREDE, UMA DEMÃO, LIXAMENTO MANUAL. AF_04/2023 - SINAPI 88495 (03/2025) | C30: M² | D30: =D31 -> 500 | H30: =SUM(E30:G30) -> 0 | I30: =D30*E30 -> 0 | J30: =D30*F30 -> 0 | K30: =D30*G30 -> 0 | L30: =SUM(I30:K30) -> 0 | M30: =ROUND((L30*$J$8)+L30,2) -> 0
A31: 9.2 | B31: FUNDO SELADOR ACRÍLICO, APLICAÇÃO MANUAL EM PAREDE, UMA DEMÃO. AF_04/2023 - SINAPI 88485 (03/2025) | C31: M² | D31: =D32 -> 500 | H31: =SUM(E31:G31) -> 0 | I31: =D31*E31 -> 0 | J31: =D31*F31 -> 0 | K31: =D31*G31 -> 0 | L31: =SUM(I31:K31) -> 0 | M31: =ROUND((L31*$J$8)+L31,2) -> 0
A32: 9.3 | B32: PINTURA LÁTEX ACRÍLICA PREMIUM, APLICAÇÃO MANUAL EM PAREDES, DUAS DEMÃOS. AF_04/2023 - SINAPI 88489 (03/2025) | C32: M² | D32: 500 | H32: =SUM(E32:G32) -> 0 | I32: =D32*E32 -> 0 | J32: =D32*F32 -> 0 | K32: =D32*G32 -> 0 | L32: =SUM(I32:K32) -> 0 | M32: =ROUND((L32*$J$8)+L32,2) -> 0
A33: 9.4 | B33: LUMINÁRIA DE EMERGÊNCIA, COM 30 LÂMPADAS LED DE 2 W, SEM REATOR - FORNECIMENTO E INSTALAÇÃO. AF_02/2020 - SINAPI 97599 (03/2025) | C33: UN | D33: 2 | H33: =SUM(E33:G33) -> 0 | I33: =D33*E33 -> 0 | J33: =D33*F33 -> 0 | K33: =D33*G33 -> 0 | L33: =SUM(I33:K33) -> 0 | M33: =ROUND((L33*$J$8)+L33,2) -> 0
A34: 9.5 | B34: LÂMPADA TUBULAR DE 18/20 W, BASE G5 - FORNECIMENTO E INSTALAÇÃO. AF_02/2020_PS - SINAPI 100903 (03/2025) -ADAPTADO | C34: UN | D34: 30 | H34: =SUM(E34:G34) -> 0 | I34: =D34*E34 -> 0 | J34: =D34*F34 -> 0 | K34: =D34*G34 -> 0 | L34: =SUM(I34:K34) -> 0 | M34: =ROUND((L34*$J$8)+L34,2) -> 0
A35: 9.6 | B35: TORNEIRA PARA LAVATORIO DE MESA PRESSMATIC BENEFIT DA DOCOL OU SIMILAR - AGESUL 2401001017 (01/2025) | C35: UN | D35: 1 | H35: =SUM(E35:G35) -> 0 | I35: =D35*E35 -> 0 | J35: =D35*F35 -> 0 | K35: =D35*G35 -> 0 | L35: =SUM(I35:K35) -> 0 | M35: =ROUND((L35*$J$8)+L35,2) -> 0
M36: =M13+M15+M17+M19+M21+M23+M25+M29 -> 0
A38: BENEFÍCIOS E DESPESAS INDIRETAS (BDI)
A40: ITEM | B40: DISCRIMINAÇÃO | C40: TAXA BDI (%)
A42: 1 | B42: A – ADMINISTRAÇÃO CENTRAL
A43: 2 | B43: SG – seguros + garantias
A44: 3 | B44: R – riscos
A45: 4 | B45: F – despesas financeiras
A46: 5 | B46: L – lucro bruto
A47: 6 | B47: T - tributos
A48: 6.1 | B48: COFINS
A49: 6.2 | B49: PIS
A50: 6.3 | B50: Contribuição Previdenciária sobre Receita Bruta (CPRB)
A51: 6.4 | B51: ISS (Conforme Legislação Municipal)
A52: Fórmula BDI*
A53: * Fórmula do Acórdão TCU 2.622/2013
A55: Tipos e especificações das tintas que devem ser utilizadas no imóvel:
A56: LOCAL DE APLICAÇÃO | B56: ESPECIFICAÇÃO
A57: Fachadas e muros externos | B57: Tinta acrílica, acabamento fosco, cor algodão cinzento, marca de referência Suvinil ou equivalente aprovado
B58: Tinta acrílica, acabamento fosco, cor tubarão martelo, marca de referência Suvinil ou equivalente aprovado
B59: Tinta acrílica, acabamento fosco, cor cinza profundo, marca de referência Suvinil ou equivalente aprovado
A60: Paredes internas | B60: Tinta acrílica, acabamento acetinado, cor algodão cinzento, marca de referência Suvinil ou equivalente aprovado
B61: Tinta acrílica, acabamento acetinado, cor tubarão martelo, marca de referência Suvinil ou equivalente aprovado
B62: Tinta acrílica, acabamento acetinado, cor cinza profundo, marca de referência Suvinil ou equivalente aprovado
A63: Forros e lajes | B63: Tinta acrílica, acabamento fosco, cor branco neve, marca de referência Suvinil ou equivalente aprovado
A64: Portas de madeira | B64: Verniz incolor

Sheet Curitiba - Posto Água Verde
A1: PLANILHA DE CUSTOS E FORMAÇÃO DE PREÇOS
A2: Local: Posto Água Verde
A3: Endereço: Avenida Presidente Kennedy, 3115, loja 02
A5: Pregão Eletrônico n.º:
A6: Data: | C6: Horário:
I8: BDI | J8: =C52 -> 0
A11: ITEM | B11: DESCRIÇÃO DO SERVIÇO | C11: UNIDADE DE MEDIDA | D11: QUANTI DADE | E11: VALORES (R$)
E12: MATERIAL | F12: MÃO DE OBRA | G12: EQUIPAMENTO | H12: TOTAL UNITÁRIO | I12: TOTAL MATERIAL | J12: TOTAL MÃO DE OBRA | K12: TOTAL EQUIPAMENTO | L12: TOTAL SEM BDI | M12: TOTAL COM BDI
A13: 1 | B13: JARDINAGEM E MANUTENÇÃO DE PAISAGISMO | L13: =L14 -> 0 | M13: =M14 -> 0
A14: 1.1 | B14: Jardinagem e manutenção de paisagismo | C14: MÊS | D14: 0 | H14: =SUM(E14:G14) -> 0 | I14: =D14*E14 -> 0 | J14: =D14*F14 -> 0 | K14: =D14*G14 -> 0 | L14: =SUM(I14:K14) -> 0 | M14: =ROUND((L14*$J$8)+L14,2) -> 0
A15: 2 | B15: LIMPEZA E DESINFECÇÃO DE RESERVATÓRIOS DE ÁGUA | L15: =L16 -> 0 | M15: =M16 -> 0
A16: 2.1 | B16: Limpeza e desinfecção de reservatórios de água | C16: UN | D16: 0 | H16: =SUM(E16:G16) -> 0 | I16: =D16*E16 -> 0 | J16: =D16*F16 -> 0 | K16: =D16*G16 -> 0 | L16: =SUM(I16:K16) -> 0 | M16: =ROUND((L16*$J$8)+L16,2) -> 0
A17: 3 | B17: DESINSETIZAÇÃO, DESRATIZAÇÃO E DESCUPINIZAÇÃO | L17: =L18 -> 0 | M17: =M18 -> 0
A18: 3.1 | B18: Desinsetização, desratização e descupinização | C18: UN | D18: 2 | H18: =SUM(E18:G18) -> 0 | I18: =D18*E18 -> 0 | J18: =D18*F18 -> 0 | K18: =D18*G18 -> 0 | L18: =SUM(I18:K18) -> 0 | M18: =ROUND((L18*$J$8)+L18,2) -> 0
A19: 4 | B19: RECARGA E MANUTENÇÃO DE EXTINTORES DE INCÊNDIO | L19: =L20 -> 0 | M19: =M20 -> 0
A20: 4.1 | B20: Recarga e manutenção de extintores de incêndio | C20: CJ | D20: 1 | H20: =SUM(E20:G20) -> 0 | I20: =D20*E20 -> 0 | J20: =D20*F20 -> 0 | K20: =D20*G20 -> 0 | L20: =SUM(I20:K20) -> 0 | M20: =ROUND((L20*$J$8)+L20,2) -> 0
A21: 5 | B21: LIMPEZA E MANUTENÇÃO DE PURIFICADORES DE ÁGUA | L21: =L22 -> 0 | M21: =M22 -> 0
A22: 5.1 | B22: Limpeza e manutenção de purificadores de água | C22: UN | D22: 3 | H22: =SUM(E22:G22) -> 0 | I22: =D22*E22 -> 0 | J22: =D22*F22 -> 0 | K22: =D22*G22 -> 0 | L22: =SUM(I22:K22) -> 0 | M22: =ROUND((L22*$J$8)+L22,2) -> 0
A23: 6 | B23: LAUDOS DE INSPEÇÃO SPDA E SUBESTAÇÕES | L23: =L24 -> 0 | M23: =M24 -> 0
A24: 6.1 | B24: Laudos de inspeção SPDA e subestações | C24: UN | D24: 0 | H24: =SUM(E24:G24) -> 0 | I24: =D24*E24 -> 0 | J24: =D24*F24 -> 0 | K24: =D24*G24 -> 0 | L24: =SUM(I24:K24) -> 0 | M24: =ROUND((L24*$J$8)+L24,2) -> 0
A25: 7 | B25: LAUDOS DE PONTOS DE ANCORAGEM | L25: =L26 -> 0 | M25: =M26 -> 0
A26: 7.1 | B26: Laudos de pontos de Ancoragem | C26: UN | D26: 0 | H26: =SUM(E26:G26) -> 0 | I26: =D26*E26 -> 0 | J26: =D26*F26 -> 0 | K26: =D26*G26 -> 0 | L26: =SUM(I26:K26) -> 0 | M26: =ROUND((L26*$J$8)+L26,2) -> 0
A27: 8 | B27: INSPEÇÃO PREDIAL | L27: =L28 -> 0 | M27: =M28 -> 0
A28: 8.1 | B28: Laudo de Inspeção predial | C28: UN | D28: 1 | H28: =SUM(E28:G28) -> 0 | I28: =D28*E28 -> 0 | J28: =D28*F28 -> 0 | K28: =D28*G28 -> 0 | L28: =SUM(I28:K28) -> 0 | M28: =ROUND((L28*$J$8)+L28,2) -> 0
A29: 9 | B29: MANUTENÇÃO PREDIAL | L29: =SUM(L32:L35) -> 0 | M29: =SUM(M32:M35) -> 0
A30: 9.1 | B30: EMASSAMENTO COM MASSA LÁTEX, APLICAÇÃO EM PAREDE, UMA DEMÃO, LIXAMENTO MANUAL. AF_04/2023 - SINAPI 88495 (03/2025) | C30: M² | D30: =D31 -> 166 | H30: =SUM(E30:G30) -> 0 | I30: =D30*E30 -> 0 | J30: =D30*F30 -> 0 | K30: =D30*G30 -> 0 | L30: =SUM(I30:K30) -> 0 | M30: =ROUND((L30*$J$8)+L30,2) -> 0
A31: 9.2 | B31: FUNDO SELADOR ACRÍLICO, APLICAÇÃO MANUAL EM PAREDE, UMA DEMÃO. AF_04/2023 - SINAPI 88485 (03/2025) | C31: M² | D31: =D32 -> 166 | H31: =SUM(E31:G31) -> 0 | I31: =D31*E31 -> 0 | J31: =D31*F31 -> 0 | K31: =D31*G31 -> 0 | L31: =SUM(I31:K31) -> 0 | M31: =ROUND((L31*$J$8)+L31,2) -> 0
A32: 9.3 | B32: PINTURA LÁTEX ACRÍLICA PREMIUM, APLICAÇÃO MANUAL EM PAREDES, DUAS DEMÃOS. AF_04/2023 - SINAPI 88489 (03/2025) | C32: M² | D32: 166 | H32: =SUM(E32:G32) -> 0 | I32: =D32*E32 -> 0 | J32: =D32*F32 -> 0 | K32: =D32*G32 -> 0 | L32: =SUM(I32:K32) -> 0 | M32: =ROUND((L32*$J$8)+L32,2) -> 0
A33: 9.4 | B33: LÂMPADA TUBULAR LED DE 9/10 W, COM SOQUETE, BASE G13 - FORNECIMENTO E INSTALAÇÃO. AF_09/2024_PS - SINAPI 100902 (03/2025) | C33: UN | D33: 16 | H33: =SUM(E33:G33) -> 0 | I33: =D33*E33 -> 0 | J33: =D33*F33 -> 0 | K33: =D33*G33 -> 0 | L33: =SUM(I33:K33) -> 0 | M33: =ROUND((L33*$J$8)+L33,2) -> 0
A34: 9.5 | B34: VEDAÇÃO DE ESQUADRIAS COM APLICAÇÃO DE SELANTE À BASE DE SILICONE - SETOP - ED-50992 (01/2025) | C34: M | D34: 100 | H34: =SUM(E34:G34) -> 0 | I34: =D34*E34 -> 0 | J34: =D34*F34 -> 0 | K34: =D34*G34 -> 0 | L34: =SUM(I34:K34) -> 0 | M34: =ROUND((L34*$J$8)+L34,2) -> 0
A35: 9.6 | B35: TORNEIRA PARA LAVATORIO DE MESA PRESSMATIC BENEFIT DA DOCOL OU SIMILAR - AGESUL 2401001017 (01/2025) | C35: UN | D35: 1 | H35: =SUM(E35:G35) -> 0 | I35: =D35*E35 -> 0 | J35: =D35*F35 -> 0 | K35: =D35*G35 -> 0 | L35: =SUM(I35:K35) -> 0 | M35: =ROUND((L35*$J$8)+L35,2) -> 0
M36: =M13+M15+M17+M19+M21+M23+M25+M29 -> 0
A38: BENEFÍCIOS E DESPESAS INDIRETAS (BDI)
A40: ITEM | B40: DISCRIMINAÇÃO | C40: TAXA BDI (%)
A42: 1 | B42: A – ADMINISTRAÇÃO CENTRAL
A43: 2 | B43: SG – seguros + garantias
A44: 3 | B44: R – riscos
A45: 4 | B45: F – despesas financeiras
A46: 5 | B46: L – lucro bruto
A47: 6 | B47: T - tributos
A48: 6.1 | B48: COFINS
A49: 6.2 | B49: PIS
A50: 6.3 | B50: Contribuição Previdenciária sobre Receita Bruta (CPRB)
A51: 6.4 | B51: ISS (Conforme Legislação Municipal)
A52: Fórmula BDI*
A53: * Fórmula do Acórdão TCU 2.622/2013
A55: Tipos e especificações das tintas que devem ser utilizadas no imóvel:
A56: LOCAL DE APLICAÇÃO | B56: ESPECIFICAÇÃO
A57: Fachadas e muros externos | B57: Tinta acrílica, acabamento fosco, cor algodão cinzento, marca de referência Suvinil ou equivalente aprovado
B58: Tinta acrílica, acabamento fosco, cor tubarão martelo, marca de referência Suvinil ou equivalente aprovado
B59: Tinta acrílica, acabamento fosco, cor cinza profundo, marca de referência Suvinil ou equivalente aprovado
A60: Paredes internas | B60: Tinta acrílica, acabamento acetinado, cor algodão cinzento, marca de referência Suvinil ou equivalente aprovado
B61: Tinta acrílica, acabamento acetinado, cor tubarão martelo, marca de referência Suvinil ou equivalente aprovado
B62: Tinta acrílica, acabamento acetinado, cor cinza profundo, marca de referência Suvinil ou equivalente aprovado
A63: Forros e lajes | B63: Tinta acrílica, acabamento fosco, cor branco neve, marca de referência Suvinil ou equivalente aprovado
A64: Portas de madeira | B64: Verniz incolor

Sheet Terreno Mateus Leme
A1: PLANILHA DE CUSTOS E FORMAÇÃO DE PREÇOS
A2: Local: Terreno Mateus Leme
A3: Endereço:
A5: Pregão Eletrônico n.º:
A6: Data: | C6: Horário:
I8: BDI | J8: =C47 -> 0
A11: ITEM | B11: DESCRIÇÃO DO SERVIÇO | C11: UNIDADE DE MEDIDA | D11: QUANTI DADE | E11: VALORES (R$)
E12: MATERIAL | F12: MÃO DE OBRA | G12: EQUIPAMENTO | H12: TOTAL UNITÁRIO | I12: TOTAL MATERIAL | J12: TOTAL MÃO DE OBRA | K12: TOTAL EQUIPAMENTO | L12: TOTAL SEM BDI | M12: TOTAL COM BDI
A13: 1 | B13: JARDINAGEM E MANUTENÇÃO DE PAISAGISMO | L13: =L14 -> 0 | M13: =M14 -> 0
A14: 1.1 | B14: Jardinagem e manutenção de paisagismo | C14: MÊS | D14: 12 | H14: =SUM(E14:G14) -> 0 | I14: =D14*E14 -> 0 | J14: =D14*F14 -> 0 | K14: =D14*G14 -> 0 | L14: =SUM(I14:K14) -> 0 | M14: =ROUND((L14*$J$8)+L14,2) -> 0
A15: 2 | B15: LIMPEZA E DESINFECÇÃO DE RESERVATÓRIOS DE ÁGUA | L15: =L16 -> 0 | M15: =M16 -> 0
A16: 2.1 | B16: Limpeza e desinfecção de reservatórios de água | C16: UN | D16: 0 | H16: =SUM(E16:G16) -> 0 | I16: =D16*E16 -> 0 | J16: =D16*F16 -> 0 | K16: =D16*G16 -> 0 | L16: =SUM(I16:K16) -> 0 | M16: =ROUND((L16*$J$8)+L16,2) -> 0
A17: 3 | B17: DESINSETIZAÇÃO, DESRATIZAÇÃO E DESCUPINIZAÇÃO | L17: =L18 -> 0 | M17: =M18 -> 0
A18: 3.1 | B18: Desinsetização, desratização e descupinização | C18: UN | D18: 0 | H18: =SUM(E18:G18) -> 0 | I18: =D18*E18 -> 0 | J18: =D18*F18 -> 0 | K18: =D18*G18 -> 0 | L18: =SUM(I18:K18) -> 0 | M18: =ROUND((L18*$J$8)+L18,2) -> 0
A19: 4 | B19: RECARGA E MANUTENÇÃO DE EXTINTORES DE INCÊNDIO | L19: =L20 -> 0 | M19: =M20 -> 0
A20: 4.1 | B20: Recarga e manutenção de extintores de incêndio | C20: CJ | D20: 0 | H20: =SUM(E20:G20) -> 0 | I20: =D20*E20 -> 0 | J20: =D20*F20 -> 0 | K20: =D20*G20 -> 0 | L20: =SUM(I20:K20) -> 0 | M20: =ROUND((L20*$J$8)+L20,2) -> 0
A21: 5 | B21: LIMPEZA E MANUTENÇÃO DE PURIFICADORES DE ÁGUA | L21: =L22 -> 0 | M21: =M22 -> 0
A22: 5.1 | B22: Limpeza e manutenção de purificadores de água | C22: UN | D22: 0 | H22: =SUM(E22:G22) -> 0 | I22: =D22*E22 -> 0 | J22: =D22*F22 -> 0 | K22: =D22*G22 -> 0 | L22: =SUM(I22:K22) -> 0 | M22: =ROUND((L22*$J$8)+L22,2) -> 0
A23: 6 | B23: LAUDOS DE INSPEÇÃO SPDA E SUBESTAÇÕES | L23: =L24 -> 0 | M23: =M24 -> 0
A24: 6.1 | B24: Laudos de inspeção SPDA e subestações | C24: UN | D24: 0 | H24: =SUM(E24:G24) -> 0 | I24: =D24*E24 -> 0 | J24: =D24*F24 -> 0 | K24: =D24*G24 -> 0 | L24: =SUM(I24:K24) -> 0 | M24: =ROUND((L24*$J$8)+L24,2) -> 0
A25: 7 | B25: LAUDOS DE PONTOS DE ANCORAGEM | L25: =L26 -> 0 | M25: =M26 -> 0
A26: 7.1 | B26: Laudos de pontos de Ancoragem | C26: UN | D26: 0 | H26: =SUM(E26:G26) -> 0 | I26: =D26*E26 -> 0 | J26: =D26*F26 -> 0 | K26: =D26*G26 -> 0 | L26: =SUM(I26:K26) -> 0 | M26: =ROUND((L26*$J$8)+L26,2) -> 0
A27: 8 | B27: INSPEÇÃO PREDIAL | L27: =L28 -> 0 | M27: =M28 -> 0
A28: 8.1 | B28: Laudo de Inspeção predial | C28: UN | D28: 0 | H28: =SUM(E28:G28) -> 0 | I28: =D28*E28 -> 0 | J28: =D28*F28 -> 0 | K28: =D28*G28 -> 0 | L28: =SUM(I28:K28) -> 0 | M28: =ROUND((L28*$J$8)+L28,2) -> 0
A29: 9 | B29: MANUTENÇÃO PREDIAL | L29: =SUM(L30:L30) -> 0 | M29: =SUM(M30:M30) -> 0
A30: - | B30: - | C30: - | D30: - | H30: =SUM(E30:G30) -> 0 | I30: 0 | J30: 0 | K30: 0 | L30: =SUM(I30:K30) -> 0 | M30: =ROUND((L30*$J$8)+L30,2) -> 0
M31: =M13+M15+M17+M19+M21+M23+M25+M29 -> 0
A33: BENEFÍCIOS E DESPESAS INDIRETAS (BDI)
A35: ITEM | B35: DISCRIMINAÇÃO | C35: TAXA BDI (%)
A37: 1 | B37: A – ADMINISTRAÇÃO CENTRAL
A38: 2 | B38: SG – seguros + garantias
A39: 3 | B39: R – riscos
A40: 4 | B40: F – despesas financeiras
A41: 5 | B41: L – lucro bruto
A42: 6 | B42: T - tributos
A43: 6.1 | B43: COFINS
A44: 6.2 | B44: PIS
A45: 6.3 | B45: Contribuição Previdenciária sobre Receita Bruta (CPRB)
A46: 6.4 | B46: ISS (Conforme Legislação Municipal)
A47: Fórmula BDI*
A48: * Fórmula do Acórdão TCU 2.622/2013

Sheet Apucarana
A1: PLANILHA DE CUSTOS E FORMAÇÃO DE PREÇOS
A2: Local: Regional Apucarana
A3: Endereço: Rua Guarapuava, 580
A5: Pregão Eletrônico n.º:
A6: Data: | C6: Horário:
I8: BDI | J8: =C63 -> 0
A11: ITEM | B11: DESCRIÇÃO DO SERVIÇO | C11: UNIDADE DE MEDIDA | D11: QUANTI DADE | E11: VALORES (R$)
E12: MATERIAL | F12: MÃO DE OBRA | G12: EQUIPAMENTO | H12: TOTAL UNITÁRIO | I12: TOTAL MATERIAL | J12: TOTAL MÃO DE OBRA | K12: TOTAL EQUIPAMENTO | L12: TOTAL SEM BDI | M12: TOTAL COM BDI
A13: 1 | B13: JARDINAGEM E MANUTENÇÃO DE PAISAGISMO | L13: =L14 -> 0 | M13: =M14 -> 0
A14: 1.1 | B14: Jardinagem e manutenção de paisagismo | C14: MÊS | D14: 12 | H14: =SUM(E14:G14) -> 0 | I14: =D14*E14 -> 0 | J14: =D14*F14 -> 0 | K14: =D14*G14 -> 0 | L14: =SUM(I14:K14) -> 0 | M14: =ROUND((L14*$J$8)+L14,2) -> 0
A15: 2 | B15: LIMPEZA E DESINFECÇÃO DE RESERVATÓRIOS DE ÁGUA | L15: =L16 -> 0 | M15: =M16 -> 0
A16: 2.1 | B16: Limpeza e desinfecção de reservatórios de água | C16: UN | D16: 1 | H16: =SUM(E16:G16) -> 0 | I16: =D16*E16 -> 0 | J16: =D16*F16 -> 0 | K16: =D16*G16 -> 0 | L16: =SUM(I16:K16) -> 0 | M16: =ROUND((L16*$J$8)+L16,2) -> 0
A17: 3 | B17: DESINSETIZAÇÃO, DESRATIZAÇÃO E DESCUPINIZAÇÃO | L17: =L18 -> 0 | M17: =M18 -> 0
A18: 3.1 | B18: Desinsetização, desratização e descupinização | C18: UN | D18: 2 | H18: =SUM(E18:G18) -> 0 | I18: =D18*E18 -> 0 | J18: =D18*F18 -> 0 | K18: =D18*G18 -> 0 | L18: =SUM(I18:K18) -> 0 | M18: =ROUND((L18*$J$8)+L18,2) -> 0
A19: 4 | B19: RECARGA E MANUTENÇÃO DE EXTINTORES DE INCÊNDIO | L19: =L20 -> 0 | M19: =M20 -> 0
A20: 4.1 | B20: Recarga e manutenção de extintores de incêndio | C20: CJ | D20: 1 | H20: =SUM(E20:G20) -> 0 | I20: =D20*E20 -> 0 | J20: =D20*F20 -> 0 | K20: =D20*G20 -> 0 | L20: =SUM(I20:K20) -> 0 | M20: =ROUND((L20*$J$8)+L20,2) -> 0
A21: 5 | B21: LIMPEZA E MANUTENÇÃO DE PURIFICADORES DE ÁGUA | L21: =L22 -> 0 | M21: =M22 -> 0
A22: 5.1 | B22: Limpeza e manutenção de purificadores de água | C22: UN | D22: 6 | H22: =SUM(E22:G22) -> 0 | I22: =D22*E22 -> 0 | J22: =D22*F22 -> 0 | K22: =D22*G22 -> 0 | L22: =SUM(I22:K22) -> 0 | M22: =ROUND((L22*$J$8)+L22,2) -> 0
A23: 6 | B23: LAUDOS DE INSPEÇÃO SPDA E SUBESTAÇÕES | L23: =L24 -> 0 | M23: =M24 -> 0
A24: 6.1 | B24: Laudos de inspeção SPDA e subestações | C24: UN | D24: 1 | H24: =SUM(E24:G24) -> 0 | I24: =D24*E24 -> 0 | J24: =D24*F24 -> 0 | K24: =D24*G24 -> 0 | L24: =SUM(I24:K24) -> 0 | M24: =ROUND((L24*$J$8)+L24,2) -> 0
A25: 7 | B25: LAUDOS DE PONTOS DE ANCORAGEM | L25: =L26 -> 0 | M25: =M26 -> 0
A26: 7.1 | B26: Laudos de pontos de Ancoragem | C26: UN | D26: 1 | H26: =SUM(E26:G26) -> 0 | I26: =D26*E26 -> 0 | J26: =D26*F26 -> 0 | K26: =D26*G26 -> 0 | L26: =SUM(I26:K26) -> 0 | M26: =ROUND((L26*$J$8)+L26,2) -> 0
A27: 8 | B27: INSPEÇÃO PREDIAL | L27: =L28 -> 0 | M27: =M28 -> 0
A28: 8.1 | B28: Laudo de Inspeção predial | C28: UN | D28: 1 | H28: =SUM(E28:G28) -> 0 | I28: =D28*E28 -> 0 | J28: =D28*F28 -> 0 | K28: =D28*G28 -> 0 | L28: =SUM(I28:K28) -> 0 | M28: =ROUND((L28*$J$8)+L28,2) -> 0
A29: 9 | B29: MANUTENÇÃO PREDIAL | L29: =SUM(L30:L46) -> 0 | M29: =SUM(M30:M46) -> 0
A30: 9.1 | B30: REMOÇÃO CALHAS E RUFOS, DE FORMA MANUAL, SEM REAPROVEITAMENTO. AF_09/2023 - SINAPI 104803 (03/2025) | C30: M | D30: 50 | H30: =SUM(E30:G30) -> 0 | I30: =D30*E30 -> 0 | J30: =D30*F30 -> 0 | K30: =D30*G30 -> 0 | L30: =SUM(I30:K30) -> 0 | M30: =ROUND((L30*$J$8)+L30,2) -> 0
A31: 9.2 | B31: CALHA EM CHAPA DE AÇO GALVANIZADO NÚMERO 24, DESENVOLVIMENTO DE 50 CM, INCLUSO TRANSPORTE VERTICAL. AF_07/2019 - SINAPI 94228 (03/2025) | C31: M | D31: 25 | H31: =SUM(E31:G31) -> 0 | I31: =D31*E31 -> 0 | J31: =D31*F31 -> 0 | K31: =D31*G31 -> 0 | L31: =SUM(I31:K31) -> 0 | M31: =ROUND((L31*$J$8)+L31,2) -> 0
A32: 9.3 | B32: RUFO EXTERNO/INTERNO EM CHAPA DE AÇO GALVANIZADO NÚMERO 26, CORTE DE 33 CM, INCLUSO IÇAMENTO. AF_07/2019 - SINAPI 100327 (03/2025) | C32: M | D32: 25 | H32: =SUM(E32:G32) -> 0 | I32: =D32*E32 -> 0 | J32: =D32*F32 -> 0 | K32: =D32*G32 -> 0 | L32: =SUM(I32:K32) -> 0 | M32: =ROUND((L32*$J$8)+L32,2) -> 0
A33: 9.4 | B33: EMASSAMENTO COM MASSA LÁTEX, APLICAÇÃO EM TETO, UMA DEMÃO, LIXAMENTO MANUAL. AF_04/2023 - SINAPI 88494 (03/2025) | C33: M² | D33: =D38 -> 50 | H33: =SUM(E33:G33) -> 0 | I33: =D33*E33 -> 0 | J33: =D33*F33 -> 0 | K33: =D33*G33 -> 0 | L33: =SUM(I33:K33) -> 0 | M33: =ROUND((L33*$J$8)+L33,2) -> 0
A34: 9.5 | B34: EMASSAMENTO COM MASSA LÁTEX, APLICAÇÃO EM PAREDE, UMA DEMÃO, LIXAMENTO MANUAL. AF_04/2023 - SINAPI 88495 (03/2025) | C34: M² | D34: =D37 -> 1687 | H34: =SUM(E34:G34) -> 0 | I34: =D34*E34 -> 0 | J34: =D34*F34 -> 0 | K34: =D34*G34 -> 0 | L34: =SUM(I34:K34) -> 0 | M34: =ROUND((L34*$J$8)+L34,2) -> 0
A35: 9.6 | B35: FUNDO SELADOR ACRÍLICO, APLICAÇÃO MANUAL EM TETO, UMA DEMÃO. AF_04/2023 - SINAPI 88484 (03/2025) | C35: M² | D35: =D38 -> 50 | H35: =SUM(E35:G35) -> 0 | I35: =D35*E35 -> 0 | J35: =D35*F35 -> 0 | K35: =D35*G35 -> 0 | L35: =SUM(I35:K35) -> 0 | M35: =ROUND((L35*$J$8)+L35,2) -> 0
A36: 9.7 | B36: FUNDO SELADOR ACRÍLICO, APLICAÇÃO MANUAL EM PAREDE, UMA DEMÃO. AF_04/2023 - SINAPI 88485 (03/2025) | C36: M² | D36: =D37 -> 1687 | H36: =SUM(E36:G36) -> 0 | I36: =D36*E36 -> 0 | J36: =D36*F36 -> 0 | K36: =D36*G36 -> 0 | L36: =SUM(I36:K36) -> 0 | M36: =ROUND((L36*$J$8)+L36,2) -> 0
A37: 9.4 | B37: PINTURA LÁTEX ACRÍLICA PREMIUM, APLICAÇÃO MANUAL EM PAREDES, DUAS DEMÃOS. AF_04/2023 - SINAPI 88489 (03/2025) | C37: M² | D37: 1687 | H37: =SUM(E37:G37) -> 0 | I37: =D37*E37 -> 0 | J37: =D37*F37 -> 0 | K37: =D37*G37 -> 0 | L37: =SUM(I37:K37) -> 0 | M37: =ROUND((L37*$J$8)+L37,2) -> 0
A38: 9.5 | B38: PINTURA LÁTEX ACRÍLICA PREMIUM, APLICAÇÃO MANUAL EM TETO, DUAS DEMÃOS. AF_04/2023 - SINAPI 88488 (03/2025) | C38: M² | D38: 50 | H38: =SUM(E38:G38) -> 0 | I38: =D38*E38 -> 0 | J38: =D38*F38 -> 0 | K38: =D38*G38 -> 0 | L38: =SUM(I38:K38) -> 0 | M38: =ROUND((L38*$J$8)+L38,2) -> 0
A39: 9.6 | B39: PINTURA DE DEMARCAÇÃO DE VAGA COM TINTA ACRÍLICA, E = 10 CM, APLICAÇÃO MANUAL. AF_05/2021 - SINAPI 102500 (03/2025) | C39: M | D39: 35 | H39: =SUM(E39:G39) -> 0 | I39: =D39*E39 -> 0 | J39: =D39*F39 -> 0 | K39: =D39*G39 -> 0 | L39: =SUM(I39:K39) -> 0 | M39: =ROUND((L39*$J$8)+L39,2) -> 0
A40: 9.7 | B40: APLICAÇÃO MANUAL DE PINTURA COM TINTA TEXTURIZADA ACRÍLICA EM PANOS COM PRESENÇA DEVÃOS DE EDIFÍCIOS DE MÚLTIPLOS PAVIMENTOS, DUAS CORES. AF_03/2024 - SINAPI 88424 (03/2025) | C40: M² | D40: 948 | H40: =SUM(E40:G40) -> 0 | I40: =D40*E40 -> 0 | J40: =D40*F40 -> 0 | K40: =D40*G40 -> 0 | L40: =SUM(I40:K40) -> 0 | M40: =ROUND((L40*$J$8)+L40,2) -> 0
A41: 9.8 | B41: LUMINÁRIA DE EMERGÊNCIA, COM 30 LÂMPADAS LED DE 2 W, SEM REATOR - FORNECIMENTO E INSTALAÇÃO. AF_02/2020 - SINAPI 97599 (03/2025) | C41: UN | D41: 5 | H41: =SUM(E41:G41) -> 0 | I41: =D41*E41 -> 0 | J41: =D41*F41 -> 0 | K41: =D41*G41 -> 0 | L41: =SUM(I41:K41) -> 0 | M41: =ROUND((L41*$J$8)+L41,2) -> 0
A42: 9.10 | B42: LÂMPADA COMPACTA DE LED 10 W, BASE E27 - FORNECIMENTO E INSTALAÇÃO. AF_02/2020 - SINAPI 97610 (03/2025) | C42: UN | D42: 5 | H42: =SUM(E42:G42) -> 0 | I42: =D42*E42 -> 0 | J42: =D42*F42 -> 0 | K42: =D42*G42 -> 0 | L42: =SUM(I42:K42) -> 0 | M42: =ROUND((L42*$J$8)+L42,2) -> 0
A43: 9.12 | B43: SUBSTITUIÇÃO DE RELÉ FOTOELÉTRICO PARA COMANDO DE ILUMINAÇÃO EXTERNA 1000 W - FORNECIMENTO E INSTALAÇÃO. AF_08/2020 - SINAPI 101633 (03/2025) | C43: UN | D43: 1 | H43: =SUM(E43:G43) -> 0 | I43: =D43*E43 -> 0 | J43: =D43*F43 -> 0 | K43: =D43*G43 -> 0 | L43: =SUM(I43:K43) -> 0 | M43: =ROUND((L43*$J$8)+L43,2) -> 0
A44: 9.14 | B44: TORNEIRA PARA LAVATORIO DE MESA PRESSMATIC BENEFIT DA DOCOL OU SIMILAR - AGESUL 2401001017 (01/2025) | C44: UN | D44: 1 | H44: =SUM(E44:G44) -> 0 | I44: =D44*E44 -> 0 | J44: =D44*F44 -> 0 | K44: =D44*G44 -> 0 | L44: =SUM(I44:K44) -> 0 | M44: =ROUND((L44*$J$8)+L44,2) -> 0
A45: 9.16 | B45: TOMADA DE REDE RJ45 - FORNECIMENTO E INSTALAÇÃO. AF_11/2019 - SINAPI 98307 (03/2025) | C45: UN | D45: 2 | H45: =SUM(E45:G45) -> 0 | I45: =D45*E45 -> 0 | J45: =D45*F45 -> 0 | K45: =D45*G45 -> 0 | L45: =SUM(I45:K45) -> 0 | M45: =ROUND((L45*$J$8)+L45,2) -> 0
A46: 9.18 | B46: ASSENTO EM POLIPROPILENO COM SISTEMA DE FECHAMENTO SUAVE PARA VASO SANITÁRIO - FORNECIMENTO E INSTALAÇÃO - AGETOP CIVIL 080526 (12/2024) | C46: UN | D46: 10 | H46: =SUM(E46:G46) -> 0 | I46: =D46*E46 -> 0 | J46: =D46*F46 -> 0 | K46: =D46*G46 -> 0 | L46: =SUM(I46:K46) -> 0 | M46: =ROUND((L46*$J$8)+L46,2) -> 0
M47: =M13+M15+M17+M19+M21+M23+M25+M29 -> 0
A49: BENEFÍCIOS E DESPESAS INDIRETAS (BDI)
A51: ITEM | B51: DISCRIMINAÇÃO | C51: TAXA BDI (%)
A53: 1 | B53: A – ADMINISTRAÇÃO CENTRAL
A54: 2 | B54: SG – seguros + garantias
A55: 3 | B55: R – riscos
A56: 4 | B56: F – despesas financeiras
A57: 5 | B57: L – lucro bruto
A58: 6 | B58: T - tributos
A59: 6.1 | B59: COFINS
A60: 6.2 | B60: PIS
A61: 6.3 | B61: Contribuição Previdenciária sobre Receita Bruta (CPRB)
A62: 6.4 | B62: ISS (Conforme Legislação Municipal)
A63: Fórmula BDI*
A64: * Fórmula do Acórdão TCU 2.622/2013
A66: Tipos e especificações das tintas que devem ser utilizadas no imóvel:
A67: LOCAL DE APLICAÇÃO | B67: ESPECIFICAÇÃO
A68: Fachadas e muros externos | B68: Tinta acrílica, acabamento fosco, cor algodão cinzento, marca de referência Suvinil ou equivalente aprovado
B69: Tinta acrílica, acabamento fosco, cor tubarão martelo, marca de referência Suvinil ou equivalente aprovado
B70: Tinta acrílica, acabamento fosco, cor cinza profundo, marca de referência Suvinil ou equivalente aprovado
A71: Paredes internas | B71: Tinta acrílica, acabamento acetinado, cor algodão cinzento, marca de referência Suvinil ou equivalente aprovado
B72: Tinta acrílica, acabamento acetinado, cor tubarão martelo, marca de referência Suvinil ou equivalente aprovado
B73: Tinta acrílica, acabamento acetinado, cor cinza profundo, marca de referência Suvinil ou equivalente aprovado
A74: Forros e lajes | B74: Tinta acrílica, acabamento fosco, cor branco neve, marca de referência Suvinil ou equivalente aprovado
A75: Portas de madeira | B75: Verniz incolor

Sheet Cascavel (P)
A1: PLANILHA DE CUSTOS E FORMAÇÃO DE PREÇOS
A2: Local: Regional Cascavel (próprio)
A3: Endereço: Rua Presidente Bernardes, 2069
A5: Pregão Eletrônico n.º:
A6: Data: | C6: Horário:
I8: BDI | J8: =C49 -> 0
A11: ITEM | B11: DESCRIÇÃO DO SERVIÇO | C11: UNIDADE DE MEDIDA | D11: QUANTI DADE | E11: VALORES (R$)
E12: MATERIAL | F12: MÃO DE OBRA | G12: EQUIPAMENTO | H12: TOTAL UNITÁRIO | I12: TOTAL MATERIAL | J12: TOTAL MÃO DE OBRA | K12: TOTAL EQUIPAMENTO | L12: TOTAL SEM BDI | M12: TOTAL COM BDI
A13: 1 | B13: JARDINAGEM E MANUTENÇÃO DE PAISAGISMO | L13: =L14 -> 0 | M13: =M14 -> 0
A14: 1.1 | B14: Jardinagem e manutenção de paisagismo | C14: MÊS | D14: 12 | H14: =SUM(E14:G14) -> 0 | I14: =D14*E14 -> 0 | J14: =D14*F14 -> 0 | K14: =D14*G14 -> 0 | L14: =SUM(I14:K14) -> 0 | M14: =ROUND((L14*$J$8)+L14,2) -> 0
A15: 2 | B15: LIMPEZA E DESINFECÇÃO DE RESERVATÓRIOS DE ÁGUA | L15: =L16 -> 0 | M15: =M16 -> 0
A16: 2.1 | B16: Limpeza e desinfecção de reservatórios de água | C16: UN | D16: 0 | H16: =SUM(E16:G16) -> 0 | I16: =D16*E16 -> 0 | J16: =D16*F16 -> 0 | K16: =D16*G16 -> 0 | L16: =SUM(I16:K16) -> 0 | M16: =ROUND((L16*$J$8)+L16,2) -> 0
A17: 3 | B17: DESINSETIZAÇÃO, DESRATIZAÇÃO E DESCUPINIZAÇÃO | L17: =L18 -> 0 | M17: =M18 -> 0
A18: 3.1 | B18: Desinsetização, desratização e descupinização | C18: UN | D18: 0 | H18: =SUM(E18:G18) -> 0 | I18: =D18*E18 -> 0 | J18: =D18*F18 -> 0 | K18: =D18*G18 -> 0 | L18: =SUM(I18:K18) -> 0 | M18: =ROUND((L18*$J$8)+L18,2) -> 0
A19: 4 | B19: RECARGA E MANUTENÇÃO DE EXTINTORES DE INCÊNDIO | L19: =L20 -> 0 | M19: =M20 -> 0
A20: 4.1 | B20: Recarga e manutenção de extintores de incêndio | C20: CJ | D20: 0 | H20: =SUM(E20:G20) -> 0 | I20: =D20*E20 -> 0 | J20: =D20*F20 -> 0 | K20: =D20*G20 -> 0 | L20: =SUM(I20:K20) -> 0 | M20: =ROUND((L20*$J$8)+L20,2) -> 0
A21: 5 | B21: LIMPEZA E MANUTENÇÃO DE PURIFICADORES DE ÁGUA | L21: =L22 -> 0 | M21: =M22 -> 0
A22: 5.1 | B22: Limpeza e manutenção de purificadores de água | C22: UN | D22: 12 | H22: =SUM(E22:G22) -> 0 | I22: =D22*E22 -> 0 | J22: =D22*F22 -> 0 | K22: =D22*G22 -> 0 | L22: =SUM(I22:K22) -> 0 | M22: =ROUND((L22*$J$8)+L22,2) -> 0
A23: 6 | B23: LAUDOS DE INSPEÇÃO SPDA E SUBESTAÇÕES | L23: =L24 -> 0 | M23: =M24 -> 0
A24: 6.1 | B24: Laudos de inspeção SPDA e subestações | C24: UN | D24: 0 | H24: =SUM(E24:G24) -> 0 | I24: =D24*E24 -> 0 | J24: =D24*F24 -> 0 | K24: =D24*G24 -> 0 | L24: =SUM(I24:K24) -> 0 | M24: =ROUND((L24*$J$8)+L24,2) -> 0
A25: 7 | B25: LAUDOS DE PONTOS DE ANCORAGEM | L25: =L26 -> 0 | M25: =M26 -> 0
A26: 7.1 | B26: Laudos de pontos de Ancoragem | C26: UN | D26: 0 | H26: =SUM(E26:G26) -> 0 | I26: =D26*E26 -> 0 | J26: =D26*F26 -> 0 | K26: =D26*G26 -> 0 | L26: =SUM(I26:K26) -> 0 | M26: =ROUND((L26*$J$8)+L26,2) -> 0
A27: 8 | B27: INSPEÇÃO PREDIAL | L27: =L28 -> 0 | M27: =M28 -> 0
A28: 8.1 | B28: Laudo de Inspeção predial | C28: UN | D28: 0 | H28: =SUM(E28:G28) -> 0 | I28: =D28*E28 -> 0 | J28: =D28*F28 -> 0 | K28: =D28*G28 -> 0 | L28: =SUM(I28:K28) -> 0 | M28: =ROUND((L28*$J$8)+L28,2) -> 0
A29: 9 | B29: MANUTENÇÃO PREDIAL | L29: =SUM(L32:L32) -> 0 | M29: =SUM(M30:M32) -> 0
A30: 9.1 | B30: EMASSAMENTO COM MASSA LÁTEX, APLICAÇÃO EM PAREDE, UMA DEMÃO, LIXAMENTO MANUAL. AF_04/2023 - SINAPI 88495 (03/2025) | C30: M² | D30: =D31 -> 50 | H30: =SUM(E30:G30) -> 0 | I30: =D30*E30 -> 0 | J30: =D30*F30 -> 0 | K30: =D30*G30 -> 0 | L30: =SUM(I30:K30) -> 0 | M30: =ROUND((L30*$J$8)+L30,2) -> 0
A31: 9.2 | B31: FUNDO SELADOR ACRÍLICO, APLICAÇÃO MANUAL EM PAREDE, UMA DEMÃO. AF_04/2023 - SINAPI 88485 (03/2025) | C31: M² | D31: =D32 -> 50 | H31: =SUM(E31:G31) -> 0 | I31: =D31*E31 -> 0 | J31: =D31*F31 -> 0 | K31: =D31*G31 -> 0 | L31: =SUM(I31:K31) -> 0 | M31: =ROUND((L31*$J$8)+L31,2) -> 0
A32: 9.3 | B32: PINTURA LÁTEX ACRÍLICA PREMIUM, APLICAÇÃO MANUAL EM PAREDES, DUAS DEMÃOS. AF_04/2023 - SINAPI 88489 (03/2025) | C32: M² | D32: 50 | H32: =SUM(E32:G32) -> 0 | I32: =D32*E32 -> 0 | J32: =D32*F32 -> 0 | K32: =D32*G32 -> 0 | L32: =SUM(I32:K32) -> 0 | M32: =ROUND((L32*$J$8)+L32,2) -> 0
M33: =M13+M15+M17+M19+M21+M23+M25+M29 -> 0
A35: BENEFÍCIOS E DESPESAS INDIRETAS (BDI)
A37: ITEM | B37: DISCRIMINAÇÃO | C37: TAXA BDI (%)
A39: 1 | B39: A – ADMINISTRAÇÃO CENTRAL
A40: 2 | B40: SG – seguros + garantias
A41: 3 | B41: R – riscos
A42: 4 | B42: F – despesas financeiras
A43: 5 | B43: L – lucro bruto
A44: 6 | B44: T - tributos
A45: 6.1 | B45: COFINS
A46: 6.2 | B46: PIS
A47: 6.3 | B47: Contribuição Previdenciária sobre Receita Bruta (CPRB)
A48: 6.4 | B48: ISS (Conforme Legislação Municipal)
A49: Fórmula BDI*
A50: * Fórmula do Acórdão TCU 2.622/2013
A52: Tipos e especificações das tintas que devem ser utilizadas no imóvel:
A53: LOCAL DE APLICAÇÃO | B53: ESPECIFICAÇÃO
A54: Fachadas e muros externos | B54: Tinta acrílica, acabamento fosco, cor algodão cinzento, marca de referência Suvinil ou equivalente aprovado
B55: Tinta acrílica, acabamento fosco, cor tubarão martelo, marca de referência Suvinil ou equivalente aprovado
B56: Tinta acrílica, acabamento fosco, cor cinza profundo, marca de referência Suvinil ou equivalente aprovado
A57: Paredes internas | B57: Tinta acrílica, acabamento acetinado, cor algodão cinzento, marca de referência Suvinil ou equivalente aprovado
B58: Tinta acrílica, acabamento acetinado, cor tubarão martelo, marca de referência Suvinil ou equivalente aprovado
B59: Tinta acrílica, acabamento acetinado, cor cinza profundo, marca de referência Suvinil ou equivalente aprovado
A60: Forros e lajes | B60: Tinta acrílica, acabamento fosco, cor branco neve, marca de referência Suvinil ou equivalente aprovado
A61: Portas de madeira | B61: Verniz incolor

Sheet Cascavel (L)
A1: PLANILHA DE CUSTOS E FORMAÇÃO DE PREÇOS
A2: Local: Regional Cascavel (locado)
A3: Endereço: Rua Presidente Kennedy, 2145, salas 1 e 2 (térreo)
A5: Pregão Eletrônico n.º:
A6: Data: | C6: Horário:
I8: BDI | J8: =C51 -> 0
A11: ITEM | B11: DESCRIÇÃO DO SERVIÇO | C11: UNIDADE DE MEDIDA | D11: QUANTI DADE | E11: VALORES (R$)
E12: MATERIAL | F12: MÃO DE OBRA | G12: EQUIPAMENTO | H12: TOTAL UNITÁRIO | I12: TOTAL MATERIAL | J12: TOTAL MÃO DE OBRA | K12: TOTAL EQUIPAMENTO | L12: TOTAL SEM BDI | M12: TOTAL COM BDI
A13: 1 | B13: JARDINAGEM E MANUTENÇÃO DE PAISAGISMO | L13: =L14 -> 0 | M13: =M14 -> 0
A14: 1.1 | B14: Jardinagem e manutenção de paisagismo | C14: MÊS | D14: 0 | H14: =SUM(E14:G14) -> 0 | I14: =D14*E14 -> 0 | J14: =D14*F14 -> 0 | K14: =D14*G14 -> 0 | L14: =SUM(I14:K14) -> 0 | M14: =ROUND((L14*$J$8)+L14,2) -> 0
A15: 2 | B15: LIMPEZA E DESINFECÇÃO DE RESERVATÓRIOS DE ÁGUA | L15: =L16 -> 0 | M15: =M16 -> 0
A16: 2.1 | B16: Limpeza e desinfecção de reservatórios de água | C16: UN | D16: 1 | H16: =SUM(E16:G16) -> 0 | I16: =D16*E16 -> 0 | J16: =D16*F16 -> 0 | K16: =D16*G16 -> 0 | L16: =SUM(I16:K16) -> 0 | M16: =ROUND((L16*$J$8)+L16,2) -> 0
A17: 3 | B17: DESINSETIZAÇÃO, DESRATIZAÇÃO E DESCUPINIZAÇÃO | L17: =L18 -> 0 | M17: =M18 -> 0
A18: 3.1 | B18: Desinsetização, desratização e descupinização | C18: UN | D18: 2 | H18: =SUM(E18:G18) -> 0 | I18: =D18*E18 -> 0 | J18: =D18*F18 -> 0 | K18: =D18*G18 -> 0 | L18: =SUM(I18:K18) -> 0 | M18: =ROUND((L18*$J$8)+L18,2) -> 0
A19: 4 | B19: RECARGA E MANUTENÇÃO DE EXTINTORES DE INCÊNDIO | L19: =L20 -> 0 | M19: =M20 -> 0
A20: 4.1 | B20: Recarga e manutenção de extintores de incêndio | C20: CJ | D20: 1 | H20: =SUM(E20:G20) -> 0 | I20: =D20*E20 -> 0 | J20: =D20*F20 -> 0 | K20: =D20*G20 -> 0 | L20: =SUM(I20:K20) -> 0 | M20: =ROUND((L20*$J$8)+L20,2) -> 0
A21: 5 | B21: LIMPEZA E MANUTENÇÃO DE PURIFICADORES DE ÁGUA | L21: =L22 -> 0 | M21: =M22 -> 0
A22: 5.1 | B22: Limpeza e manutenção de purificadores de água | C22: UN | D22: 3 | H22: =SUM(E22:G22) -> 0 | I22: =D22*E22 -> 0 | J22: =D22*F22 -> 0 | K22: =D22*G22 -> 0 | L22: =SUM(I22:K22) -> 0 | M22: =ROUND((L22*$J$8)+L22,2) -> 0
A23: 6 | B23: LAUDOS DE INSPEÇÃO SPDA E SUBESTAÇÕES | L23: =L24 -> 0 | M23: =M24 -> 0
A24: 6.1 | B24: Laudos de inspeção SPDA e subestações | C24: UN | D24: 0 | H24: =SUM(E24:G24) -> 0 | I24: =D24*E24 -> 0 | J24: =D24*F24 -> 0 | K24: =D24*G24 -> 0 | L24: =SUM(I24:K24) -> 0 | M24: =ROUND((L24*$J$8)+L24,2) -> 0
A25: 7 | B25: LAUDOS DE PONTOS DE ANCORAGEM | L25: =L26 -> 0 | M25: =M26 -> 0
A26: 7.1 | B26: Laudos de pontos de Ancoragem | C26: UN | D26: 0 | H26: =SUM(E26:G26) -> 0 | I26: =D26*E26 -> 0 | J26: =D26*F26 -> 0 | K26: =D26*G26 -> 0 | L26: =SUM(I26:K26) -> 0 | M26: =ROUND((L26*$J$8)+L26,2) -> 0
A27: 8 | B27: INSPEÇÃO PREDIAL | L27: =L28 -> 0 | M27: =M28 -> 0
A28: 8.1 | B28: Laudo de Inspeção predial | C28: UN | D28: 1 | H28: =SUM(E28:G28) -> 0 | I28: =D28*E28 -> 0 | J28: =D28*F28 -> 0 | K28: =D28*G28 -> 0 | L28: =SUM(I28:K28) -> 0 | M28: =ROUND((L28*$J$8)+L28,2) -> 0
A29: 9 | B29: MANUTENÇÃO PREDIAL | L29: =SUM(L32:L34) -> 0 | M29: =SUM(M30:M34) -> 0
A30: 9.1 | B30: EMASSAMENTO COM MASSA LÁTEX, APLICAÇÃO EM PAREDE, UMA DEMÃO, LIXAMENTO MANUAL. AF_04/2023 - SINAPI 88495 (03/2025) | C30: M² | D30: =D31 -> 150 | H30: =SUM(E30:G30) -> 0 | I30: =D30*E30 -> 0 | J30: =D30*F30 -> 0 | K30: =D30*G30 -> 0 | L30: =SUM(I30:K30) -> 0 | M30: =ROUND((L30*$J$8)+L30,2) -> 0
A31: 9.2 | B31: FUNDO SELADOR ACRÍLICO, APLICAÇÃO MANUAL EM PAREDE, UMA DEMÃO. AF_04/2023 - SINAPI 88485 (03/2025) | C31: M² | D31: =D32 -> 150 | H31: =SUM(E31:G31) -> 0 | I31: =D31*E31 -> 0 | J31: =D31*F31 -> 0 | K31: =D31*G31 -> 0 | L31: =SUM(I31:K31) -> 0 | M31: =ROUND((L31*$J$8)+L31,2) -> 0
A32: 9.3 | B32: PINTURA LÁTEX ACRÍLICA PREMIUM, APLICAÇÃO MANUAL EM PAREDES, DUAS DEMÃOS. AF_04/2023 - SINAPI 88489 (03/2025) | C32: M² | D32: 150 | H32: =SUM(E32:G32) -> 0 | I32: =D32*E32 -> 0 | J32: =D32*F32 -> 0 | K32: =D32*G32 -> 0 | L32: =SUM(I32:K32) -> 0 | M32: =ROUND((L32*$J$8)+L32,2) -> 0
A33: 9.4 | B33: LUMINÁRIA DE EMERGÊNCIA, COM 30 LÂMPADAS LED DE 2 W, SEM REATOR - FORNECIMENTO E INSTALAÇÃO. AF_02/2020 - SINAPI 97599 (03/2025) | C33: UN | D33: 1 | H33: =SUM(E33:G33) -> 0 | I33: =D33*E33 -> 0 | J33: =D33*F33 -> 0 | K33: =D33*G33 -> 0 | L33: =SUM(I33:K33) -> 0 | M33: =ROUND((L33*$J$8)+L33,2) -> 0
A34: 9.5 | B34: ASSENTO EM POLIPROPILENO COM SISTEMA DE FECHAMENTO SUAVE PARA VASO SANITÁRIO - FORNECIMENTO E INSTALAÇÃO - AGETOP CIVIL 080526 (12/2024) | C34: UN | D34: 10 | H34: =SUM(E34:G34) -> 0 | I34: =D34*E34 -> 0 | J34: =D34*F34 -> 0 | K34: =D34*G34 -> 0 | L34: =SUM(I34:K34) -> 0 | M34: =ROUND((L34*$J$8)+L34,2) -> 0
M35: =M13+M15+M17+M19+M21+M23+M25+M29 -> 0
A37: BENEFÍCIOS E DESPESAS INDIRETAS (BDI)
A39: ITEM | B39: DISCRIMINAÇÃO | C39: TAXA BDI (%)
A41: 1 | B41: A – ADMINISTRAÇÃO CENTRAL
A42: 2 | B42: SG – seguros + garantias
A43: 3 | B43: R – riscos
A44: 4 | B44: F – despesas financeiras
A45: 5 | B45: L – lucro bruto
A46: 6 | B46: T - tributos
A47: 6.1 | B47: COFINS
A48: 6.2 | B48: PIS
A49: 6.3 | B49: Contribuição Previdenciária sobre Receita Bruta (CPRB)
A50: 6.4 | B50: ISS (Conforme Legislação Municipal)
A51: Fórmula BDI*
A52: * Fórmula do Acórdão TCU 2.622/2013
A54: Tipos e especificações das tintas que devem ser utilizadas no imóvel:
A55: LOCAL DE APLICAÇÃO | B55: ESPECIFICAÇÃO
A56: Fachadas e muros externos | B56: Tinta acrílica, acabamento fosco, cor algodão cinzento, marca de referência Suvinil ou equivalente aprovado
B57: Tinta acrílica, acabamento fosco, cor tubarão martelo, marca de referência Suvinil ou equivalente aprovado
B58: Tinta acrílica, acabamento fosco, cor cinza profundo, marca de referência Suvinil ou equivalente aprovado
A59: Paredes internas | B59: Tinta acrílica, acabamento acetinado, cor algodão cinzento, marca de referência Suvinil ou equivalente aprovado
B60: Tinta acrílica, acabamento acetinado, cor tubarão martelo, marca de referência Suvinil ou equivalente aprovado
B61: Tinta acrílica, acabamento acetinado, cor cinza profundo, marca de referência Suvinil ou equivalente aprovado
A62: Forros e lajes | B62: Tinta acrílica, acabamento fosco, cor branco neve, marca de referência Suvinil ou equivalente aprovado
A63: Portas de madeira | B63: Verniz incolor

Sheet Guarapuava
A1: PLANILHA DE CUSTOS E FORMAÇÃO DE PREÇOS
A2: Local: Regional Guarapuava
A3: Endereço: Rua Primavera, 231, 2º andar, salas 203 e 204
A5: Pregão Eletrônico n.º:
A6: Data: | C6: Horário:
I8: BDI | J8: =C47 -> 0
A11: ITEM | B11: DESCRIÇÃO DO SERVIÇO | C11: UNIDADE DE MEDIDA | D11: QUANTI DADE | E11: VALORES (R$)
E12: MATERIAL | F12: MÃO DE OBRA | G12: EQUIPAMENTO | H12: TOTAL UNITÁRIO | I12: TOTAL MATERIAL | J12: TOTAL MÃO DE OBRA | K12: TOTAL EQUIPAMENTO | L12: TOTAL SEM BDI | M12: TOTAL COM BDI
A13: 1 | B13: JARDINAGEM E MANUTENÇÃO DE PAISAGISMO | L13: =L14 -> 0 | M13: =M14 -> 0
A14: 1.1 | B14: Jardinagem e manutenção de paisagismo | C14: MÊS | D14: 0 | H14: =SUM(E14:G14) -> 0 | I14: =D14*E14 -> 0 | J14: =D14*F14 -> 0 | K14: =D14*G14 -> 0 | L14: =SUM(I14:K14) -> 0 | M14: =ROUND((L14*$J$8)+L14,2) -> 0
A15: 2 | B15: LIMPEZA E DESINFECÇÃO DE RESERVATÓRIOS DE ÁGUA | L15: =L16 -> 0 | M15: =M16 -> 0
A16: 2.1 | B16: Limpeza e desinfecção de reservatórios de água | C16: UN | D16: 0 | H16: =SUM(E16:G16) -> 0 | I16: =D16*E16 -> 0 | J16: =D16*F16 -> 0 | K16: =D16*G16 -> 0 | L16: =SUM(I16:K16) -> 0 | M16: =ROUND((L16*$J$8)+L16,2) -> 0
A17: 3 | B17: DESINSETIZAÇÃO, DESRATIZAÇÃO E DESCUPINIZAÇÃO | L17: =L18 -> 0 | M17: =M18 -> 0
A18: 3.1 | B18: Desinsetização, desratização e descupinização | C18: UN | D18: 2 | H18: =SUM(E18:G18) -> 0 | I18: =D18*E18 -> 0 | J18: =D18*F18 -> 0 | K18: =D18*G18 -> 0 | L18: =SUM(I18:K18) -> 0 | M18: =ROUND((L18*$J$8)+L18,2) -> 0
A19: 4 | B19: RECARGA E MANUTENÇÃO DE EXTINTORES DE INCÊNDIO | L19: =L20 -> 0 | M19: =M20 -> 0
A20: 4.1 | B20: Recarga e manutenção de extintores de incêndio | C20: CJ | D20: 0 | H20: =SUM(E20:G20) -> 0 | I20: =D20*E20 -> 0 | J20: =D20*F20 -> 0 | K20: =D20*G20 -> 0 | L20: =SUM(I20:K20) -> 0 | M20: =ROUND((L20*$J$8)+L20,2) -> 0
A21: 5 | B21: LIMPEZA E MANUTENÇÃO DE PURIFICADORES DE ÁGUA | L21: =L22 -> 0 | M21: =M22 -> 0
A22: 5.1 | B22: Limpeza e manutenção de purificadores de água | C22: UN | D22: 1 | H22: =SUM(E22:G22) -> 0 | I22: =D22*E22 -> 0 | J22: =D22*F22 -> 0 | K22: =D22*G22 -> 0 | L22: =SUM(I22:K22) -> 0 | M22: =ROUND((L22*$J$8)+L22,2) -> 0
A23: 6 | B23: LAUDOS DE INSPEÇÃO SPDA E SUBESTAÇÕES | L23: =L24 -> 0 | M23: =M24 -> 0
A24: 6.1 | B24: Laudos de inspeção SPDA e subestações | C24: UN | D24: 0 | H24: =SUM(E24:G24) -> 0 | I24: =D24*E24 -> 0 | J24: =D24*F24 -> 0 | K24: =D24*G24 -> 0 | L24: =SUM(I24:K24) -> 0 | M24: =ROUND((L24*$J$8)+L24,2) -> 0
A25: 7 | B25: LAUDOS DE PONTOS DE ANCORAGEM | L25: =L26 -> 0 | M25: =M26 -> 0
A26: 7.1 | B26: Laudos de pontos de Ancoragem | C26: UN | D26: 0 | H26: =SUM(E26:G26) -> 0 | I26: =D26*E26 -> 0 | J26: =D26*F26 -> 0 | K26: =D26*G26 -> 0 | L26: =SUM(I26:K26) -> 0 | M26: =ROUND((L26*$J$8)+L26,2) -> 0
A27: 8 | B27: INSPEÇÃO PREDIAL | L27: =L28 -> 0 | M27: =M28 -> 0
A28: 8.1 | B28: Laudo de Inspeção predial | C28: UN | D28: 1 | H28: =SUM(E28:G28) -> 0 | I28: =D28*E28 -> 0 | J28: =D28*F28 -> 0 | K28: =D28*G28 -> 0 | L28: =SUM(I28:K28) -> 0 | M28: =ROUND((L28*$J$8)+L28,2) -> 0
A29: 9 | B29: MANUTENÇÃO PREDIAL | L29: =L30 -> 0 | M29: =SUM(M30:M30) -> 0
A30: - | B30: - | C30: - | D30: 0 | H30: =SUM(E30:G30) -> 0 | I30: =D30*E30 -> 0 | J30: =D30*F30 -> 0 | K30: =D30*G30 -> 0 | L30: =SUM(I30:K30) -> 0 | M30: =ROUND((L30*$J$8)+L30,2) -> 0
M31: =M13+M15+M17+M19+M21+M23+M25+M29 -> 0
A33: BENEFÍCIOS E DESPESAS INDIRETAS (BDI)
A35: ITEM | B35: DISCRIMINAÇÃO | C35: TAXA BDI (%)
A37: 1 | B37: A – ADMINISTRAÇÃO CENTRAL
A38: 2 | B38: SG – seguros + garantias
A39: 3 | B39: R – riscos
A40: 4 | B40: F – despesas financeiras
A41: 5 | B41: L – lucro bruto
A42: 6 | B42: T - tributos
A43: 6.1 | B43: COFINS
A44: 6.2 | B44: PIS
A45: 6.3 | B45: Contribuição Previdenciária sobre Receita Bruta (CPRB)
A46: 6.4 | B46: ISS (Conforme Legislação Municipal)
A47: Fórmula BDI*
A48: * Fórmula do Acórdão TCU 2.622/2013
A50: Tipos e especificações das tintas que devem ser utilizadas no imóvel:
A51: LOCAL DE APLICAÇÃO | B51: ESPECIFICAÇÃO
A52: Fachadas e muros externos | B52: Tinta acrílica, acabamento fosco, cor algodão cinzento, marca de referência Suvinil ou equivalente aprovado
B53: Tinta acrílica, acabamento fosco, cor tubarão martelo, marca de referência Suvinil ou equivalente aprovado
B54: Tinta acrílica, acabamento fosco, cor cinza profundo, marca de referência Suvinil ou equivalente aprovado
A55: Paredes internas | B55: Tinta acrílica, acabamento acetinado, cor algodão cinzento, marca de referência Suvinil ou equivalente aprovado
B56: Tinta acrílica, acabamento acetinado, cor tubarão martelo, marca de referência Suvinil ou equivalente aprovado
B57: Tinta acrílica, acabamento acetinado, cor cinza profundo, marca de referência Suvinil ou equivalente aprovado
A58: Forros e lajes | B58: Tinta acrílica, acabamento fosco, cor branco neve, marca de referência Suvinil ou equivalente aprovado
A59: Portas de madeira | B59: Verniz incolor

Sheet Londrina
A1: PLANILHA DE CUSTOS E FORMAÇÃO DE PREÇOS
A2: Local: Regional Londrina
A3: Endereço: Av. Duque de Caxias, 630
A5: Pregão Eletrônico n.º:
A6: Data: | C6: Horário:
I8: BDI | J8: =C57 -> 0
A11: ITEM | B11: DESCRIÇÃO DO SERVIÇO | C11: UNIDADE DE MEDIDA | D11: QUANTI DADE | E11: VALORES (R$)
E12: MATERIAL | F12: MÃO DE OBRA | G12: EQUIPAMENTO | H12: TOTAL UNITÁRIO | I12: TOTAL MATERIAL | J12: TOTAL MÃO DE OBRA | K12: TOTAL EQUIPAMENTO | L12: TOTAL SEM BDI | M12: TOTAL COM BDI
A13: 1 | B13: JARDINAGEM E MANUTENÇÃO DE PAISAGISMO | L13: =L14 -> 0 | M13: =M14 -> 0
A14: 1.1 | B14: Jardinagem e manutenção de paisagismo | C14: MÊS | D14: 12 | H14: =SUM(E14:G14) -> 0 | I14: =D14*E14 -> 0 | J14: =D14*F14 -> 0 | K14: =D14*G14 -> 0 | L14: =SUM(I14:K14) -> 0 | M14: =ROUND((L14*$J$8)+L14,2) -> 0
A15: 2 | B15: LIMPEZA E DESINFECÇÃO DE RESERVATÓRIOS DE ÁGUA | L15: =L16 -> 0 | M15: =M16 -> 0
A16: 2.1 | B16: Limpeza e desinfecção de reservatórios de água | C16: UN | D16: 1 | H16: =SUM(E16:G16) -> 0 | I16: =D16*E16 -> 0 | J16: =D16*F16 -> 0 | K16: =D16*G16 -> 0 | L16: =SUM(I16:K16) -> 0 | M16: =ROUND((L16*$J$8)+L16,2) -> 0
A17: 3 | B17: DESINSETIZAÇÃO, DESRATIZAÇÃO E DESCUPINIZAÇÃO | L17: =L18 -> 0 | M17: =M18 -> 0
A18: 3.1 | B18: Desinsetização, desratização e descupinização | C18: UN | D18: 2 | H18: =SUM(E18:G18) -> 0 | I18: =D18*E18 -> 0 | J18: =D18*F18 -> 0 | K18: =D18*G18 -> 0 | L18: =SUM(I18:K18) -> 0 | M18: =ROUND((L18*$J$8)+L18,2) -> 0
A19: 4 | B19: RECARGA E MANUTENÇÃO DE EXTINTORES DE INCÊNDIO | L19: =L20 -> 0 | M19: =M20 -> 0
A20: 4.1 | B20: Recarga e manutenção de extintores de incêndio | C20: CJ | D20: 1 | H20: =SUM(E20:G20) -> 0 | I20: =D20*E20 -> 0 | J20: =D20*F20 -> 0 | K20: =D20*G20 -> 0 | L20: =SUM(I20:K20) -> 0 | M20: =ROUND((L20*$J$8)+L20,2) -> 0
A21: 5 | B21: LIMPEZA E MANUTENÇÃO DE PURIFICADORES DE ÁGUA | L21: =L22 -> 0 | M21: =M22 -> 0
A22: 5.1 | B22: Limpeza e manutenção de purificadores de água | C22: UN | D22: 12 | H22: =SUM(E22:G22) -> 0 | I22: =D22*E22 -> 0 | J22: =D22*F22 -> 0 | K22: =D22*G22 -> 0 | L22: =SUM(I22:K22) -> 0 | M22: =ROUND((L22*$J$8)+L22,2) -> 0
A23: 6 | B23: LAUDOS DE INSPEÇÃO SPDA E SUBESTAÇÕES | L23: =L24 -> 0 | M23: =M24 -> 0
A24: 6.1 | B24: Laudos de inspeção SPDA e subestações | C24: UN | D24: 1 | H24: =SUM(E24:G24) -> 0 | I24: =D24*E24 -> 0 | J24: =D24*F24 -> 0 | K24: =D24*G24 -> 0 | L24: =SUM(I24:K24) -> 0 | M24: =ROUND((L24*$J$8)+L24,2) -> 0
A25: 7 | B25: LAUDOS DE PONTOS DE ANCORAGEM | L25: =L26 -> 0 | M25: =M26 -> 0
A26: 7.1 | B26: Laudos de pontos de Ancoragem | C26: UN | D26: 1 | H26: =SUM(E26:G26) -> 0 | I26: =D26*E26 -> 0 | J26: =D26*F26 -> 0 | K26: =D26*G26 -> 0 | L26: =SUM(I26:K26) -> 0 | M26: =ROUND((L26*$J$8)+L26,2) -> 0
A27: 8 | B27: INSPEÇÃO PREDIAL | L27: =L28 -> 0 | M27: =M28 -> 0
A28: 8.1 | B28: Laudo de Inspeção predial | C28: UN | D28: 1 | H28: =SUM(E28:G28) -> 0 | I28: =D28*E28 -> 0 | J28: =D28*F28 -> 0 | K28: =D28*G28 -> 0 | L28: =SUM(I28:K28) -> 0 | M28: =ROUND((L28*$J$8)+L28,2) -> 0
A29: 9 | B29: MANUTENÇÃO PREDIAL | L29: =SUM(L34:L40) -> 0 | M29: =SUM(M30:M40) -> 0
A30: 9.1 | B30: EMASSAMENTO COM MASSA LÁTEX, APLICAÇÃO EM TETO, UMA DEMÃO, LIXAMENTO MANUAL. AF_04/2023 - SINAPI 88494 (03/2025) | C30: M² | D30: =D35 -> 200 | H30: =SUM(E30:G30) -> 0 | I30: =D30*E30 -> 0 | J30: =D30*F30 -> 0 | K30: =D30*G30 -> 0 | L30: =SUM(I30:K30) -> 0 | M30: =ROUND((L30*$J$8)+L30,2) -> 0
A31: 9.2 | B31: EMASSAMENTO COM MASSA LÁTEX, APLICAÇÃO EM PAREDE, UMA DEMÃO, LIXAMENTO MANUAL. AF_04/2023 - SINAPI 88495 (03/2025) | C31: M² | D31: =D34 -> 400 | H31: =SUM(E31:G31) -> 0 | I31: =D31*E31 -> 0 | J31: =D31*F31 -> 0 | K31: =D31*G31 -> 0 | L31: =SUM(I31:K31) -> 0 | M31: =ROUND((L31*$J$8)+L31,2) -> 0
A32: 9.3 | B32: FUNDO SELADOR ACRÍLICO, APLICAÇÃO MANUAL EM TETO, UMA DEMÃO. AF_04/2023 - SINAPI 88484 (03/2025) | C32: M² | D32: =D35 -> 200 | H32: =SUM(E32:G32) -> 0 | I32: =D32*E32 -> 0 | J32: =D32*F32 -> 0 | K32: =D32*G32 -> 0 | L32: =SUM(I32:K32) -> 0 | M32: =ROUND((L32*$J$8)+L32,2) -> 0
A33: 9.4 | B33: FUNDO SELADOR ACRÍLICO, APLICAÇÃO MANUAL EM PAREDE, UMA DEMÃO. AF_04/2023 - SINAPI 88485 (03/2025) | C33: M² | D33: =D34 -> 400 | H33: =SUM(E33:G33) -> 0 | I33: =D33*E33 -> 0 | J33: =D33*F33 -> 0 | K33: =D33*G33 -> 0 | L33: =SUM(I33:K33) -> 0 | M33: =ROUND((L33*$J$8)+L33,2) -> 0
A34: 9.5 | B34: PINTURA LÁTEX ACRÍLICA PREMIUM, APLICAÇÃO MANUAL EM PAREDES, DUAS DEMÃOS. AF_04/2023 - SINAPI 88489 (03/2025) | C34: M² | D34: 400 | H34: =SUM(E34:G34) -> 0 | I34: =D34*E34 -> 0 | J34: =D34*F34 -> 0 | K34: =D34*G34 -> 0 | L34: =SUM(I34:K34) -> 0 | M34: =ROUND((L34*$J$8)+L34,2) -> 0
A35: 9.6 | B35: PINTURA LÁTEX ACRÍLICA PREMIUM, APLICAÇÃO MANUAL EM TETO, DUAS DEMÃOS. AF_04/2023 - SINAPI 88488 (03/2025) | C35: M² | D35: 200 | H35: =SUM(E35:G35) -> 0 | I35: =D35*E35 -> 0 | J35: =D35*F35 -> 0 | K35: =D35*G35 -> 0 | L35: =SUM(I35:K35) -> 0 | M35: =ROUND((L35*$J$8)+L35,2) -> 0
A36: 9.7 | B36: APLICAÇÃO MANUAL DE PINTURA COM TINTA TEXTURIZADA ACRÍLICA EM PANOS COM PRESENÇA DEVÃOS DE EDIFÍCIOS DE MÚLTIPLOS PAVIMENTOS, DUAS CORES. AF_03/2024 - SINAPI 88424 (03/2025) | C36: M² | D36: 200 | H36: =SUM(E36:G36) -> 0 | I36: =D36*E36 -> 0 | J36: =D36*F36 -> 0 | K36: =D36*G36 -> 0 | L36: =SUM(I36:K36) -> 0 | M36: =ROUND((L36*$J$8)+L36,2) -> 0
A37: 9.8 | B37: LUMINÁRIA DE EMERGÊNCIA, COM 30 LÂMPADAS LED DE 2 W, SEM REATOR - FORNECIMENTO E INSTALAÇÃO. AF_02/2020 - SINAPI 97599 (03/2025) | C37: UN | D37: 5 | H37: =SUM(E37:G37) -> 0 | I37: =D37*E37 -> 0 | J37: =D37*F37 -> 0 | K37: =D37*G37 -> 0 | L37: =SUM(I37:K37) -> 0 | M37: =ROUND((L37*$J$8)+L37,2) -> 0
A38: 9.9 | B38: VÁLVULA DE DESCARGA METÁLICA, BASE 1 1/2", ACABAMENTO METALICO CROMADO - FORNECIMENTO E INSTALAÇÃO. AF_08/2021 - SINAPI 99635 (03/2025) | C38: UN | D38: 2 | H38: =SUM(E38:G38) -> 0 | I38: =D38*E38 -> 0 | J38: =D38*F38 -> 0 | K38: =D38*G38 -> 0 | L38: =SUM(I38:K38) -> 0 | M38: =ROUND((L38*$J$8)+L38,2) -> 0
A39: 9.10 | B39: TORNEIRA PARA LAVATORIO DE MESA PRESSMATIC BENEFIT DA DOCOL OU SIMILAR - AGESUL 2401001017 (01/2025) | C39: UN | D39: 1 | H39: =SUM(E39:G39) -> 0 | I39: =D39*E39 -> 0 | J39: =D39*F39 -> 0 | K39: =D39*G39 -> 0 | L39: =SUM(I39:K39) -> 0 | M39: =ROUND((L39*$J$8)+L39,2) -> 0
A40: 9.11 | B40: TOMADA DE REDE RJ45 - FORNECIMENTO E INSTALAÇÃO. AF_11/2019 - SINAPI 98307 (03/2025) | C40: UN | D40: 5 | H40: =SUM(E40:G40) -> 0 | I40: =D40*E40 -> 0 | J40: =D40*F40 -> 0 | K40: =D40*G40 -> 0 | L40: =SUM(I40:K40) -> 0 | M40: =ROUND((L40*$J$8)+L40,2) -> 0
M41: =M13+M15+M17+M19+M21+M23+M25+M29 -> 0
A43: BENEFÍCIOS E DESPESAS INDIRETAS (BDI)
A45: ITEM | B45: DISCRIMINAÇÃO | C45: TAXA BDI (%)
A47: 1 | B47: A – ADMINISTRAÇÃO CENTRAL
A48: 2 | B48: SG – seguros + garantias
A49: 3 | B49: R – riscos
A50: 4 | B50: F – despesas financeiras
A51: 5 | B51: L – lucro bruto
A52: 6 | B52: T - tributos
A53: 6.1 | B53: COFINS
A54: 6.2 | B54: PIS
A55: 6.3 | B55: Contribuição Previdenciária sobre Receita Bruta (CPRB)
A56: 6.4 | B56: ISS (Conforme Legislação Municipal)
A57: Fórmula BDI*
A58: * Fórmula do Acórdão TCU 2.622/2013
A60: Tipos e especificações das tintas que devem ser utilizadas no imóvel:
A61: LOCAL DE APLICAÇÃO | B61: ESPECIFICAÇÃO
A62: Fachadas e muros externos | B62: Tinta acrílica, acabamento fosco, cor algodão cinzento, marca de referência Suvinil ou equivalente aprovado
B63: Tinta acrílica, acabamento fosco, cor tubarão martelo, marca de referência Suvinil ou equivalente aprovado
B64: Tinta acrílica, acabamento fosco, cor cinza profundo, marca de referência Suvinil ou equivalente aprovado
A65: Paredes internas | B65: Tinta acrílica, acabamento acetinado, cor algodão cinzento, marca de referência Suvinil ou equivalente aprovado
B66: Tinta acrílica, acabamento acetinado, cor tubarão martelo, marca de referência Suvinil ou equivalente aprovado
B67: Tinta acrílica, acabamento acetinado, cor cinza profundo, marca de referência Suvinil ou equivalente aprovado
A68: Forros e lajes | B68: Tinta acrílica, acabamento fosco, cor branco neve, marca de referência Suvinil ou equivalente aprovado
A69: Portas de madeira | B69: Verniz incolor

Sheet Maringá
A1: PLANILHA DE CUSTOS E FORMAÇÃO DE PREÇOS
A2: Local: Regional Maringá
A3: Endereço: Av. Bento Munhoz da Rocha Neto, 1139
A5: Pregão Eletrônico n.º:
A6: Data: | C6: Horário:
I8: BDI | J8: =C57 -> 0
A11: ITEM | B11: DESCRIÇÃO DO SERVIÇO | C11: UNIDADE DE MEDIDA | D11: QUANTI DADE | E11: VALORES (R$)
E12: MATERIAL | F12: MÃO DE OBRA | G12: EQUIPAMENTO | H12: TOTAL UNITÁRIO | I12: TOTAL MATERIAL | J12: TOTAL MÃO DE OBRA | K12: TOTAL EQUIPAMENTO | L12: TOTAL SEM BDI | M12: TOTAL COM BDI
A13: 1 | B13: JARDINAGEM E MANUTENÇÃO DE PAISAGISMO | L13: =L14 -> 0 | M13: =M14 -> 0
A14: 1.1 | B14: Jardinagem e manutenção de paisagismo | C14: MÊS | D14: 12 | H14: =SUM(E14:G14) -> 0 | I14: =D14*E14 -> 0 | J14: =D14*F14 -> 0 | K14: =D14*G14 -> 0 | L14: =SUM(I14:K14) -> 0 | M14: =ROUND((L14*$J$8)+L14,2) -> 0
A15: 2 | B15: LIMPEZA E DESINFECÇÃO DE RESERVATÓRIOS DE ÁGUA | L15: =L16 -> 0 | M15: =M16 -> 0
A16: 2.1 | B16: Limpeza e desinfecção de reservatórios de água | C16: UN | D16: 1 | H16: =SUM(E16:G16) -> 0 | I16: =D16*E16 -> 0 | J16: =D16*F16 -> 0 | K16: =D16*G16 -> 0 | L16: =SUM(I16:K16) -> 0 | M16: =ROUND((L16*$J$8)+L16,2) -> 0
A17: 3 | B17: DESINSETIZAÇÃO, DESRATIZAÇÃO E DESCUPINIZAÇÃO | L17: =L18 -> 0 | M17: =M18 -> 0
A18: 3.1 | B18: Desinsetização, desratização e descupinização | C18: UN | D18: 2 | H18: =SUM(E18:G18) -> 0 | I18: =D18*E18 -> 0 | J18: =D18*F18 -> 0 | K18: =D18*G18 -> 0 | L18: =SUM(I18:K18) -> 0 | M18: =ROUND((L18*$J$8)+L18,2) -> 0
A19: 4 | B19: RECARGA E MANUTENÇÃO DE EXTINTORES DE INCÊNDIO | L19: =L20 -> 0 | M19: =M20 -> 0
A20: 4.1 | B20: Recarga e manutenção de extintores de incêndio | C20: CJ | D20: 1 | H20: =SUM(E20:G20) -> 0 | I20: =D20*E20 -> 0 | J20: =D20*F20 -> 0 | K20: =D20*G20 -> 0 | L20: =SUM(I20:K20) -> 0 | M20: =ROUND((L20*$J$8)+L20,2) -> 0
A21: 5 | B21: LIMPEZA E MANUTENÇÃO DE PURIFICADORES DE ÁGUA | L21: =L22 -> 0 | M21: =M22 -> 0
A22: 5.1 | B22: Limpeza e manutenção de purificadores de água | C22: UN | D22: 12 | H22: =SUM(E22:G22) -> 0 | I22: =D22*E22 -> 0 | J22: =D22*F22 -> 0 | K22: =D22*G22 -> 0 | L22: =SUM(I22:K22) -> 0 | M22: =ROUND((L22*$J$8)+L22,2) -> 0
A23: 6 | B23: LAUDOS DE INSPEÇÃO SPDA E SUBESTAÇÕES | L23: =L24 -> 0 | M23: =M24 -> 0
A24: 6.1 | B24: Laudos de inspeção SPDA e subestações | C24: UN | D24: 1 | H24: =SUM(E24:G24) -> 0 | I24: =D24*E24 -> 0 | J24: =D24*F24 -> 0 | K24: =D24*G24 -> 0 | L24: =SUM(I24:K24) -> 0 | M24: =ROUND((L24*$J$8)+L24,2) -> 0
A25: 7 | B25: LAUDOS DE PONTOS DE ANCORAGEM | L25: =L26 -> 0 | M25: =M26 -> 0
A26: 7.1 | B26: Laudos de pontos de Ancoragem | C26: UN | D26: 1 | H26: =SUM(E26:G26) -> 0 | I26: =D26*E26 -> 0 | J26: =D26*F26 -> 0 | K26: =D26*G26 -> 0 | L26: =SUM(I26:K26) -> 0 | M26: =ROUND((L26*$J$8)+L26,2) -> 0
A27: 8 | B27: INSPEÇÃO PREDIAL | L27: =L28 -> 0 | M27: =M28 -> 0
A28: 8.1 | B28: Laudo de Inspeção predial | C28: UN | D28: 1 | H28: =SUM(E28:G28) -> 0 | I28: =D28*E28 -> 0 | J28: =D28*F28 -> 0 | K28: =D28*G28 -> 0 | L28: =SUM(I28:K28) -> 0 | M28: =ROUND((L28*$J$8)+L28,2) -> 0
A29: 9 | B29: MANUTENÇÃO PREDIAL | L29: =SUM(L34:L40) -> 0 | M29: =SUM(M30:M40) -> 0
A30: 9.1 | B30: EMASSAMENTO COM MASSA LÁTEX, APLICAÇÃO EM TETO, UMA DEMÃO, LIXAMENTO MANUAL. AF_04/2023 - SINAPI 88494 (03/2025) | C30: M² | D30: =D35 -> 30 | H30: =SUM(E30:G30) -> 0 | I30: =D30*E30 -> 0 | J30: =D30*F30 -> 0 | K30: =D30*G30 -> 0 | L30: =SUM(I30:K30) -> 0 | M30: =ROUND((L30*$J$8)+L30,2) -> 0
A31: 9.2 | B31: EMASSAMENTO COM MASSA LÁTEX, APLICAÇÃO EM PAREDE, UMA DEMÃO, LIXAMENTO MANUAL. AF_04/2023 - SINAPI 88495 (03/2025) | C31: M² | D31: =D34 -> 500 | H31: =SUM(E31:G31) -> 0 | I31: =D31*E31 -> 0 | J31: =D31*F31 -> 0 | K31: =D31*G31 -> 0 | L31: =SUM(I31:K31) -> 0 | M31: =ROUND((L31*$J$8)+L31,2) -> 0
A32: 9.3 | B32: FUNDO SELADOR ACRÍLICO, APLICAÇÃO MANUAL EM TETO, UMA DEMÃO. AF_04/2023 - SINAPI 88484 (03/2025) | C32: M² | D32: =D35 -> 30 | H32: =SUM(E32:G32) -> 0 | I32: =D32*E32 -> 0 | J32: =D32*F32 -> 0 | K32: =D32*G32 -> 0 | L32: =SUM(I32:K32) -> 0 | M32: =ROUND((L32*$J$8)+L32,2) -> 0
A33: 9.4 | B33: FUNDO SELADOR ACRÍLICO, APLICAÇÃO MANUAL EM PAREDE, UMA DEMÃO. AF_04/2023 - SINAPI 88485 (03/2025) | C33: M² | D33: =D34 -> 500 | H33: =SUM(E33:G33) -> 0 | I33: =D33*E33 -> 0 | J33: =D33*F33 -> 0 | K33: =D33*G33 -> 0 | L33: =SUM(I33:K33) -> 0 | M33: =ROUND((L33*$J$8)+L33,2) -> 0
A34: 9.5 | B34: PINTURA LÁTEX ACRÍLICA PREMIUM, APLICAÇÃO MANUAL EM PAREDES, DUAS DEMÃOS. AF_04/2023 - SINAPI 88489 (03/2025) | C34: M² | D34: 500 | H34: =SUM(E34:G34) -> 0 | I34: =D34*E34 -> 0 | J34: =D34*F34 -> 0 | K34: =D34*G34 -> 0 | L34: =SUM(I34:K34) -> 0 | M34: =ROUND((L34*$J$8)+L34,2) -> 0
A35: 9.6 | B35: PINTURA DE DEMARCAÇÃO DE VAGA COM TINTA ACRÍLICA, E = 10 CM, APLICAÇÃO MANUAL. AF_05/2021 - SINAPI 102500 (03/2025) | C35: M | D35: 30 | H35: =SUM(E35:G35) -> 0 | I35: =D35*E35 -> 0 | J35: =D35*F35 -> 0 | K35: =D35*G35 -> 0 | L35: =SUM(I35:K35) -> 0 | M35: =ROUND((L35*$J$8)+L35,2) -> 0
A36: 9.7 | B36: APLICAÇÃO MANUAL DE PINTURA COM TINTA TEXTURIZADA ACRÍLICA EM PANOS COM PRESENÇA DEVÃOS DE EDIFÍCIOS DE MÚLTIPLOS PAVIMENTOS, DUAS CORES. AF_03/2024 - SINAPI 88424 (03/2025) | C36: M² | D36: 500 | H36: =SUM(E36:G36) -> 0 | I36: =D36*E36 -> 0 | J36: =D36*F36 -> 0 | K36: =D36*G36 -> 0 | L36: =SUM(I36:K36) -> 0 | M36: =ROUND((L36*$J$8)+L36,2) -> 0
A37: 9.8 | B37: LUMINÁRIA DE EMERGÊNCIA, COM 30 LÂMPADAS LED DE 2 W, SEM REATOR - FORNECIMENTO E INSTALAÇÃO. AF_02/2020 - SINAPI 97599 (03/2025) | C37: UN | D37: 5 | H37: =SUM(E37:G37) -> 0 | I37: =D37*E37 -> 0 | J37: =D37*F37 -> 0 | K37: =D37*G37 -> 0 | L37: =SUM(I37:K37) -> 0 | M37: =ROUND((L37*$J$8)+L37,2) -> 0
A38: 9.9 | B38: LÂMPADA TUBULAR LED DE 18/20 W, BASE G13 - FORNECIMENTO E INSTALAÇÃO. AF_02/2020_PS - SINAPI 100903 (03/2025) | C38: UN | D38: 30 | H38: =SUM(E38:G38) -> 0 | I38: =D38*E38 -> 0 | J38: =D38*F38 -> 0 | K38: =D38*G38 -> 0 | L38: =SUM(I38:K38) -> 0 | M38: =ROUND((L38*$J$8)+L38,2) -> 0
A39: 9.10 | B39: LÂMPADA COMPACTA DE LED 10 W, BASE E27 - FORNECIMENTO E INSTALAÇÃO. AF_02/2020 - SINAPI 97610 (03/2025) | C39: UN | D39: 15 | H39: =SUM(E39:G39) -> 0 | I39: =D39*E39 -> 0 | J39: =D39*F39 -> 0 | K39: =D39*G39 -> 0 | L39: =SUM(I39:K39) -> 0 | M39: =ROUND((L39*$J$8)+L39,2) -> 0
A40: 9.11 | B40: TORNEIRA PARA LAVATORIO DE MESA PRESSMATIC BENEFIT DA DOCOL OU SIMILAR - AGESUL 2401001017 (01/2025) | C40: UN | D40: 1 | H40: =SUM(E40:G40) -> 0 | I40: =D40*E40 -> 0 | J40: =D40*F40 -> 0 | K40: =D40*G40 -> 0 | L40: =SUM(I40:K40) -> 0 | M40: =ROUND((L40*$J$8)+L40,2) -> 0
M41: =M13+M15+M17+M19+M21+M23+M25+M29 -> 0
A43: BENEFÍCIOS E DESPESAS INDIRETAS (BDI)
A45: ITEM | B45: DISCRIMINAÇÃO | C45: TAXA BDI (%)
A47: 1 | B47: A – ADMINISTRAÇÃO CENTRAL
A48: 2 | B48: SG – seguros + garantias
A49: 3 | B49: R – riscos
A50: 4 | B50: F – despesas financeiras
A51: 5 | B51: L – lucro bruto
A52: 6 | B52: T - tributos
A53: 6.1 | B53: COFINS
A54: 6.2 | B54: PIS
A55: 6.3 | B55: Contribuição Previdenciária sobre Receita Bruta (CPRB)
A56: 6.4 | B56: ISS (Conforme Legislação Municipal)
A57: Fórmula BDI*
A58: * Fórmula do Acórdão TCU 2.622/2013
A60: Tipos e especificações das tintas que devem ser utilizadas no imóvel:
A61: LOCAL DE APLICAÇÃO | B61: ESPECIFICAÇÃO
A62: Fachadas e muros externos | B62: Tinta acrílica, acabamento fosco, cor algodão cinzento, marca de referência Suvinil ou equivalente aprovado
B63: Tinta acrílica, acabamento fosco, cor tubarão martelo, marca de referência Suvinil ou equivalente aprovado
B64: Tinta acrílica, acabamento fosco, cor cinza profundo, marca de referência Suvinil ou equivalente aprovado
A65: Paredes internas | B65: Tinta acrílica, acabamento acetinado, cor algodão cinzento, marca de referência Suvinil ou equivalente aprovado
B66: Tinta acrílica, acabamento acetinado, cor tubarão martelo, marca de referência Suvinil ou equivalente aprovado
B67: Tinta acrílica, acabamento acetinado, cor cinza profundo, marca de referência Suvinil ou equivalente aprovado
A68: Forros e lajes | B68: Tinta acrílica, acabamento fosco, cor branco neve, marca de referência Suvinil ou equivalente aprovado
A69: Portas de madeira | B69: Verniz incolor

Sheet Pato Branco
A1: PLANILHA DE CUSTOS E FORMAÇÃO DE PREÇOS
A2: Local: Regional Pato Branco
A3: Endereço: Rua Caramuru, 10
A5: Pregão Eletrônico n.º:
A6: Data: | C6: Horário:
I8: BDI | J8: =C56 -> 0
A11: ITEM | B11: DESCRIÇÃO DO SERVIÇO | C11: UNIDADE DE MEDIDA | D11: QUANTI DADE | E11: VALORES (R$)
E12: MATERIAL | F12: MÃO DE OBRA | G12: EQUIPAMENTO | H12: TOTAL UNITÁRIO | I12: TOTAL MATERIAL | J12: TOTAL MÃO DE OBRA | K12: TOTAL EQUIPAMENTO | L12: TOTAL SEM BDI | M12: TOTAL COM BDI
A13: 1 | B13: JARDINAGEM E MANUTENÇÃO DE PAISAGISMO | L13: =L14 -> 0 | M13: =M14 -> 0
A14: 1.1 | B14: Jardinagem e manutenção de paisagismo | C14: MÊS | D14: 12 | H14: =SUM(E14:G14) -> 0 | I14: =D14*E14 -> 0 | J14: =D14*F14 -> 0 | K14: =D14*G14 -> 0 | L14: =SUM(I14:K14) -> 0 | M14: =ROUND((L14*$J$8)+L14,2) -> 0
A15: 2 | B15: LIMPEZA E DESINFECÇÃO DE RESERVATÓRIOS DE ÁGUA | L15: =L16 -> 0 | M15: =M16 -> 0
A16: 2.1 | B16: Limpeza e desinfecção de reservatórios de água | C16: UN | D16: 1 | H16: =SUM(E16:G16) -> 0 | I16: =D16*E16 -> 0 | J16: =D16*F16 -> 0 | K16: =D16*G16 -> 0 | L16: =SUM(I16:K16) -> 0 | M16: =ROUND((L16*$J$8)+L16,2) -> 0
A17: 3 | B17: DESINSETIZAÇÃO, DESRATIZAÇÃO E DESCUPINIZAÇÃO | L17: =L18 -> 0 | M17: =M18 -> 0
A18: 3.1 | B18: Desinsetização, desratização e descupinização | C18: UN | D18: 2 | H18: =SUM(E18:G18) -> 0 | I18: =D18*E18 -> 0 | J18: =D18*F18 -> 0 | K18: =D18*G18 -> 0 | L18: =SUM(I18:K18) -> 0 | M18: =ROUND((L18*$J$8)+L18,2) -> 0
A19: 4 | B19: RECARGA E MANUTENÇÃO DE EXTINTORES DE INCÊNDIO | L19: =L20 -> 0 | M19: =M20 -> 0
A20: 4.1 | B20: Recarga e manutenção de extintores de incêndio | C20: CJ | D20: 1 | H20: =SUM(E20:G20) -> 0 | I20: =D20*E20 -> 0 | J20: =D20*F20 -> 0 | K20: =D20*G20 -> 0 | L20: =SUM(I20:K20) -> 0 | M20: =ROUND((L20*$J$8)+L20,2) -> 0
A21: 5 | B21: LIMPEZA E MANUTENÇÃO DE PURIFICADORES DE ÁGUA | L21: =L22 -> 0 | M21: =M22 -> 0
A22: 5.1 | B22: Limpeza e manutenção de purificadores de água | C22: UN | D22: 3 | H22: =SUM(E22:G22) -> 0 | I22: =D22*E22 -> 0 | J22: =D22*F22 -> 0 | K22: =D22*G22 -> 0 | L22: =SUM(I22:K22) -> 0 | M22: =ROUND((L22*$J$8)+L22,2) -> 0
A23: 6 | B23: LAUDOS DE INSPEÇÃO SPDA E SUBESTAÇÕES | L23: =L24 -> 0 | M23: =M24 -> 0
A24: 6.1 | B24: Laudos de inspeção SPDA e subestações | C24: UN | D24: 0 | H24: =SUM(E24:G24) -> 0 | I24: =D24*E24 -> 0 | J24: =D24*F24 -> 0 | K24: =D24*G24 -> 0 | L24: =SUM(I24:K24) -> 0 | M24: =ROUND((L24*$J$8)+L24,2) -> 0
A25: 7 | B25: LAUDOS DE PONTOS DE ANCORAGEM | L25: =L26 -> 0 | M25: =M26 -> 0
A26: 7.1 | B26: Laudos de pontos de Ancoragem | C26: UN | D26: 0 | H26: =SUM(E26:G26) -> 0 | I26: =D26*E26 -> 0 | J26: =D26*F26 -> 0 | K26: =D26*G26 -> 0 | L26: =SUM(I26:K26) -> 0 | M26: =ROUND((L26*$J$8)+L26,2) -> 0
A27: 8 | B27: INSPEÇÃO PREDIAL | L27: =L28 -> 0 | M27: =M28 -> 0
A28: 8.1 | B28: Laudo de Inspeção predial | C28: UN | D28: 1 | H28: =SUM(E28:G28) -> 0 | I28: =D28*E28 -> 0 | J28: =D28*F28 -> 0 | K28: =D28*G28 -> 0 | L28: =SUM(I28:K28) -> 0 | M28: =ROUND((L28*$J$8)+L28,2) -> 0
A29: 9 | B29: MANUTENÇÃO PREDIAL | L29: =SUM(L34:L39) -> 0 | M29: =SUM(M30:M39) -> 0
A30: 9.1 | B30: EMASSAMENTO COM MASSA LÁTEX, APLICAÇÃO EM TETO, UMA DEMÃO, LIXAMENTO MANUAL. AF_04/2023 - SINAPI 88494 (03/2025) | C30: M² | D30: =D35 -> 50 | H30: =SUM(E30:G30) -> 0 | I30: =D30*E30 -> 0 | J30: =D30*F30 -> 0 | K30: =D30*G30 -> 0 | L30: =SUM(I30:K30) -> 0 | M30: =ROUND((L30*$J$8)+L30,2) -> 0
A31: 9.2 | B31: EMASSAMENTO COM MASSA LÁTEX, APLICAÇÃO EM PAREDE, UMA DEMÃO, LIXAMENTO MANUAL. AF_04/2023 - SINAPI 88495 (03/2025) | C31: M² | D31: =D34 -> 100 | H31: =SUM(E31:G31) -> 0 | I31: =D31*E31 -> 0 | J31: =D31*F31 -> 0 | K31: =D31*G31 -> 0 | L31: =SUM(I31:K31) -> 0 | M31: =ROUND((L31*$J$8)+L31,2) -> 0
A32: 9.3 | B32: FUNDO SELADOR ACRÍLICO, APLICAÇÃO MANUAL EM TETO, UMA DEMÃO. AF_04/2023 - SINAPI 88484 (03/2025) | C32: M² | D32: =D35 -> 50 | H32: =SUM(E32:G32) -> 0 | I32: =D32*E32 -> 0 | J32: =D32*F32 -> 0 | K32: =D32*G32 -> 0 | L32: =SUM(I32:K32) -> 0 | M32: =ROUND((L32*$J$8)+L32,2) -> 0
A33: 9.4 | B33: FUNDO SELADOR ACRÍLICO, APLICAÇÃO MANUAL EM PAREDE, UMA DEMÃO. AF_04/2023 - SINAPI 88485 (03/2025) | C33: M² | D33: =D34 -> 100 | H33: =SUM(E33:G33) -> 0 | I33: =D33*E33 -> 0 | J33: =D33*F33 -> 0 | K33: =D33*G33 -> 0 | L33: =SUM(I33:K33) -> 0 | M33: =ROUND((L33*$J$8)+L33,2) -> 0
A34: 9.5 | B34: PINTURA LÁTEX ACRÍLICA PREMIUM, APLICAÇÃO MANUAL EM PAREDES, DUAS DEMÃOS. AF_04/2023 - SINAPI 88489 (03/2025) | C34: M² | D34: 100 | H34: =SUM(E34:G34) -> 0 | I34: =D34*E34 -> 0 | J34: =D34*F34 -> 0 | K34: =D34*G34 -> 0 | L34: =SUM(I34:K34) -> 0 | M34: =ROUND((L34*$J$8)+L34,2) -> 0
A35: 9.6 | B35: PINTURA LÁTEX ACRÍLICA PREMIUM, APLICAÇÃO MANUAL EM TETO, DUAS DEMÃOS. AF_04/2023 - SINAPI 88488 (03/2025) | C35: M² | D35: 50 | H35: =SUM(E35:G35) -> 0 | I35: =D35*E35 -> 0 | J35: =D35*F35 -> 0 | K35: =D35*G35 -> 0 | L35: =SUM(I35:K35) -> 0 | M35: =ROUND((L35*$J$8)+L35,2) -> 0
A36: 9.7 | B36: APLICAÇÃO MANUAL DE PINTURA COM TINTA TEXTURIZADA ACRÍLICA EM PANOS COM PRESENÇA DEVÃOS DE EDIFÍCIOS DE MÚLTIPLOS PAVIMENTOS, DUAS CORES. AF_03/2024 - SINAPI 88424 (03/2025) | C36: M² | D36: 100 | H36: =SUM(E36:G36) -> 0 | I36: =D36*E36 -> 0 | J36: =D36*F36 -> 0 | K36: =D36*G36 -> 0 | L36: =SUM(I36:K36) -> 0 | M36: =ROUND((L36*$J$8)+L36,2) -> 0
A37: 9.8 | B37: LUMINÁRIA DE EMERGÊNCIA, COM 30 LÂMPADAS LED DE 2 W, SEM REATOR - FORNECIMENTO E INSTALAÇÃO. AF_02/2020 - SINAPI 97599 (03/2025) | C37: UN | D37: 2 | H37: =SUM(E37:G37) -> 0 | I37: =D37*E37 -> 0 | J37: =D37*F37 -> 0 | K37: =D37*G37 -> 0 | L37: =SUM(I37:K37) -> 0 | M37: =ROUND((L37*$J$8)+L37,2) -> 0
A38: 9.9 | B38: LÂMPADA COMPACTA DE LED 10 W, BASE E27 - FORNECIMENTO E INSTALAÇÃO. AF_02/2020 - SINAPI 97610 (03/2025) | C38: UN | D38: 5 | H38: =SUM(E38:G38) -> 0 | I38: =D38*E38 -> 0 | J38: =D38*F38 -> 0 | K38: =D38*G38 -> 0 | L38: =SUM(I38:K38) -> 0 | M38: =ROUND((L38*$J$8)+L38,2) -> 0
A39: 9.10 | B39: RUFO EXTERNO/INTERNO EM CHAPA DE AÇO GALVANIZADO NÚMERO 26, CORTE DE 33 CM, INCLUSO IÇAMENTO. AF_07/2019 - SINAPI 100327 (03/2025) | C39: M | D39: 50 | H39: =SUM(E39:G39) -> 0 | I39: =D39*E39 -> 0 | J39: =D39*F39 -> 0 | K39: =D39*G39 -> 0 | L39: =SUM(I39:K39) -> 0 | M39: =ROUND((L39*$J$8)+L39,2) -> 0
M40: =M13+M15+M17+M19+M21+M23+M25+M29 -> 0
A42: BENEFÍCIOS E DESPESAS INDIRETAS (BDI)
A44: ITEM | B44: DISCRIMINAÇÃO | C44: TAXA BDI (%)
A46: 1 | B46: A – ADMINISTRAÇÃO CENTRAL
A47: 2 | B47: SG – seguros + garantias
A48: 3 | B48: R – riscos
A49: 4 | B49: F – despesas financeiras
A50: 5 | B50: L – lucro bruto
A51: 6 | B51: T - tributos
A52: 6.1 | B52: COFINS
A53: 6.2 | B53: PIS
A54: 6.3 | B54: Contribuição Previdenciária sobre Receita Bruta (CPRB)
A55: 6.4 | B55: ISS (Conforme Legislação Municipal)
A56: Fórmula BDI*
A57: * Fórmula do Acórdão TCU 2.622/2013
A59: Tipos e especificações das tintas que devem ser utilizadas no imóvel:
A60: LOCAL DE APLICAÇÃO | B60: ESPECIFICAÇÃO
A61: Fachadas e muros externos | B61: Tinta acrílica, acabamento fosco, cor algodão cinzento, marca de referência Suvinil ou equivalente aprovado
B62: Tinta acrílica, acabamento fosco, cor tubarão martelo, marca de referência Suvinil ou equivalente aprovado
B63: Tinta acrílica, acabamento fosco, cor cinza profundo, marca de referência Suvinil ou equivalente aprovado
A64: Paredes internas | B64: Tinta acrílica, acabamento acetinado, cor algodão cinzento, marca de referência Suvinil ou equivalente aprovado
B65: Tinta acrílica, acabamento acetinado, cor tubarão martelo, marca de referência Suvinil ou equivalente aprovado
B66: Tinta acrílica, acabamento acetinado, cor cinza profundo, marca de referência Suvinil ou equivalente aprovado
A67: Forros e lajes | B67: Tinta acrílica, acabamento fosco, cor branco neve, marca de referência Suvinil ou equivalente aprovado
A68: Portas de madeira | B68: Verniz incolor

Sheet Ponta Grossa
A1: PLANILHA DE CUSTOS E FORMAÇÃO DE PREÇOS
A2: Local: Regional Ponta Grossa
A3: Endereço: Rua João Manoel dos Santos Ribas, 370
A5: Pregão Eletrônico n.º:
A6: Data: | C6: Horário:
I8: BDI | J8: =C51 -> 0
A11: ITEM | B11: DESCRIÇÃO DO SERVIÇO | C11: UNIDADE DE MEDIDA | D11: QUANTI DADE | E11: VALORES (R$)
E12: MATERIAL | F12: MÃO DE OBRA | G12: EQUIPAMENTO | H12: TOTAL UNITÁRIO | I12: TOTAL MATERIAL | J12: TOTAL MÃO DE OBRA | K12: TOTAL EQUIPAMENTO | L12: TOTAL SEM BDI | M12: TOTAL COM BDI
A13: 1 | B13: JARDINAGEM E MANUTENÇÃO DE PAISAGISMO | L13: =L14 -> 0 | M13: =M14 -> 0
A14: 1.1 | B14: Jardinagem e manutenção de paisagismo | C14: MÊS | D14: 12 | H14: =SUM(E14:G14) -> 0 | I14: =D14*E14 -> 0 | J14: =D14*F14 -> 0 | K14: =D14*G14 -> 0 | L14: =SUM(I14:K14) -> 0 | M14: =ROUND((L14*$J$8)+L14,2) -> 0
A15: 2 | B15: LIMPEZA E DESINFECÇÃO DE RESERVATÓRIOS DE ÁGUA | L15: =L16 -> 0 | M15: =M16 -> 0
A16: 2.1 | B16: Limpeza e desinfecção de reservatórios de água | C16: UN | D16: 1 | H16: =SUM(E16:G16) -> 0 | I16: =D16*E16 -> 0 | J16: =D16*F16 -> 0 | K16: =D16*G16 -> 0 | L16: =SUM(I16:K16) -> 0 | M16: =ROUND((L16*$J$8)+L16,2) -> 0
A17: 3 | B17: DESINSETIZAÇÃO, DESRATIZAÇÃO E DESCUPINIZAÇÃO | L17: =L18 -> 0 | M17: =M18 -> 0
A18: 3.1 | B18: Desinsetização, desratização e descupinização | C18: UN | D18: 4 | H18: =SUM(E18:G18) -> 0 | I18: =D18*E18 -> 0 | J18: =D18*F18 -> 0 | K18: =D18*G18 -> 0 | L18: =SUM(I18:K18) -> 0 | M18: =ROUND((L18*$J$8)+L18,2) -> 0
A19: 4 | B19: RECARGA E MANUTENÇÃO DE EXTINTORES DE INCÊNDIO | L19: =L20 -> 0 | M19: =M20 -> 0
A20: 4.1 | B20: Recarga e manutenção de extintores de incêndio | C20: CJ | D20: 1 | H20: =SUM(E20:G20) -> 0 | I20: =D20*E20 -> 0 | J20: =D20*F20 -> 0 | K20: =D20*G20 -> 0 | L20: =SUM(I20:K20) -> 0 | M20: =ROUND((L20*$J$8)+L20,2) -> 0
A21: 5 | B21: LIMPEZA E MANUTENÇÃO DE PURIFICADORES DE ÁGUA | L21: =L22 -> 0 | M21: =M22 -> 0
A22: 5.1 | B22: Limpeza e manutenção de purificadores de água | C22: UN | D22: 6 | H22: =SUM(E22:G22) -> 0 | I22: =D22*E22 -> 0 | J22: =D22*F22 -> 0 | K22: =D22*G22 -> 0 | L22: =SUM(I22:K22) -> 0 | M22: =ROUND((L22*$J$8)+L22,2) -> 0
A23: 6 | B23: LAUDOS DE INSPEÇÃO SPDA E SUBESTAÇÕES | L23: =L24 -> 0 | M23: =M24 -> 0
A24: 6.1 | B24: Laudos de inspeção SPDA e subestações | C24: UN | D24: 0 | H24: =SUM(E24:G24) -> 0 | I24: =D24*E24 -> 0 | J24: =D24*F24 -> 0 | K24: =D24*G24 -> 0 | L24: =SUM(I24:K24) -> 0 | M24: =ROUND((L24*$J$8)+L24,2) -> 0
A25: 7 | B25: LAUDOS DE PONTOS DE ANCORAGEM | L25: =L26 -> 0 | M25: =M26 -> 0
A26: 7.1 | B26: Laudos de pontos de Ancoragem | C26: UN | D26: 0 | H26: =SUM(E26:G26) -> 0 | I26: =D26*E26 -> 0 | J26: =D26*F26 -> 0 | K26: =D26*G26 -> 0 | L26: =SUM(I26:K26) -> 0 | M26: =ROUND((L26*$J$8)+L26,2) -> 0
A27: 8 | B27: INSPEÇÃO PREDIAL | L27: =L28 -> 0 | M27: =M28 -> 0
A28: 8.1 | B28: Laudo de Inspeção predial | C28: UN | D28: 1 | H28: =SUM(E28:G28) -> 0 | I28: =D28*E28 -> 0 | J28: =D28*F28 -> 0 | K28: =D28*G28 -> 0 | L28: =SUM(I28:K28) -> 0 | M28: =ROUND((L28*$J$8)+L28,2) -> 0
A29: 9 | B29: MANUTENÇÃO PREDIAL | L29: =SUM(L32:L34) -> 0 | M29: =SUM(M30:M34) -> 0
A30: 9.1 | B30: EMASSAMENTO COM MASSA LÁTEX, APLICAÇÃO EM PAREDE, UMA DEMÃO, LIXAMENTO MANUAL. AF_04/2023 - SINAPI 88495 (09/2024) | C30: M² | D30: =D31 -> 400 | H30: =SUM(E30:G30) -> 0 | I30: =D30*E30 -> 0 | J30: =D30*F30 -> 0 | K30: =D30*G30 -> 0 | L30: =SUM(I30:K30) -> 0 | M30: =ROUND((L30*$J$8)+L30,2) -> 0
A31: 9.2 | B31: FUNDO SELADOR ACRÍLICO, APLICAÇÃO MANUAL EM PAREDE, UMA DEMÃO. AF_04/2023 - SINAPI 88485 (03/2025) | C31: M² | D31: =D32 -> 400 | H31: =SUM(E31:G31) -> 0 | I31: =D31*E31 -> 0 | J31: =D31*F31 -> 0 | K31: =D31*G31 -> 0 | L31: =SUM(I31:K31) -> 0 | M31: =ROUND((L31*$J$8)+L31,2) -> 0
A32: 9.3 | B32: PINTURA LÁTEX ACRÍLICA PREMIUM, APLICAÇÃO MANUAL EM PAREDES, DUAS DEMÃOS. AF_04/2023 - SINAPI 88489 (03/2025) | C32: M² | D32: 400 | H32: =SUM(E32:G32) -> 0 | I32: =D32*E32 -> 0 | J32: =D32*F32 -> 0 | K32: =D32*G32 -> 0 | L32: =SUM(I32:K32) -> 0 | M32: =ROUND((L32*$J$8)+L32,2) -> 0
A33: 9.4 | B33: LUMINÁRIA DE EMERGÊNCIA, COM 30 LÂMPADAS LED DE 2 W, SEM REATOR - FORNECIMENTO E INSTALAÇÃO. AF_02/2020 - SINAPI 97599 (03/2025) | C33: UN | D33: 3 | H33: =SUM(E33:G33) -> 0 | I33: =D33*E33 -> 0 | J33: =D33*F33 -> 0 | K33: =D33*G33 -> 0 | L33: =SUM(I33:K33) -> 0 | M33: =ROUND((L33*$J$8)+L33,2) -> 0
A34: 9.5 | B34: LÂMPADA TUBULAR LED DE 18/20 W, BASE G13 - FORNECIMENTO E INSTALAÇÃO. AF_02/2020_PS - SINAPI 100903 (03/2025) | C34: UN | D34: 30 | H34: =SUM(E34:G34) -> 0 | I34: =D34*E34 -> 0 | J34: =D34*F34 -> 0 | K34: =D34*G34 -> 0 | L34: =SUM(I34:K34) -> 0 | M34: =ROUND((L34*$J$8)+L34,2) -> 0
M35: =M13+M15+M17+M19+M21+M23+M25+M29 -> 0
A37: BENEFÍCIOS E DESPESAS INDIRETAS (BDI)
A39: ITEM | B39: DISCRIMINAÇÃO | C39: TAXA BDI (%)
A41: 1 | B41: A – ADMINISTRAÇÃO CENTRAL
A42: 2 | B42: SG – seguros + garantias
A43: 3 | B43: R – riscos
A44: 4 | B44: F – despesas financeiras
A45: 5 | B45: L – lucro bruto
A46: 6 | B46: T - tributos
A47: 6.1 | B47: COFINS
A48: 6.2 | B48: PIS
A49: 6.3 | B49: Contribuição Previdenciária sobre Receita Bruta (CPRB)
A50: 6.4 | B50: ISS (Conforme Legislação Municipal)
A51: Fórmula BDI*
A52: * Fórmula do Acórdão TCU 2.622/2013
A54: Tipos e especificações das tintas que devem ser utilizadas no imóvel:
A55: LOCAL DE APLICAÇÃO | B55: ESPECIFICAÇÃO
A56: Fachadas e muros externos | B56: Tinta acrílica, acabamento fosco, cor algodão cinzento, marca de referência Suvinil ou equivalente aprovado
B57: Tinta acrílica, acabamento fosco, cor tubarão martelo, marca de referência Suvinil ou equivalente aprovado
B58: Tinta acrílica, acabamento fosco, cor cinza profundo, marca de referência Suvinil ou equivalente aprovado
A59: Paredes internas | B59: Tinta acrílica, acabamento acetinado, cor algodão cinzento, marca de referência Suvinil ou equivalente aprovado
B60: Tinta acrílica, acabamento acetinado, cor tubarão martelo, marca de referência Suvinil ou equivalente aprovado
B61: Tinta acrílica, acabamento acetinado, cor cinza profundo, marca de referência Suvinil ou equivalente aprovado
A62: Forros e lajes | B62: Tinta acrílica, acabamento fosco, cor branco neve, marca de referência Suvinil ou equivalente aprovado
A63: Portas de madeira | B63: Verniz incolor

Sheet Arapongas
A1: PLANILHA DE CUSTOS E FORMAÇÃO DE PREÇOS
A2: Local: Arapongas
A3: Endereço: Rua Beija Flor, 511, loja 07
A5: Pregão Eletrônico n.º:
A6: Data: | C6: Horário:
I8: BDI | J8: =C50 -> 0
A11: ITEM | B11: DESCRIÇÃO DO SERVIÇO | C11: UNIDADE DE MEDIDA | D11: QUANTI DADE | E11: VALORES (R$)
E12: MATERIAL | F12: MÃO DE OBRA | G12: EQUIPAMENTO | H12: TOTAL UNITÁRIO | I12: TOTAL MATERIAL | J12: TOTAL MÃO DE OBRA | K12: TOTAL EQUIPAMENTO | L12: TOTAL SEM BDI | M12: TOTAL COM BDI
A13: 1 | B13: JARDINAGEM E MANUTENÇÃO DE PAISAGISMO | L13: =L14 -> 0 | M13: =M14 -> 0
A14: 1.1 | B14: Jardinagem e manutenção de paisagismo | C14: MÊS | D14: 0 | H14: =SUM(E14:G14) -> 0 | I14: =D14*E14 -> 0 | J14: =D14*F14 -> 0 | K14: =D14*G14 -> 0 | L14: =SUM(I14:K14) -> 0 | M14: =ROUND((L14*$J$8)+L14,2) -> 0
A15: 2 | B15: LIMPEZA E DESINFECÇÃO DE RESERVATÓRIOS DE ÁGUA | L15: =L16 -> 0 | M15: =M16 -> 0
A16: 2.1 | B16: Limpeza e desinfecção de reservatórios de água | C16: UN | D16: 0 | H16: =SUM(E16:G16) -> 0 | I16: =D16*E16 -> 0 | J16: =D16*F16 -> 0 | K16: =D16*G16 -> 0 | L16: =SUM(I16:K16) -> 0 | M16: =ROUND((L16*$J$8)+L16,2) -> 0
A17: 3 | B17: DESINSETIZAÇÃO, DESRATIZAÇÃO E DESCUPINIZAÇÃO | L17: =L18 -> 0 | M17: =M18 -> 0
A18: 3.1 | B18: Desinsetização, desratização e descupinização | C18: UN | D18: 2 | H18: =SUM(E18:G18) -> 0 | I18: =D18*E18 -> 0 | J18: =D18*F18 -> 0 | K18: =D18*G18 -> 0 | L18: =SUM(I18:K18) -> 0 | M18: =ROUND((L18*$J$8)+L18,2) -> 0
A19: 4 | B19: RECARGA E MANUTENÇÃO DE EXTINTORES DE INCÊNDIO | L19: =L20 -> 0 | M19: =M20 -> 0
A20: 4.1 | B20: Recarga e manutenção de extintores de incêndio | C20: CJ | D20: 1 | H20: =SUM(E20:G20) -> 0 | I20: =D20*E20 -> 0 | J20: =D20*F20 -> 0 | K20: =D20*G20 -> 0 | L20: =SUM(I20:K20) -> 0 | M20: =ROUND((L20*$J$8)+L20,2) -> 0
A21: 5 | B21: LIMPEZA E MANUTENÇÃO DE PURIFICADORES DE ÁGUA | L21: =L22 -> 0 | M21: =M22 -> 0
A22: 5.1 | B22: Limpeza e manutenção de purificadores de água | C22: UN | D22: 3 | H22: =SUM(E22:G22) -> 0 | I22: =D22*E22 -> 0 | J22: =D22*F22 -> 0 | K22: =D22*G22 -> 0 | L22: =SUM(I22:K22) -> 0 | M22: =ROUND((L22*$J$8)+L22,2) -> 0
A23: 6 | B23: LAUDOS DE INSPEÇÃO SPDA E SUBESTAÇÕES | L23: =L24 -> 0 | M23: =M24 -> 0
A24: 6.1 | B24: Laudos de inspeção SPDA e subestações | C24: UN | D24: 0 | H24: =SUM(E24:G24) -> 0 | I24: =D24*E24 -> 0 | J24: =D24*F24 -> 0 | K24: =D24*G24 -> 0 | L24: =SUM(I24:K24) -> 0 | M24: =ROUND((L24*$J$8)+L24,2) -> 0
A25: 7 | B25: LAUDOS DE PONTOS DE ANCORAGEM | L25: =L26 -> 0 | M25: =M26 -> 0
A26: 7.1 | B26: Laudos de pontos de Ancoragem | C26: UN | D26: 0 | H26: =SUM(E26:G26) -> 0 | I26: =D26*E26 -> 0 | J26: =D26*F26 -> 0 | K26: =D26*G26 -> 0 | L26: =SUM(I26:K26) -> 0 | M26: =ROUND((L26*$J$8)+L26,2) -> 0
A27: 8 | B27: INSPEÇÃO PREDIAL | L27: =L28 -> 0 | M27: =M28 -> 0
A28: 8.1 | B28: Laudo de Inspeção predial | C28: UN | D28: 1 | H28: =SUM(E28:G28) -> 0 | I28: =D28*E28 -> 0 | J28: =D28*F28 -> 0 | K28: =D28*G28 -> 0 | L28: =SUM(I28:K28) -> 0 | M28: =ROUND((L28*$J$8)+L28,2) -> 0
A29: 9 | B29: MANUTENÇÃO PREDIAL | L29: =SUM(L32:L33) -> 0 | M29: =SUM(M30:M33) -> 0
A30: 9.1 | B30: EMASSAMENTO COM MASSA LÁTEX, APLICAÇÃO EM PAREDE, UMA DEMÃO, LIXAMENTO MANUAL. AF_04/2023 - SINAPI 88495 (03/2025) | C30: M² | D30: =D31 -> 180 | H30: =SUM(E30:G30) -> 0 | I30: =D30*E30 -> 0 | J30: =D30*F30 -> 0 | K30: =D30*G30 -> 0 | L30: =SUM(I30:K30) -> 0 | M30: =ROUND((L30*$J$8)+L30,2) -> 0
A31: 9.2 | B31: FUNDO SELADOR ACRÍLICO, APLICAÇÃO MANUAL EM PAREDE, UMA DEMÃO. AF_04/2023 - SINAPI 88485 (03/2025) | C31: M² | D31: =D32 -> 180 | H31: =SUM(E31:G31) -> 0 | I31: =D31*E31 -> 0 | J31: =D31*F31 -> 0 | K31: =D31*G31 -> 0 | L31: =SUM(I31:K31) -> 0 | M31: =ROUND((L31*$J$8)+L31,2) -> 0
A32: 9.3 | B32: PINTURA LÁTEX ACRÍLICA PREMIUM, APLICAÇÃO MANUAL EM PAREDES, DUAS DEMÃOS. AF_04/2023 - SINAPI 88489 (03/2025) | C32: M² | D32: 180 | H32: =SUM(E32:G32) -> 0 | I32: =D32*E32 -> 0 | J32: =D32*F32 -> 0 | K32: =D32*G32 -> 0 | L32: =SUM(I32:K32) -> 0 | M32: =ROUND((L32*$J$8)+L32,2) -> 0
A33: 9.4 | B33: LUMINÁRIA DE EMERGÊNCIA, COM 30 LÂMPADAS LED DE 2 W, SEM REATOR - FORNECIMENTO E INSTALAÇÃO. AF_02/2020 - SINAPI 97599 (03/2025) | C33: UN | D33: 1 | H33: =SUM(E33:G33) -> 0 | I33: =D33*E33 -> 0 | J33: =D33*F33 -> 0 | K33: =D33*G33 -> 0 | L33: =SUM(I33:K33) -> 0 | M33: =ROUND((L33*$J$8)+L33,2) -> 0
M34: =M13+M15+M17+M19+M21+M23+M25+M29 -> 0
A36: BENEFÍCIOS E DESPESAS INDIRETAS (BDI)
A38: ITEM | B38: DISCRIMINAÇÃO | C38: TAXA BDI (%)
A40: 1 | B40: A – ADMINISTRAÇÃO CENTRAL
A41: 2 | B41: SG – seguros + garantias
A42: 3 | B42: R – riscos
A43: 4 | B43: F – despesas financeiras
A44: 5 | B44: L – lucro bruto
A45: 6 | B45: T - tributos
A46: 6.1 | B46: COFINS
A47: 6.2 | B47: PIS
A48: 6.3 | B48: Contribuição Previdenciária sobre Receita Bruta (CPRB)
A49: 6.4 | B49: ISS (Conforme Legislação Municipal)
A50: Fórmula BDI*
A51: * Fórmula do Acórdão TCU 2.622/2013
A53: Tipos e especificações das tintas que devem ser utilizadas no imóvel:
A54: LOCAL DE APLICAÇÃO | B54: ESPECIFICAÇÃO
A55: Fachadas e muros externos | B55: Tinta acrílica, acabamento fosco, cor algodão cinzento, marca de referência Suvinil ou equivalente aprovado
B56: Tinta acrílica, acabamento fosco, cor tubarão martelo, marca de referência Suvinil ou equivalente aprovado
B57: Tinta acrílica, acabamento fosco, cor cinza profundo, marca de referência Suvinil ou equivalente aprovado
A58: Paredes internas | B58: Tinta acrílica, acabamento acetinado, cor algodão cinzento, marca de referência Suvinil ou equivalente aprovado
B59: Tinta acrílica, acabamento acetinado, cor tubarão martelo, marca de referência Suvinil ou equivalente aprovado
B60: Tinta acrílica, acabamento acetinado, cor cinza profundo, marca de referência Suvinil ou equivalente aprovado
A61: Forros e lajes | B61: Tinta acrílica, acabamento fosco, cor branco neve, marca de referência Suvinil ou equivalente aprovado
A62: Portas de madeira | B62: Verniz incolor

Sheet Bandeirantes
A1: PLANILHA DE CUSTOS E FORMAÇÃO DE PREÇOS
A2: Local: Bandeirantes
A3: Endereço: Rua Eurípedes Rodrigues, 755, sala 504
A5: Pregão Eletrônico n.º:
A6: Data: | C6: Horário:
I8: BDI | J8: =C50 -> 0
A11: ITEM | B11: DESCRIÇÃO DO SERVIÇO | C11: UNIDADE DE MEDIDA | D11: QUANTI DADE | E11: VALORES (R$)
E12: MATERIAL | F12: MÃO DE OBRA | G12: EQUIPAMENTO | H12: TOTAL UNITÁRIO | I12: TOTAL MATERIAL | J12: TOTAL MÃO DE OBRA | K12: TOTAL EQUIPAMENTO | L12: TOTAL SEM BDI | M12: TOTAL COM BDI
A13: 1 | B13: JARDINAGEM E MANUTENÇÃO DE PAISAGISMO | L13: =L14 -> 0 | M13: =M14 -> 0
A14: 1.1 | B14: Jardinagem e manutenção de paisagismo | C14: MÊS | D14: 0 | H14: =SUM(E14:G14) -> 0 | I14: =D14*E14 -> 0 | J14: =D14*F14 -> 0 | K14: =D14*G14 -> 0 | L14: =SUM(I14:K14) -> 0 | M14: =ROUND((L14*$J$8)+L14,2) -> 0
A15: 2 | B15: LIMPEZA E DESINFECÇÃO DE RESERVATÓRIOS DE ÁGUA | L15: =L16 -> 0 | M15: =M16 -> 0
A16: 2.1 | B16: Limpeza e desinfecção de reservatórios de água | C16: UN | D16: 0 | H16: =SUM(E16:G16) -> 0 | I16: =D16*E16 -> 0 | J16: =D16*F16 -> 0 | K16: =D16*G16 -> 0 | L16: =SUM(I16:K16) -> 0 | M16: =ROUND((L16*$J$8)+L16,2) -> 0
A17: 3 | B17: DESINSETIZAÇÃO, DESRATIZAÇÃO E DESCUPINIZAÇÃO | L17: =L18 -> 0 | M17: =M18 -> 0
A18: 3.1 | B18: Desinsetização, desratização e descupinização | C18: UN | D18: 2 | H18: =SUM(E18:G18) -> 0 | I18: =D18*E18 -> 0 | J18: =D18*F18 -> 0 | K18: =D18*G18 -> 0 | L18: =SUM(I18:K18) -> 0 | M18: =ROUND((L18*$J$8)+L18,2) -> 0
A19: 4 | B19: RECARGA E MANUTENÇÃO DE EXTINTORES DE INCÊNDIO | L19: =L20 -> 0 | M19: =M20 -> 0
A20: 4.1 | B20: Recarga e manutenção de extintores de incêndio | C20: CJ | D20: 1 | H20: =SUM(E20:G20) -> 0 | I20: =D20*E20 -> 0 | J20: =D20*F20 -> 0 | K20: =D20*G20 -> 0 | L20: =SUM(I20:K20) -> 0 | M20: =ROUND((L20*$J$8)+L20,2) -> 0
A21: 5 | B21: LIMPEZA E MANUTENÇÃO DE PURIFICADORES DE ÁGUA | L21: =L22 -> 0 | M21: =M22 -> 0
A22: 5.1 | B22: Limpeza e manutenção de purificadores de água | C22: UN | D22: 3 | H22: =SUM(E22:G22) -> 0 | I22: =D22*E22 -> 0 | J22: =D22*F22 -> 0 | K22: =D22*G22 -> 0 | L22: =SUM(I22:K22) -> 0 | M22: =ROUND((L22*$J$8)+L22,2) -> 0
A23: 6 | B23: LAUDOS DE INSPEÇÃO SPDA E SUBESTAÇÕES | L23: =L24 -> 0 | M23: =M24 -> 0
A24: 6.1 | B24: Laudos de inspeção SPDA e subestações | C24: UN | D24: 0 | H24: =SUM(E24:G24) -> 0 | I24: =D24*E24 -> 0 | J24: =D24*F24 -> 0 | K24: =D24*G24 -> 0 | L24: =SUM(I24:K24) -> 0 | M24: =ROUND((L24*$J$8)+L24,2) -> 0
A25: 7 | B25: LAUDOS DE PONTOS DE ANCORAGEM | L25: =L26 -> 0 | M25: =M26 -> 0
A26: 7.1 | B26: Laudos de pontos de Ancoragem | C26: UN | D26: 0 | H26: =SUM(E26:G26) -> 0 | I26: =D26*E26 -> 0 | J26: =D26*F26 -> 0 | K26: =D26*G26 -> 0 | L26: =SUM(I26:K26) -> 0 | M26: =ROUND((L26*$J$8)+L26,2) -> 0
A27: 8 | B27: INSPEÇÃO PREDIAL | L27: =L28 -> 0 | M27: =M28 -> 0
A28: 8.1 | B28: Laudo de Inspeção predial | C28: UN | D28: 1 | H28: =SUM(E28:G28) -> 0 | I28: =D28*E28 -> 0 | J28: =D28*F28 -> 0 | K28: =D28*G28 -> 0 | L28: =SUM(I28:K28) -> 0 | M28: =ROUND((L28*$J$8)+L28,2) -> 0
A29: 9 | B29: MANUTENÇÃO PREDIAL | L29: =SUM(L32:L33) -> 0 | M29: =SUM(M30:M33) -> 0
A30: 9.1 | B30: EMASSAMENTO COM MASSA LÁTEX, APLICAÇÃO EM PAREDE, UMA DEMÃO, LIXAMENTO MANUAL. AF_04/2023 - SINAPI 88495 (03/2025) | C30: M² | D30: =D31 -> 100 | H30: =SUM(E30:G30) -> 0 | I30: =D30*E30 -> 0 | J30: =D30*F30 -> 0 | K30: =D30*G30 -> 0 | L30: =SUM(I30:K30) -> 0 | M30: =ROUND((L30*$J$8)+L30,2) -> 0
A31: 9.2 | B31: FUNDO SELADOR ACRÍLICO, APLICAÇÃO MANUAL EM PAREDE, UMA DEMÃO. AF_04/2023 - SINAPI 88485 (03/2025) | C31: M² | D31: =D32 -> 100 | H31: =SUM(E31:G31) -> 0 | I31: =D31*E31 -> 0 | J31: =D31*F31 -> 0 | K31: =D31*G31 -> 0 | L31: =SUM(I31:K31) -> 0 | M31: =ROUND((L31*$J$8)+L31,2) -> 0
A32: 9.3 | B32: PINTURA LÁTEX ACRÍLICA PREMIUM, APLICAÇÃO MANUAL EM PAREDES, DUAS DEMÃOS. AF_04/2023 - SINAPI 88489 (03/2025) | C32: M² | D32: 100 | H32: =SUM(E32:G32) -> 0 | I32: =D32*E32 -> 0 | J32: =D32*F32 -> 0 | K32: =D32*G32 -> 0 | L32: =SUM(I32:K32) -> 0 | M32: =ROUND((L32*$J$8)+L32,2) -> 0
A33: 9.4 | B33: LUMINÁRIA DE EMERGÊNCIA, COM 30 LÂMPADAS LED DE 2 W, SEM REATOR - FORNECIMENTO E INSTALAÇÃO. AF_02/2020 - SINAPI 97599 (03/2025) | C33: UN | D33: 1 | H33: =SUM(E33:G33) -> 0 | I33: =D33*E33 -> 0 | J33: =D33*F33 -> 0 | K33: =D33*G33 -> 0 | L33: =SUM(I33:K33) -> 0 | M33: =ROUND((L33*$J$8)+L33,2) -> 0
M34: =M13+M15+M17+M19+M21+M23+M25+M29 -> 0
A36: BENEFÍCIOS E DESPESAS INDIRETAS (BDI)
A38: ITEM | B38: DISCRIMINAÇÃO | C38: TAXA BDI (%)
A40: 1 | B40: A – ADMINISTRAÇÃO CENTRAL
A41: 2 | B41: SG – seguros + garantias
A42: 3 | B42: R – riscos
A43: 4 | B43: F – despesas financeiras
A44: 5 | B44: L – lucro bruto
A45: 6 | B45: T - tributos
A46: 6.1 | B46: COFINS
A47: 6.2 | B47: PIS
A48: 6.3 | B48: Contribuição Previdenciária sobre Receita Bruta (CPRB)
A49: 6.4 | B49: ISS (Conforme Legislação Municipal)
A50: Fórmula BDI*
A51: * Fórmula do Acórdão TCU 2.622/2013
A53: Tipos e especificações das tintas que devem ser utilizadas no imóvel:
A54: LOCAL DE APLICAÇÃO | B54: ESPECIFICAÇÃO
A55: Fachadas e muros externos | B55: Tinta acrílica, acabamento fosco, cor algodão cinzento, marca de referência Suvinil ou equivalente aprovado
B56: Tinta acrílica, acabamento fosco, cor tubarão martelo, marca de referência Suvinil ou equivalente aprovado
B57: Tinta acrílica, acabamento fosco, cor cinza profundo, marca de referência Suvinil ou equivalente aprovado
A58: Paredes internas | B58: Tinta acrílica, acabamento acetinado, cor algodão cinzento, marca de referência Suvinil ou equivalente aprovado
B59: Tinta acrílica, acabamento acetinado, cor tubarão martelo, marca de referência Suvinil ou equivalente aprovado
B60: Tinta acrílica, acabamento acetinado, cor cinza profundo, marca de referência Suvinil ou equivalente aprovado
A61: Forros e lajes | B61: Tinta acrílica, acabamento fosco, cor branco neve, marca de referência Suvinil ou equivalente aprovado
A62: Portas de madeira | B62: Verniz incolor

Sheet Campo Largo
A1: PLANILHA DE CUSTOS E FORMAÇÃO DE PREÇOS
A2: Local: Campo Largo
A3: Endereço: Rua Sete de Setembro, 1855
A5: Pregão Eletrônico n.º:
A6: Data: | C6: Horário:
I8: BDI | J8: =C50 -> 0
A11: ITEM | B11: DESCRIÇÃO DO SERVIÇO | C11: UNIDADE DE MEDIDA | D11: QUANTI DADE | E11: VALORES (R$)
E12: MATERIAL | F12: MÃO DE OBRA | G12: EQUIPAMENTO | H12: TOTAL UNITÁRIO | I12: TOTAL MATERIAL | J12: TOTAL MÃO DE OBRA | K12: TOTAL EQUIPAMENTO | L12: TOTAL SEM BDI | M12: TOTAL COM BDI
A13: 1 | B13: JARDINAGEM E MANUTENÇÃO DE PAISAGISMO | L13: =L14 -> 0 | M13: =M14 -> 0
A14: 1.1 | B14: Jardinagem e manutenção de paisagismo | C14: MÊS | D14: 0 | H14: =SUM(E14:G14) -> 0 | I14: =D14*E14 -> 0 | J14: =D14*F14 -> 0 | K14: =D14*G14 -> 0 | L14: =SUM(I14:K14) -> 0 | M14: =ROUND((L14*$J$8)+L14,2) -> 0
A15: 2 | B15: LIMPEZA E DESINFECÇÃO DE RESERVATÓRIOS DE ÁGUA | L15: =L16 -> 0 | M15: =M16 -> 0
A16: 2.1 | B16: Limpeza e desinfecção de reservatórios de água | C16: UN | D16: 1 | H16: =SUM(E16:G16) -> 0 | I16: =D16*E16 -> 0 | J16: =D16*F16 -> 0 | K16: =D16*G16 -> 0 | L16: =SUM(I16:K16) -> 0 | M16: =ROUND((L16*$J$8)+L16,2) -> 0
A17: 3 | B17: DESINSETIZAÇÃO, DESRATIZAÇÃO E DESCUPINIZAÇÃO | L17: =L18 -> 0 | M17: =M18 -> 0
A18: 3.1 | B18: Desinsetização, desratização e descupinização | C18: UN | D18: 2 | H18: =SUM(E18:G18) -> 0 | I18: =D18*E18 -> 0 | J18: =D18*F18 -> 0 | K18: =D18*G18 -> 0 | L18: =SUM(I18:K18) -> 0 | M18: =ROUND((L18*$J$8)+L18,2) -> 0
A19: 4 | B19: RECARGA E MANUTENÇÃO DE EXTINTORES DE INCÊNDIO | L19: =L20 -> 0 | M19: =M20 -> 0
A20: 4.1 | B20: Recarga e manutenção de extintores de incêndio | C20: CJ | D20: 1 | H20: =SUM(E20:G20) -> 0 | I20: =D20*E20 -> 0 | J20: =D20*F20 -> 0 | K20: =D20*G20 -> 0 | L20: =SUM(I20:K20) -> 0 | M20: =ROUND((L20*$J$8)+L20,2) -> 0
A21: 5 | B21: LIMPEZA E MANUTENÇÃO DE PURIFICADORES DE ÁGUA | L21: =L22 -> 0 | M21: =M22 -> 0
A22: 5.1 | B22: Limpeza e manutenção de purificadores de água | C22: UN | D22: 3 | H22: =SUM(E22:G22) -> 0 | I22: =D22*E22 -> 0 | J22: =D22*F22 -> 0 | K22: =D22*G22 -> 0 | L22: =SUM(I22:K22) -> 0 | M22: =ROUND((L22*$J$8)+L22,2) -> 0
A23: 6 | B23: LAUDOS DE INSPEÇÃO SPDA E SUBESTAÇÕES | L23: =L24 -> 0 | M23: =M24 -> 0
A24: 6.1 | B24: Laudos de inspeção SPDA e subestações | C24: UN | D24: 0 | H24: =SUM(E24:G24) -> 0 | I24: =D24*E24 -> 0 | J24: =D24*F24 -> 0 | K24: =D24*G24 -> 0 | L24: =SUM(I24:K24) -> 0 | M24: =ROUND((L24*$J$8)+L24,2) -> 0
A25: 7 | B25: LAUDOS DE PONTOS DE ANCORAGEM | L25: =L26 -> 0 | M25: =M26 -> 0
A26: 7.1 | B26: Laudos de pontos de Ancoragem | C26: UN | D26: 0 | H26: =SUM(E26:G26) -> 0 | I26: =D26*E26 -> 0 | J26: =D26*F26 -> 0 | K26: =D26*G26 -> 0 | L26: =SUM(I26:K26) -> 0 | M26: =ROUND((L26*$J$8)+L26,2) -> 0
A27: 8 | B27: INSPEÇÃO PREDIAL | L27: =L28 -> 0 | M27: =M28 -> 0
A28: 8.1 | B28: Laudo de Inspeção predial | C28: UN | D28: 1 | H28: =SUM(E28:G28) -> 0 | I28: =D28*E28 -> 0 | J28: =D28*F28 -> 0 | K28: =D28*G28 -> 0 | L28: =SUM(I28:K28) -> 0 | M28: =ROUND((L28*$J$8)+L28,2) -> 0
A29: 9 | B29: MANUTENÇÃO PREDIAL | L29: =SUM(L32:L33) -> 0 | M29: =SUM(M30:M33) -> 0
A30: 9.1 | B30: EMASSAMENTO COM MASSA LÁTEX, APLICAÇÃO EM PAREDE, UMA DEMÃO, LIXAMENTO MANUAL. AF_04/2023 - SINAPI 88495 (03/2025) | C30: M² | D30: =D31 -> 50 | H30: =SUM(E30:G30) -> 0 | I30: =D30*E30 -> 0 | J30: =D30*F30 -> 0 | K30: =D30*G30 -> 0 | L30: =SUM(I30:K30) -> 0 | M30: =ROUND((L30*$J$8)+L30,2) -> 0
A31: 9.2 | B31: FUNDO SELADOR ACRÍLICO, APLICAÇÃO MANUAL EM PAREDE, UMA DEMÃO. AF_04/2023 - SINAPI 88485 (03/2025) | C31: M² | D31: =D32 -> 50 | H31: =SUM(E31:G31) -> 0 | I31: =D31*E31 -> 0 | J31: =D31*F31 -> 0 | K31: =D31*G31 -> 0 | L31: =SUM(I31:K31) -> 0 | M31: =ROUND((L31*$J$8)+L31,2) -> 0
A32: 9.3 | B32: PINTURA LÁTEX ACRÍLICA PREMIUM, APLICAÇÃO MANUAL EM PAREDES, DUAS DEMÃOS. AF_04/2023 - SINAPI 88489 (03/2025) | C32: M² | D32: 50 | H32: =SUM(E32:G32) -> 0 | I32: =D32*E32 -> 0 | J32: =D32*F32 -> 0 | K32: =D32*G32 -> 0 | L32: =SUM(I32:K32) -> 0 | M32: =ROUND((L32*$J$8)+L32,2) -> 0
A33: 9.4 | B33: LUMINÁRIA DE EMERGÊNCIA, COM 30 LÂMPADAS LED DE 2 W, SEM REATOR - FORNECIMENTO E INSTALAÇÃO. AF_02/2020 - SINAPI 97599 (03/2025) | C33: UN | D33: 1 | H33: =SUM(E33:G33) -> 0 | I33: =D33*E33 -> 0 | J33: =D33*F33 -> 0 | K33: =D33*G33 -> 0 | L33: =SUM(I33:K33) -> 0 | M33: =ROUND((L33*$J$8)+L33,2) -> 0
M34: =M13+M15+M17+M19+M21+M23+M25+M29 -> 0
A36: BENEFÍCIOS E DESPESAS INDIRETAS (BDI)
A38: ITEM | B38: DISCRIMINAÇÃO | C38: TAXA BDI (%)
A40: 1 | B40: A – ADMINISTRAÇÃO CENTRAL
A41: 2 | B41: SG – seguros + garantias
A42: 3 | B42: R – riscos
A43: 4 | B43: F – despesas financeiras
A44: 5 | B44: L – lucro bruto
A45: 6 | B45: T - tributos
A46: 6.1 | B46: COFINS
A47: 6.2 | B47: PIS
A48: 6.3 | B48: Contribuição Previdenciária sobre Receita Bruta (CPRB)
A49: 6.4 | B49: ISS (Conforme Legislação Municipal)
A50: Fórmula BDI*
A51: * Fórmula do Acórdão TCU 2.622/2013
A53: Tipos e especificações das tintas que devem ser utilizadas no imóvel:
A54: LOCAL DE APLICAÇÃO | B54: ESPECIFICAÇÃO
A55: Fachadas e muros externos | B55: Tinta acrílica, acabamento fosco, cor algodão cinzento, marca de referência Suvinil ou equivalente aprovado
B56: Tinta acrílica, acabamento fosco, cor tubarão martelo, marca de referência Suvinil ou equivalente aprovado
B57: Tinta acrílica, acabamento fosco, cor cinza profundo, marca de referência Suvinil ou equivalente aprovado
A58: Paredes internas | B58: Tinta acrílica, acabamento acetinado, cor algodão cinzento, marca de referência Suvinil ou equivalente aprovado
B59: Tinta acrílica, acabamento acetinado, cor tubarão martelo, marca de referência Suvinil ou equivalente aprovado
B60: Tinta acrílica, acabamento acetinado, cor cinza profundo, marca de referência Suvinil ou equivalente aprovado
A61: Forros e lajes | B61: Tinta acrílica, acabamento fosco, cor branco neve, marca de referência Suvinil ou equivalente aprovado
A62: Portas de madeira | B62: Verniz incolor

Sheet Campo Mourão
A1: PLANILHA DE CUSTOS E FORMAÇÃO DE PREÇOS
A2: Local: Campo Mourão
A3: Endereço: Rua Harrison José Borges, 1154, sala 802
A5: Pregão Eletrônico n.º:
A6: Data: | C6: Horário:
I8: BDI | J8: =C50 -> 0
A11: ITEM | B11: DESCRIÇÃO DO SERVIÇO | C11: UNIDADE DE MEDIDA | D11: QUANTI DADE | E11: VALORES (R$)
E12: MATERIAL | F12: MÃO DE OBRA | G12: EQUIPAMENTO | H12: TOTAL UNITÁRIO | I12: TOTAL MATERIAL | J12: TOTAL MÃO DE OBRA | K12: TOTAL EQUIPAMENTO | L12: TOTAL SEM BDI | M12: TOTAL COM BDI
A13: 1 | B13: JARDINAGEM E MANUTENÇÃO DE PAISAGISMO | L13: =L14 -> 0 | M13: =M14 -> 0
A14: 1.1 | B14: Jardinagem e manutenção de paisagismo | C14: MÊS | D14: 0 | H14: =SUM(E14:G14) -> 0 | I14: =D14*E14 -> 0 | J14: =D14*F14 -> 0 | K14: =D14*G14 -> 0 | L14: =SUM(I14:K14) -> 0 | M14: =ROUND((L14*$J$8)+L14,2) -> 0
A15: 2 | B15: LIMPEZA E DESINFECÇÃO DE RESERVATÓRIOS DE ÁGUA | L15: =L16 -> 0 | M15: =M16 -> 0
A16: 2.1 | B16: Limpeza e desinfecção de reservatórios de água | C16: UN | D16: 0 | H16: =SUM(E16:G16) -> 0 | I16: =D16*E16 -> 0 | J16: =D16*F16 -> 0 | K16: =D16*G16 -> 0 | L16: =SUM(I16:K16) -> 0 | M16: =ROUND((L16*$J$8)+L16,2) -> 0
A17: 3 | B17: DESINSETIZAÇÃO, DESRATIZAÇÃO E DESCUPINIZAÇÃO | L17: =L18 -> 0 | M17: =M18 -> 0
A18: 3.1 | B18: Desinsetização, desratização e descupinização | C18: UN | D18: 2 | H18: =SUM(E18:G18) -> 0 | I18: =D18*E18 -> 0 | J18: =D18*F18 -> 0 | K18: =D18*G18 -> 0 | L18: =SUM(I18:K18) -> 0 | M18: =ROUND((L18*$J$8)+L18,2) -> 0
A19: 4 | B19: RECARGA E MANUTENÇÃO DE EXTINTORES DE INCÊNDIO | L19: =L20 -> 0 | M19: =M20 -> 0
A20: 4.1 | B20: Recarga e manutenção de extintores de incêndio | C20: CJ | D20: 1 | H20: =SUM(E20:G20) -> 0 | I20: =D20*E20 -> 0 | J20: =D20*F20 -> 0 | K20: =D20*G20 -> 0 | L20: =SUM(I20:K20) -> 0 | M20: =ROUND((L20*$J$8)+L20,2) -> 0
A21: 5 | B21: LIMPEZA E MANUTENÇÃO DE PURIFICADORES DE ÁGUA | L21: =L22 -> 0 | M21: =M22 -> 0
A22: 5.1 | B22: Limpeza e manutenção de purificadores de água | C22: UN | D22: 3 | H22: =SUM(E22:G22) -> 0 | I22: =D22*E22 -> 0 | J22: =D22*F22 -> 0 | K22: =D22*G22 -> 0 | L22: =SUM(I22:K22) -> 0 | M22: =ROUND((L22*$J$8)+L22,2) -> 0
A23: 6 | B23: LAUDOS DE INSPEÇÃO SPDA E SUBESTAÇÕES | L23: =L24 -> 0 | M23: =M24 -> 0
A24: 6.1 | B24: Laudos de inspeção SPDA e subestações | C24: UN | D24: 0 | H24: =SUM(E24:G24) -> 0 | I24: =D24*E24 -> 0 | J24: =D24*F24 -> 0 | K24: =D24*G24 -> 0 | L24: =SUM(I24:K24) -> 0 | M24: =ROUND((L24*$J$8)+L24,2) -> 0
A25: 7 | B25: LAUDOS DE PONTOS DE ANCORAGEM | L25: =L26 -> 0 | M25: =M26 -> 0
A26: 7.1 | B26: Laudos de pontos de Ancoragem | C26: UN | D26: 0 | H26: =SUM(E26:G26) -> 0 | I26: =D26*E26 -> 0 | J26: =D26*F26 -> 0 | K26: =D26*G26 -> 0 | L26: =SUM(I26:K26) -> 0 | M26: =ROUND((L26*$J$8)+L26,2) -> 0
A27: 8 | B27: INSPEÇÃO PREDIAL | L27: =L28 -> 0 | M27: =M28 -> 0
A28: 8.1 | B28: Laudo de Inspeção predial | C28: UN | D28: 1 | H28: =SUM(E28:G28) -> 0 | I28: =D28*E28 -> 0 | J28: =D28*F28 -> 0 | K28: =D28*G28 -> 0 | L28: =SUM(I28:K28) -> 0 | M28: =ROUND((L28*$J$8)+L28,2) -> 0
A29: 9 | B29: MANUTENÇÃO PREDIAL | L29: =SUM(L32:L33) -> 0 | M29: =SUM(M30:M33) -> 0
A30: 9.1 | B30: EMASSAMENTO COM MASSA LÁTEX, APLICAÇÃO EM PAREDE, UMA DEMÃO, LIXAMENTO MANUAL. AF_04/2023 - SINAPI 88495 (03/2025) | C30: M² | D30: =D31 -> 130 | H30: =SUM(E30:G30) -> 0 | I30: =D30*E30 -> 0 | J30: =D30*F30 -> 0 | K30: =D30*G30 -> 0 | L30: =SUM(I30:K30) -> 0 | M30: =ROUND((L30*$J$8)+L30,2) -> 0
A31: 9.2 | B31: FUNDO SELADOR ACRÍLICO, APLICAÇÃO MANUAL EM PAREDE, UMA DEMÃO. AF_04/2023 - SINAPI 88485 (03/2025) | C31: M² | D31: =D32 -> 130 | H31: =SUM(E31:G31) -> 0 | I31: =D31*E31 -> 0 | J31: =D31*F31 -> 0 | K31: =D31*G31 -> 0 | L31: =SUM(I31:K31) -> 0 | M31: =ROUND((L31*$J$8)+L31,2) -> 0
A32: 9.3 | B32: PINTURA LÁTEX ACRÍLICA PREMIUM, APLICAÇÃO MANUAL EM PAREDES, DUAS DEMÃOS. AF_04/2023 - SINAPI 88489 (03/2025) | C32: M² | D32: 130 | H32: =SUM(E32:G32) -> 0 | I32: =D32*E32 -> 0 | J32: =D32*F32 -> 0 | K32: =D32*G32 -> 0 | L32: =SUM(I32:K32) -> 0 | M32: =ROUND((L32*$J$8)+L32,2) -> 0
A33: 9.4 | B33: LUMINÁRIA DE EMERGÊNCIA, COM 30 LÂMPADAS LED DE 2 W, SEM REATOR - FORNECIMENTO E INSTALAÇÃO. AF_02/2020 - SINAPI 97599 (03/2025) | C33: UN | D33: 1 | H33: =SUM(E33:G33) -> 0 | I33: =D33*E33 -> 0 | J33: =D33*F33 -> 0 | K33: =D33*G33 -> 0 | L33: =SUM(I33:K33) -> 0 | M33: =ROUND((L33*$J$8)+L33,2) -> 0
M34: =M13+M15+M17+M19+M21+M23+M25+M29 -> 0
A36: BENEFÍCIOS E DESPESAS INDIRETAS (BDI)
A38: ITEM | B38: DISCRIMINAÇÃO | C38: TAXA BDI (%)
A40: 1 | B40: A – ADMINISTRAÇÃO CENTRAL
A41: 2 | B41: SG – seguros + garantias
A42: 3 | B42: R – riscos
A43: 4 | B43: F – despesas financeiras
A44: 5 | B44: L – lucro bruto
A45: 6 | B45: T - tributos
A46: 6.1 | B46: COFINS
A47: 6.2 | B47: PIS
A48: 6.3 | B48: Contribuição Previdenciária sobre Receita Bruta (CPRB)
A49: 6.4 | B49: ISS (Conforme Legislação Municipal)
A50: Fórmula BDI*
A51: * Fórmula do Acórdão TCU 2.622/2013
A53: Tipos e especificações das tintas que devem ser utilizadas no imóvel:
A54: LOCAL DE APLICAÇÃO | B54: ESPECIFICAÇÃO
A55: Fachadas e muros externos | B55: Tinta acrílica, acabamento fosco, cor algodão cinzento, marca de referência Suvinil ou equivalente aprovado
B56: Tinta acrílica, acabamento fosco, cor tubarão martelo, marca de referência Suvinil ou equivalente aprovado
B57: Tinta acrílica, acabamento fosco, cor cinza profundo, marca de referência Suvinil ou equivalente aprovado
A58: Paredes internas | B58: Tinta acrílica, acabamento acetinado, cor algodão cinzento, marca de referência Suvinil ou equivalente aprovado
B59: Tinta acrílica, acabamento acetinado, cor tubarão martelo, marca de referência Suvinil ou equivalente aprovado
B60: Tinta acrílica, acabamento acetinado, cor cinza profundo, marca de referência Suvinil ou equivalente aprovado
A61: Forros e lajes | B61: Tinta acrílica, acabamento fosco, cor branco neve, marca de referência Suvinil ou equivalente aprovado
A62: Portas de madeira | B62: Verniz incolor

Sheet Castro
A1: PLANILHA DE CUSTOS E FORMAÇÃO DE PREÇOS
A2: Local: Castro
A3: Endereço: Rua Doutor Jorge Xavier da Silva, 378, sala 05
A5: Pregão Eletrônico n.º:
A6: Data: | C6: Horário:
I8: BDI | J8: =C50 -> 0
A11: ITEM | B11: DESCRIÇÃO DO SERVIÇO | C11: UNIDADE DE MEDIDA | D11: QUANTI DADE | E11: VALORES (R$)
E12: MATERIAL | F12: MÃO DE OBRA | G12: EQUIPAMENTO | H12: TOTAL UNITÁRIO | I12: TOTAL MATERIAL | J12: TOTAL MÃO DE OBRA | K12: TOTAL EQUIPAMENTO | L12: TOTAL SEM BDI | M12: TOTAL COM BDI
A13: 1 | B13: JARDINAGEM E MANUTENÇÃO DE PAISAGISMO | L13: =L14 -> 0 | M13: =M14 -> 0
A14: 1.1 | B14: Jardinagem e manutenção de paisagismo | C14: MÊS | D14: 0 | H14: =SUM(E14:G14) -> 0 | I14: =D14*E14 -> 0 | J14: =D14*F14 -> 0 | K14: =D14*G14 -> 0 | L14: =SUM(I14:K14) -> 0 | M14: =ROUND((L14*$J$8)+L14,2) -> 0
A15: 2 | B15: LIMPEZA E DESINFECÇÃO DE RESERVATÓRIOS DE ÁGUA | L15: =L16 -> 0 | M15: =M16 -> 0
A16: 2.1 | B16: Limpeza e desinfecção de reservatórios de água | C16: UN | D16: 0 | H16: =SUM(E16:G16) -> 0 | I16: =D16*E16 -> 0 | J16: =D16*F16 -> 0 | K16: =D16*G16 -> 0 | L16: =SUM(I16:K16) -> 0 | M16: =ROUND((L16*$J$8)+L16,2) -> 0
A17: 3 | B17: DESINSETIZAÇÃO, DESRATIZAÇÃO E DESCUPINIZAÇÃO | L17: =L18 -> 0 | M17: =M18 -> 0
A18: 3.1 | B18: Desinsetização, desratização e descupinização | C18: UN | D18: 2 | H18: =SUM(E18:G18) -> 0 | I18: =D18*E18 -> 0 | J18: =D18*F18 -> 0 | K18: =D18*G18 -> 0 | L18: =SUM(I18:K18) -> 0 | M18: =ROUND((L18*$J$8)+L18,2) -> 0
A19: 4 | B19: RECARGA E MANUTENÇÃO DE EXTINTORES DE INCÊNDIO | L19: =L20 -> 0 | M19: =M20 -> 0
A20: 4.1 | B20: Recarga e manutenção de extintores de incêndio | C20: CJ | D20: 1 | H20: =SUM(E20:G20) -> 0 | I20: =D20*E20 -> 0 | J20: =D20*F20 -> 0 | K20: =D20*G20 -> 0 | L20: =SUM(I20:K20) -> 0 | M20: =ROUND((L20*$J$8)+L20,2) -> 0
A21: 5 | B21: LIMPEZA E MANUTENÇÃO DE PURIFICADORES DE ÁGUA | L21: =L22 -> 0 | M21: =M22 -> 0
A22: 5.1 | B22: Limpeza e manutenção de purificadores de água | C22: UN | D22: 3 | H22: =SUM(E22:G22) -> 0 | I22: =D22*E22 -> 0 | J22: =D22*F22 -> 0 | K22: =D22*G22 -> 0 | L22: =SUM(I22:K22) -> 0 | M22: =ROUND((L22*$J$8)+L22,2) -> 0
A23: 6 | B23: LAUDOS DE INSPEÇÃO SPDA E SUBESTAÇÕES | L23: =L24 -> 0 | M23: =M24 -> 0
A24: 6.1 | B24: Laudos de inspeção SPDA e subestações | C24: UN | D24: 0 | H24: =SUM(E24:G24) -> 0 | I24: =D24*E24 -> 0 | J24: =D24*F24 -> 0 | K24: =D24*G24 -> 0 | L24: =SUM(I24:K24) -> 0 | M24: =ROUND((L24*$J$8)+L24,2) -> 0
A25: 7 | B25: LAUDOS DE PONTOS DE ANCORAGEM | L25: =L26 -> 0 | M25: =M26 -> 0
A26: 7.1 | B26: Laudos de pontos de Ancoragem | C26: UN | D26: 0 | H26: =SUM(E26:G26) -> 0 | I26: =D26*E26 -> 0 | J26: =D26*F26 -> 0 | K26: =D26*G26 -> 0 | L26: =SUM(I26:K26) -> 0 | M26: =ROUND((L26*$J$8)+L26,2) -> 0
A27: 8 | B27: INSPEÇÃO PREDIAL | L27: =L28 -> 0 | M27: =M28 -> 0
A28: 8.1 | B28: Laudo de Inspeção predial | C28: UN | D28: 1 | H28: =SUM(E28:G28) -> 0 | I28: =D28*E28 -> 0 | J28: =D28*F28 -> 0 | K28: =D28*G28 -> 0 | L28: =SUM(I28:K28) -> 0 | M28: =ROUND((L28*$J$8)+L28,2) -> 0
A29: 9 | B29: MANUTENÇÃO PREDIAL | L29: =SUM(L32:L33) -> 0 | M29: =SUM(M30:M33) -> 0
A30: 9.1 | B30: EMASSAMENTO COM MASSA LÁTEX, APLICAÇÃO EM PAREDE, UMA DEMÃO, LIXAMENTO MANUAL. AF_04/2023 - SINAPI 88495 (03/2025) | C30: M² | D30: =D31 -> 130 | H30: =SUM(E30:G30) -> 0 | I30: =D30*E30 -> 0 | J30: =D30*F30 -> 0 | K30: =D30*G30 -> 0 | L30: =SUM(I30:K30) -> 0 | M30: =ROUND((L30*$J$8)+L30,2) -> 0
A31: 9.2 | B31: FUNDO SELADOR ACRÍLICO, APLICAÇÃO MANUAL EM PAREDE, UMA DEMÃO. AF_04/2023 - SINAPI 88485 (03/2025) | C31: M² | D31: =D32 -> 130 | H31: =SUM(E31:G31) -> 0 | I31: =D31*E31 -> 0 | J31: =D31*F31 -> 0 | K31: =D31*G31 -> 0 | L31: =SUM(I31:K31) -> 0 | M31: =ROUND((L31*$J$8)+L31,2) -> 0
A32: 9.3 | B32: PINTURA LÁTEX ACRÍLICA PREMIUM, APLICAÇÃO MANUAL EM PAREDES, DUAS DEMÃOS. AF_04/2023 - SINAPI 88489 (03/2025) | C32: M² | D32: 130 | H32: =SUM(E32:G32) -> 0 | I32: =D32*E32 -> 0 | J32: =D32*F32 -> 0 | K32: =D32*G32 -> 0 | L32: =SUM(I32:K32) -> 0 | M32: =ROUND((L32*$J$8)+L32,2) -> 0
A33: 9.4 | B33: LUMINÁRIA DE EMERGÊNCIA, COM 30 LÂMPADAS LED DE 2 W, SEM REATOR - FORNECIMENTO E INSTALAÇÃO. AF_02/2020 - SINAPI 97599 (03/2025) | C33: UN | D33: 1 | H33: =SUM(E33:G33) -> 0 | I33: =D33*E33 -> 0 | J33: =D33*F33 -> 0 | K33: =D33*G33 -> 0 | L33: =SUM(I33:K33) -> 0 | M33: =ROUND((L33*$J$8)+L33,2) -> 0
M34: =M13+M15+M17+M19+M21+M23+M25+M29 -> 0
A36: BENEFÍCIOS E DESPESAS INDIRETAS (BDI)
A38: ITEM | B38: DISCRIMINAÇÃO | C38: TAXA BDI (%)
A40: 1 | B40: A – ADMINISTRAÇÃO CENTRAL
A41: 2 | B41: SG – seguros + garantias
A42: 3 | B42: R – riscos
A43: 4 | B43: F – despesas financeiras
A44: 5 | B44: L – lucro bruto
A45: 6 | B45: T - tributos
A46: 6.1 | B46: COFINS
A47: 6.2 | B47: PIS
A48: 6.3 | B48: Contribuição Previdenciária sobre Receita Bruta (CPRB)
A49: 6.4 | B49: ISS (Conforme Legislação Municipal)
A50: Fórmula BDI*
A51: * Fórmula do Acórdão TCU 2.622/2013
A53: Tipos e especificações das tintas que devem ser utilizadas no imóvel:
A54: LOCAL DE APLICAÇÃO | B54: ESPECIFICAÇÃO
A55: Fachadas e muros externos | B55: Tinta acrílica, acabamento fosco, cor algodão cinzento, marca de referência Suvinil ou equivalente aprovado
B56: Tinta acrílica, acabamento fosco, cor tubarão martelo, marca de referência Suvinil ou equivalente aprovado
B57: Tinta acrílica, acabamento fosco, cor cinza profundo, marca de referência Suvinil ou equivalente aprovado
A58: Paredes internas | B58: Tinta acrílica, acabamento acetinado, cor algodão cinzento, marca de referência Suvinil ou equivalente aprovado
B59: Tinta acrílica, acabamento acetinado, cor tubarão martelo, marca de referência Suvinil ou equivalente aprovado
B60: Tinta acrílica, acabamento acetinado, cor cinza profundo, marca de referência Suvinil ou equivalente aprovado
A61: Forros e lajes | B61: Tinta acrílica, acabamento fosco, cor branco neve, marca de referência Suvinil ou equivalente aprovado
A62: Portas de madeira | B62: Verniz incolor

Sheet Cianorte
A1: PLANILHA DE CUSTOS E FORMAÇÃO DE PREÇOS
A2: Local: Cianorte
A3: Endereço: Av. Goiás, 431, sala 81
A5: Pregão Eletrônico n.º:
A6: Data: | C6: Horário:
I8: BDI | J8: =C50 -> 0
A11: ITEM | B11: DESCRIÇÃO DO SERVIÇO | C11: UNIDADE DE MEDIDA | D11: QUANTI DADE | E11: VALORES (R$)
E12: MATERIAL | F12: MÃO DE OBRA | G12: EQUIPAMENTO | H12: TOTAL UNITÁRIO | I12: TOTAL MATERIAL | J12: TOTAL MÃO DE OBRA | K12: TOTAL EQUIPAMENTO | L12: TOTAL SEM BDI | M12: TOTAL COM BDI
A13: 1 | B13: JARDINAGEM E MANUTENÇÃO DE PAISAGISMO | L13: =L14 -> 0 | M13: =M14 -> 0
A14: 1.1 | B14: Jardinagem e manutenção de paisagismo | C14: MÊS | D14: 0 | H14: =SUM(E14:G14) -> 0 | I14: =D14*E14 -> 0 | J14: =D14*F14 -> 0 | K14: =D14*G14 -> 0 | L14: =SUM(I14:K14) -> 0 | M14: =ROUND((L14*$J$8)+L14,2) -> 0
A15: 2 | B15: LIMPEZA E DESINFECÇÃO DE RESERVATÓRIOS DE ÁGUA | L15: =L16 -> 0 | M15: =M16 -> 0
A16: 2.1 | B16: Limpeza e desinfecção de reservatórios de água | C16: UN | D16: 0 | H16: =SUM(E16:G16) -> 0 | I16: =D16*E16 -> 0 | J16: =D16*F16 -> 0 | K16: =D16*G16 -> 0 | L16: =SUM(I16:K16) -> 0 | M16: =ROUND((L16*$J$8)+L16,2) -> 0
A17: 3 | B17: DESINSETIZAÇÃO, DESRATIZAÇÃO E DESCUPINIZAÇÃO | L17: =L18 -> 0 | M17: =M18 -> 0
A18: 3.1 | B18: Desinsetização, desratização e descupinização | C18: UN | D18: 2 | H18: =SUM(E18:G18) -> 0 | I18: =D18*E18 -> 0 | J18: =D18*F18 -> 0 | K18: =D18*G18 -> 0 | L18: =SUM(I18:K18) -> 0 | M18: =ROUND((L18*$J$8)+L18,2) -> 0
A19: 4 | B19: RECARGA E MANUTENÇÃO DE EXTINTORES DE INCÊNDIO | L19: =L20 -> 0 | M19: =M20 -> 0
A20: 4.1 | B20: Recarga e manutenção de extintores de incêndio | C20: CJ | D20: 1 | H20: =SUM(E20:G20) -> 0 | I20: =D20*E20 -> 0 | J20: =D20*F20 -> 0 | K20: =D20*G20 -> 0 | L20: =SUM(I20:K20) -> 0 | M20: =ROUND((L20*$J$8)+L20,2) -> 0
A21: 5 | B21: LIMPEZA E MANUTENÇÃO DE PURIFICADORES DE ÁGUA | L21: =L22 -> 0 | M21: =M22 -> 0
A22: 5.1 | B22: Limpeza e manutenção de purificadores de água | C22: UN | D22: 3 | H22: =SUM(E22:G22) -> 0 | I22: =D22*E22 -> 0 | J22: =D22*F22 -> 0 | K22: =D22*G22 -> 0 | L22: =SUM(I22:K22) -> 0 | M22: =ROUND((L22*$J$8)+L22,2) -> 0
A23: 6 | B23: LAUDOS DE INSPEÇÃO SPDA E SUBESTAÇÕES | L23: =L24 -> 0 | M23: =M24 -> 0
A24: 6.1 | B24: Laudos de inspeção SPDA e subestações | C24: UN | D24: 0 | H24: =SUM(E24:G24) -> 0 | I24: =D24*E24 -> 0 | J24: =D24*F24 -> 0 | K24: =D24*G24 -> 0 | L24: =SUM(I24:K24) -> 0 | M24: =ROUND((L24*$J$8)+L24,2) -> 0
A25: 7 | B25: LAUDOS DE PONTOS DE ANCORAGEM | L25: =L26 -> 0 | M25: =M26 -> 0
A26: 7.1 | B26: Laudos de pontos de Ancoragem | C26: UN | D26: 0 | H26: =SUM(E26:G26) -> 0 | I26: =D26*E26 -> 0 | J26: =D26*F26 -> 0 | K26: =D26*G26 -> 0 | L26: =SUM(I26:K26) -> 0 | M26: =ROUND((L26*$J$8)+L26,2) -> 0
A27: 8 | B27: INSPEÇÃO PREDIAL | L27: =L28 -> 0 | M27: =M28 -> 0
A28: 8.1 | B28: Laudo de Inspeção predial | C28: UN | D28: 1 | H28: =SUM(E28:G28) -> 0 | I28: =D28*E28 -> 0 | J28: =D28*F28 -> 0 | K28: =D28*G28 -> 0 | L28: =SUM(I28:K28) -> 0 | M28: =ROUND((L28*$J$8)+L28,2) -> 0
A29: 9 | B29: MANUTENÇÃO PREDIAL | L29: =SUM(L32:L33) -> 0 | M29: =SUM(M30:M33) -> 0
A30: 9.1 | B30: EMASSAMENTO COM MASSA LÁTEX, APLICAÇÃO EM PAREDE, UMA DEMÃO, LIXAMENTO MANUAL. AF_04/2023 - SINAPI 88495 (03/2025) | C30: M² | D30: =D31 -> 130 | H30: =SUM(E30:G30) -> 0 | I30: =D30*E30 -> 0 | J30: =D30*F30 -> 0 | K30: =D30*G30 -> 0 | L30: =SUM(I30:K30) -> 0 | M30: =ROUND((L30*$J$8)+L30,2) -> 0
A31: 9.2 | B31: FUNDO SELADOR ACRÍLICO, APLICAÇÃO MANUAL EM PAREDE, UMA DEMÃO. AF_04/2023 - SINAPI 88485 (03/2025) | C31: M² | D31: =D32 -> 130 | H31: =SUM(E31:G31) -> 0 | I31: =D31*E31 -> 0 | J31: =D31*F31 -> 0 | K31: =D31*G31 -> 0 | L31: =SUM(I31:K31) -> 0 | M31: =ROUND((L31*$J$8)+L31,2) -> 0
A32: 9.3 | B32: PINTURA LÁTEX ACRÍLICA PREMIUM, APLICAÇÃO MANUAL EM PAREDES, DUAS DEMÃOS. AF_04/2023 - SINAPI 88489 (03/2025) | C32: M² | D32: 130 | H32: =SUM(E32:G32) -> 0 | I32: =D32*E32 -> 0 | J32: =D32*F32 -> 0 | K32: =D32*G32 -> 0 | L32: =SUM(I32:K32) -> 0 | M32: =ROUND((L32*$J$8)+L32,2) -> 0
A33: 9.4 | B33: LUMINÁRIA DE EMERGÊNCIA, COM 30 LÂMPADAS LED DE 2 W, SEM REATOR - FORNECIMENTO E INSTALAÇÃO. AF_02/2020 - SINAPI 97599 (03/2025) | C33: UN | D33: 1 | H33: =SUM(E33:G33) -> 0 | I33: =D33*E33 -> 0 | J33: =D33*F33 -> 0 | K33: =D33*G33 -> 0 | L33: =SUM(I33:K33) -> 0 | M33: =ROUND((L33*$J$8)+L33,2) -> 0
M34: =M13+M15+M17+M19+M21+M23+M25+M29 -> 0
A36: BENEFÍCIOS E DESPESAS INDIRETAS (BDI)
A38: ITEM | B38: DISCRIMINAÇÃO | C38: TAXA BDI (%)
A40: 1 | B40: A – ADMINISTRAÇÃO CENTRAL
A41: 2 | B41: SG – seguros + garantias
A42: 3 | B42: R – riscos
A43: 4 | B43: F – despesas financeiras
A44: 5 | B44: L – lucro bruto
A45: 6 | B45: T - tributos
A46: 6.1 | B46: COFINS
A47: 6.2 | B47: PIS
A48: 6.3 | B48: Contribuição Previdenciária sobre Receita Bruta (CPRB)
A49: 6.4 | B49: ISS (Conforme Legislação Municipal)
A50: Fórmula BDI*
A51: * Fórmula do Acórdão TCU 2.622/2013
A53: Tipos e especificações das tintas que devem ser utilizadas no imóvel:
A54: LOCAL DE APLICAÇÃO | B54: ESPECIFICAÇÃO
A55: Fachadas e muros externos | B55: Tinta acrílica, acabamento fosco, cor algodão cinzento, marca de referência Suvinil ou equivalente aprovado
B56: Tinta acrílica, acabamento fosco, cor tubarão martelo, marca de referência Suvinil ou equivalente aprovado
B57: Tinta acrílica, acabamento fosco, cor cinza profundo, marca de referência Suvinil ou equivalente aprovado
A58: Paredes internas | B58: Tinta acrílica, acabamento acetinado, cor algodão cinzento, marca de referência Suvinil ou equivalente aprovado
B59: Tinta acrílica, acabamento acetinado, cor tubarão martelo, marca de referência Suvinil ou equivalente aprovado
B60: Tinta acrílica, acabamento acetinado, cor cinza profundo, marca de referência Suvinil ou equivalente aprovado
A61: Forros e lajes | B61: Tinta acrílica, acabamento fosco, cor branco neve, marca de referência Suvinil ou equivalente aprovado
A62: Portas de madeira | B62: Verniz incolor

Sheet Cornélio Procópio
A1: PLANILHA DE CUSTOS E FORMAÇÃO DE PREÇOS
A2: Local: Cornélio Procópio
A3: Endereço: Rua Benjamin Constant, 371
A5: Pregão Eletrônico n.º:
A6: Data: | C6: Horário:
I8: BDI | J8: =C50 -> 0
A11: ITEM | B11: DESCRIÇÃO DO SERVIÇO | C11: UNIDADE DE MEDIDA | D11: QUANTI DADE | E11: VALORES (R$)
E12: MATERIAL | F12: MÃO DE OBRA | G12: EQUIPAMENTO | H12: TOTAL UNITÁRIO | I12: TOTAL MATERIAL | J12: TOTAL MÃO DE OBRA | K12: TOTAL EQUIPAMENTO | L12: TOTAL SEM BDI | M12: TOTAL COM BDI
A13: 1 | B13: JARDINAGEM E MANUTENÇÃO DE PAISAGISMO | L13: =L14 -> 0 | M13: =M14 -> 0
A14: 1.1 | B14: Jardinagem e manutenção de paisagismo | C14: MÊS | D14: 0 | H14: =SUM(E14:G14) -> 0 | I14: =D14*E14 -> 0 | J14: =D14*F14 -> 0 | K14: =D14*G14 -> 0 | L14: =SUM(I14:K14) -> 0 | M14: =ROUND((L14*$J$8)+L14,2) -> 0
A15: 2 | B15: LIMPEZA E DESINFECÇÃO DE RESERVATÓRIOS DE ÁGUA | L15: =L16 -> 0 | M15: =M16 -> 0
A16: 2.1 | B16: Limpeza e desinfecção de reservatórios de água | C16: UN | D16: 1 | H16: =SUM(E16:G16) -> 0 | I16: =D16*E16 -> 0 | J16: =D16*F16 -> 0 | K16: =D16*G16 -> 0 | L16: =SUM(I16:K16) -> 0 | M16: =ROUND((L16*$J$8)+L16,2) -> 0
A17: 3 | B17: DESINSETIZAÇÃO, DESRATIZAÇÃO E DESCUPINIZAÇÃO | L17: =L18 -> 0 | M17: =M18 -> 0
A18: 3.1 | B18: Desinsetização, desratização e descupinização | C18: UN | D18: 2 | H18: =SUM(E18:G18) -> 0 | I18: =D18*E18 -> 0 | J18: =D18*F18 -> 0 | K18: =D18*G18 -> 0 | L18: =SUM(I18:K18) -> 0 | M18: =ROUND((L18*$J$8)+L18,2) -> 0
A19: 4 | B19: RECARGA E MANUTENÇÃO DE EXTINTORES DE INCÊNDIO | L19: =L20 -> 0 | M19: =M20 -> 0
A20: 4.1 | B20: Recarga e manutenção de extintores de incêndio | C20: CJ | D20: 1 | H20: =SUM(E20:G20) -> 0 | I20: =D20*E20 -> 0 | J20: =D20*F20 -> 0 | K20: =D20*G20 -> 0 | L20: =SUM(I20:K20) -> 0 | M20: =ROUND((L20*$J$8)+L20,2) -> 0
A21: 5 | B21: LIMPEZA E MANUTENÇÃO DE PURIFICADORES DE ÁGUA | L21: =L22 -> 0 | M21: =M22 -> 0
A22: 5.1 | B22: Limpeza e manutenção de purificadores de água | C22: UN | D22: 3 | H22: =SUM(E22:G22) -> 0 | I22: =D22*E22 -> 0 | J22: =D22*F22 -> 0 | K22: =D22*G22 -> 0 | L22: =SUM(I22:K22) -> 0 | M22: =ROUND((L22*$J$8)+L22,2) -> 0
A23: 6 | B23: LAUDOS DE INSPEÇÃO SPDA E SUBESTAÇÕES | L23: =L24 -> 0 | M23: =M24 -> 0
A24: 6.1 | B24: Laudos de inspeção SPDA e subestações | C24: UN | D24: 0 | H24: =SUM(E24:G24) -> 0 | I24: =D24*E24 -> 0 | J24: =D24*F24 -> 0 | K24: =D24*G24 -> 0 | L24: =SUM(I24:K24) -> 0 | M24: =ROUND((L24*$J$8)+L24,2) -> 0
A25: 7 | B25: LAUDOS DE PONTOS DE ANCORAGEM | L25: =L26 -> 0 | M25: =M26 -> 0
A26: 7.1 | B26: Laudos de pontos de Ancoragem | C26: UN | D26: 0 | H26: =SUM(E26:G26) -> 0 | I26: =D26*E26 -> 0 | J26: =D26*F26 -> 0 | K26: =D26*G26 -> 0 | L26: =SUM(I26:K26) -> 0 | M26: =ROUND((L26*$J$8)+L26,2) -> 0
A27: 8 | B27: INSPEÇÃO PREDIAL | L27: =L28 -> 0 | M27: =M28 -> 0
A28: 8.1 | B28: Laudo de Inspeção predial | C28: UN | D28: 1 | H28: =SUM(E28:G28) -> 0 | I28: =D28*E28 -> 0 | J28: =D28*F28 -> 0 | K28: =D28*G28 -> 0 | L28: =SUM(I28:K28) -> 0 | M28: =ROUND((L28*$J$8)+L28,2) -> 0
A29: 9 | B29: MANUTENÇÃO PREDIAL | L29: =SUM(L32:L33) -> 0 | M29: =SUM(M30:M33) -> 0
A30: 9.1 | B30: EMASSAMENTO COM MASSA LÁTEX, APLICAÇÃO EM PAREDE, UMA DEMÃO, LIXAMENTO MANUAL. AF_04/2023 - SINAPI 88495 (03/2025) | C30: M² | D30: =D31 -> 230 | H30: =SUM(E30:G30) -> 0 | I30: =D30*E30 -> 0 | J30: =D30*F30 -> 0 | K30: =D30*G30 -> 0 | L30: =SUM(I30:K30) -> 0 | M30: =ROUND((L30*$J$8)+L30,2) -> 0
A31: 9.2 | B31: FUNDO SELADOR ACRÍLICO, APLICAÇÃO MANUAL EM PAREDE, UMA DEMÃO. AF_04/2023 - SINAPI 88485 (03/2025) | C31: M² | D31: =D32 -> 230 | H31: =SUM(E31:G31) -> 0 | I31: =D31*E31 -> 0 | J31: =D31*F31 -> 0 | K31: =D31*G31 -> 0 | L31: =SUM(I31:K31) -> 0 | M31: =ROUND((L31*$J$8)+L31,2) -> 0
A32: 9.3 | B32: PINTURA LÁTEX ACRÍLICA PREMIUM, APLICAÇÃO MANUAL EM PAREDES, DUAS DEMÃOS. AF_04/2023 - SINAPI 88489 (03/2025) | C32: M² | D32: 230 | H32: =SUM(E32:G32) -> 0 | I32: =D32*E32 -> 0 | J32: =D32*F32 -> 0 | K32: =D32*G32 -> 0 | L32: =SUM(I32:K32) -> 0 | M32: =ROUND((L32*$J$8)+L32,2) -> 0
A33: 9.4 | B33: LUMINÁRIA DE EMERGÊNCIA, COM 30 LÂMPADAS LED DE 2 W, SEM REATOR - FORNECIMENTO E INSTALAÇÃO. AF_02/2020 - SINAPI 97599 (03/2025) | C33: UN | D33: 1 | H33: =SUM(E33:G33) -> 0 | I33: =D33*E33 -> 0 | J33: =D33*F33 -> 0 | K33: =D33*G33 -> 0 | L33: =SUM(I33:K33) -> 0 | M33: =ROUND((L33*$J$8)+L33,2) -> 0
M34: =M13+M15+M17+M19+M21+M23+M25+M29 -> 0
A36: BENEFÍCIOS E DESPESAS INDIRETAS (BDI)
A38: ITEM | B38: DISCRIMINAÇÃO | C38: TAXA BDI (%)
A40: 1 | B40: A – ADMINISTRAÇÃO CENTRAL
A41: 2 | B41: SG – seguros + garantias
A42: 3 | B42: R – riscos
A43: 4 | B43: F – despesas financeiras
A44: 5 | B44: L – lucro bruto
A45: 6 | B45: T - tributos
A46: 6.1 | B46: COFINS
A47: 6.2 | B47: PIS
A48: 6.3 | B48: Contribuição Previdenciária sobre Receita Bruta (CPRB)
A49: 6.4 | B49: ISS (Conforme Legislação Municipal)
A50: Fórmula BDI*
A51: * Fórmula do Acórdão TCU 2.622/2013
A53: Tipos e especificações das tintas que devem ser utilizadas no imóvel:
A54: LOCAL DE APLICAÇÃO | B54: ESPECIFICAÇÃO
A55: Fachadas e muros externos | B55: Tinta acrílica, acabamento fosco, cor algodão cinzento, marca de referência Suvinil ou equivalente aprovado
B56: Tinta acrílica, acabamento fosco, cor tubarão martelo, marca de referência Suvinil ou equivalente aprovado
B57: Tinta acrílica, acabamento fosco, cor cinza profundo, marca de referência Suvinil ou equivalente aprovado
A58: Paredes internas | B58: Tinta acrílica, acabamento acetinado, cor algodão cinzento, marca de referência Suvinil ou equivalente aprovado
B59: Tinta acrílica, acabamento acetinado, cor tubarão martelo, marca de referência Suvinil ou equivalente aprovado
B60: Tinta acrílica, acabamento acetinado, cor cinza profundo, marca de referência Suvinil ou equivalente aprovado
A61: Forros e lajes | B61: Tinta acrílica, acabamento fosco, cor branco neve, marca de referência Suvinil ou equivalente aprovado
A62: Portas de madeira | B62: Verniz incolor

Sheet Foz do Iguaçu
A1: PLANILHA DE CUSTOS E FORMAÇÃO DE PREÇOS
A2: Local: Foz do Iguaçu
A3: Endereço: Rua Almirante Barroso, 1293, sala 8
A5: Pregão Eletrônico n.º:
A6: Data: | C6: Horário:
I8: BDI | J8: =C50 -> 0
A11: ITEM | B11: DESCRIÇÃO DO SERVIÇO | C11: UNIDADE DE MEDIDA | D11: QUANTI DADE | E11: VALORES (R$)
E12: MATERIAL | F12: MÃO DE OBRA | G12: EQUIPAMENTO | H12: TOTAL UNITÁRIO | I12: TOTAL MATERIAL | J12: TOTAL MÃO DE OBRA | K12: TOTAL EQUIPAMENTO | L12: TOTAL SEM BDI | M12: TOTAL COM BDI
A13: 1 | B13: JARDINAGEM E MANUTENÇÃO DE PAISAGISMO | L13: =L14 -> 0 | M13: =M14 -> 0
A14: 1.1 | B14: Jardinagem e manutenção de paisagismo | C14: MÊS | D14: 0 | H14: =SUM(E14:G14) -> 0 | I14: =D14*E14 -> 0 | J14: =D14*F14 -> 0 | K14: =D14*G14 -> 0 | L14: =SUM(I14:K14) -> 0 | M14: =ROUND((L14*$J$8)+L14,2) -> 0
A15: 2 | B15: LIMPEZA E DESINFECÇÃO DE RESERVATÓRIOS DE ÁGUA | L15: =L16 -> 0 | M15: =M16 -> 0
A16: 2.1 | B16: Limpeza e desinfecção de reservatórios de água | C16: UN | D16: 0 | H16: =SUM(E16:G16) -> 0 | I16: =D16*E16 -> 0 | J16: =D16*F16 -> 0 | K16: =D16*G16 -> 0 | L16: =SUM(I16:K16) -> 0 | M16: =ROUND((L16*$J$8)+L16,2) -> 0
A17: 3 | B17: DESINSETIZAÇÃO, DESRATIZAÇÃO E DESCUPINIZAÇÃO | L17: =L18 -> 0 | M17: =M18 -> 0
A18: 3.1 | B18: Desinsetização, desratização e descupinização | C18: UN | D18: 2 | H18: =SUM(E18:G18) -> 0 | I18: =D18*E18 -> 0 | J18: =D18*F18 -> 0 | K18: =D18*G18 -> 0 | L18: =SUM(I18:K18) -> 0 | M18: =ROUND((L18*$J$8)+L18,2) -> 0
A19: 4 | B19: RECARGA E MANUTENÇÃO DE EXTINTORES DE INCÊNDIO | L19: =L20 -> 0 | M19: =M20 -> 0
A20: 4.1 | B20: Recarga e manutenção de extintores de incêndio | C20: CJ | D20: 1 | H20: =SUM(E20:G20) -> 0 | I20: =D20*E20 -> 0 | J20: =D20*F20 -> 0 | K20: =D20*G20 -> 0 | L20: =SUM(I20:K20) -> 0 | M20: =ROUND((L20*$J$8)+L20,2) -> 0
A21: 5 | B21: LIMPEZA E MANUTENÇÃO DE PURIFICADORES DE ÁGUA | L21: =L22 -> 0 | M21: =M22 -> 0
A22: 5.1 | B22: Limpeza e manutenção de purificadores de água | C22: UN | D22: 3 | H22: =SUM(E22:G22) -> 0 | I22: =D22*E22 -> 0 | J22: =D22*F22 -> 0 | K22: =D22*G22 -> 0 | L22: =SUM(I22:K22) -> 0 | M22: =ROUND((L22*$J$8)+L22,2) -> 0
A23: 6 | B23: LAUDOS DE INSPEÇÃO SPDA E SUBESTAÇÕES | L23: =L24 -> 0 | M23: =M24 -> 0
A24: 6.1 | B24: Laudos de inspeção SPDA e subestações | C24: UN | D24: 0 | H24: =SUM(E24:G24) -> 0 | I24: =D24*E24 -> 0 | J24: =D24*F24 -> 0 | K24: =D24*G24 -> 0 | L24: =SUM(I24:K24) -> 0 | M24: =ROUND((L24*$J$8)+L24,2) -> 0
A25: 7 | B25: LAUDOS DE PONTOS DE ANCORAGEM | L25: =L26 -> 0 | M25: =M26 -> 0
A26: 7.1 | B26: Laudos de pontos de Ancoragem | C26: UN | D26: 0 | H26: =SUM(E26:G26) -> 0 | I26: =D26*E26 -> 0 | J26: =D26*F26 -> 0 | K26: =D26*G26 -> 0 | L26: =SUM(I26:K26) -> 0 | M26: =ROUND((L26*$J$8)+L26,2) -> 0
A27: 8 | B27: INSPEÇÃO PREDIAL | L27: =L28 -> 0 | M27: =M28 -> 0
A28: 8.1 | B28: Laudo de Inspeção predial | C28: UN | D28: 1 | H28: =SUM(E28:G28) -> 0 | I28: =D28*E28 -> 0 | J28: =D28*F28 -> 0 | K28: =D28*G28 -> 0 | L28: =SUM(I28:K28) -> 0 | M28: =ROUND((L28*$J$8)+L28,2) -> 0
A29: 9 | B29: MANUTENÇÃO PREDIAL | L29: =SUM(L32:L33) -> 0 | M29: =SUM(M30:M33) -> 0
A30: 9.1 | B30: EMASSAMENTO COM MASSA LÁTEX, APLICAÇÃO EM PAREDE, UMA DEMÃO, LIXAMENTO MANUAL. AF_04/2023 - SINAPI 88495 (03/2025) | C30: M² | D30: =D31 -> 200 | H30: =SUM(E30:G30) -> 0 | I30: =D30*E30 -> 0 | J30: =D30*F30 -> 0 | K30: =D30*G30 -> 0 | L30: =SUM(I30:K30) -> 0 | M30: =ROUND((L30*$J$8)+L30,2) -> 0
A31: 9.2 | B31: FUNDO SELADOR ACRÍLICO, APLICAÇÃO MANUAL EM PAREDE, UMA DEMÃO. AF_04/2023 - SINAPI 88485 (03/2025) | C31: M² | D31: =D32 -> 200 | H31: =SUM(E31:G31) -> 0 | I31: =D31*E31 -> 0 | J31: =D31*F31 -> 0 | K31: =D31*G31 -> 0 | L31: =SUM(I31:K31) -> 0 | M31: =ROUND((L31*$J$8)+L31,2) -> 0
A32: 9.3 | B32: PINTURA LÁTEX ACRÍLICA PREMIUM, APLICAÇÃO MANUAL EM PAREDES, DUAS DEMÃOS. AF_04/2023 - SINAPI 88489 (03/2025) | C32: M² | D32: 200 | H32: =SUM(E32:G32) -> 0 | I32: =D32*E32 -> 0 | J32: =D32*F32 -> 0 | K32: =D32*G32 -> 0 | L32: =SUM(I32:K32) -> 0 | M32: =ROUND((L32*$J$8)+L32,2) -> 0
A33: 9.4 | B33: LUMINÁRIA DE EMERGÊNCIA, COM 30 LÂMPADAS LED DE 2 W, SEM REATOR - FORNECIMENTO E INSTALAÇÃO. AF_02/2020 - SINAPI 97599 (03/2025) | C33: UN | D33: 1 | H33: =SUM(E33:G33) -> 0 | I33: =D33*E33 -> 0 | J33: =D33*F33 -> 0 | K33: =D33*G33 -> 0 | L33: =SUM(I33:K33) -> 0 | M33: =ROUND((L33*$J$8)+L33,2) -> 0
M34: =M13+M15+M17+M19+M21+M23+M25+M29 -> 0
A36: BENEFÍCIOS E DESPESAS INDIRETAS (BDI)
A38: ITEM | B38: DISCRIMINAÇÃO | C38: TAXA BDI (%)
A40: 1 | B40: A – ADMINISTRAÇÃO CENTRAL
A41: 2 | B41: SG – seguros + garantias
A42: 3 | B42: R – riscos
A43: 4 | B43: F – despesas financeiras
A44: 5 | B44: L – lucro bruto
A45: 6 | B45: T - tributos
A46: 6.1 | B46: COFINS
A47: 6.2 | B47: PIS
A48: 6.3 | B48: Contribuição Previdenciária sobre Receita Bruta (CPRB)
A49: 6.4 | B49: ISS (Conforme Legislação Municipal)
A50: Fórmula BDI*
A51: * Fórmula do Acórdão TCU 2.622/2013
A53: Tipos e especificações das tintas que devem ser utilizadas no imóvel:
A54: LOCAL DE APLICAÇÃO | B54: ESPECIFICAÇÃO
A55: Fachadas e muros externos | B55: Tinta acrílica, acabamento fosco, cor algodão cinzento, marca de referência Suvinil ou equivalente aprovado
B56: Tinta acrílica, acabamento fosco, cor tubarão martelo, marca de referência Suvinil ou equivalente aprovado
B57: Tinta acrílica, acabamento fosco, cor cinza profundo, marca de referência Suvinil ou equivalente aprovado
A58: Paredes internas | B58: Tinta acrílica, acabamento acetinado, cor algodão cinzento, marca de referência Suvinil ou equivalente aprovado
B59: Tinta acrílica, acabamento acetinado, cor tubarão martelo, marca de referência Suvinil ou equivalente aprovado
B60: Tinta acrílica, acabamento acetinado, cor cinza profundo, marca de referência Suvinil ou equivalente aprovado
A61: Forros e lajes | B61: Tinta acrílica, acabamento fosco, cor branco neve, marca de referência Suvinil ou equivalente aprovado
A62: Portas de madeira | B62: Verniz incolor

Sheet Francisco Beltrão
A1: PLANILHA DE CUSTOS E FORMAÇÃO DE PREÇOS
A2: Local: Francisco Beltrão
A3: Endereço: Rua Tenente Camargo, 1777 – sala 53
A5: Pregão Eletrônico n.º:
A6: Data: | C6: Horário:
I8: BDI | J8: =C50 -> 0
A11: ITEM | B11: DESCRIÇÃO DO SERVIÇO | C11: UNIDADE DE MEDIDA | D11: QUANTI DADE | E11: VALORES (R$)
E12: MATERIAL | F12: MÃO DE OBRA | G12: EQUIPAMENTO | H12: TOTAL UNITÁRIO | I12: TOTAL MATERIAL | J12: TOTAL MÃO DE OBRA | K12: TOTAL EQUIPAMENTO | L12: TOTAL SEM BDI | M12: TOTAL COM BDI
A13: 1 | B13: JARDINAGEM E MANUTENÇÃO DE PAISAGISMO | L13: =L14 -> 0 | M13: =M14 -> 0
A14: 1.1 | B14: Jardinagem e manutenção de paisagismo | C14: MÊS | D14: 0 | H14: =SUM(E14:G14) -> 0 | I14: =D14*E14 -> 0 | J14: =D14*F14 -> 0 | K14: =D14*G14 -> 0 | L14: =SUM(I14:K14) -> 0 | M14: =ROUND((L14*$J$8)+L14,2) -> 0
A15: 2 | B15: LIMPEZA E DESINFECÇÃO DE RESERVATÓRIOS DE ÁGUA | L15: =L16 -> 0 | M15: =M16 -> 0
A16: 2.1 | B16: Limpeza e desinfecção de reservatórios de água | C16: UN | D16: 0 | H16: =SUM(E16:G16) -> 0 | I16: =D16*E16 -> 0 | J16: =D16*F16 -> 0 | K16: =D16*G16 -> 0 | L16: =SUM(I16:K16) -> 0 | M16: =ROUND((L16*$J$8)+L16,2) -> 0
A17: 3 | B17: DESINSETIZAÇÃO, DESRATIZAÇÃO E DESCUPINIZAÇÃO | L17: =L18 -> 0 | M17: =M18 -> 0
A18: 3.1 | B18: Desinsetização, desratização e descupinização | C18: UN | D18: 2 | H18: =SUM(E18:G18) -> 0 | I18: =D18*E18 -> 0 | J18: =D18*F18 -> 0 | K18: =D18*G18 -> 0 | L18: =SUM(I18:K18) -> 0 | M18: =ROUND((L18*$J$8)+L18,2) -> 0
A19: 4 | B19: RECARGA E MANUTENÇÃO DE EXTINTORES DE INCÊNDIO | L19: =L20 -> 0 | M19: =M20 -> 0
A20: 4.1 | B20: Recarga e manutenção de extintores de incêndio | C20: CJ | D20: 1 | H20: =SUM(E20:G20) -> 0 | I20: =D20*E20 -> 0 | J20: =D20*F20 -> 0 | K20: =D20*G20 -> 0 | L20: =SUM(I20:K20) -> 0 | M20: =ROUND((L20*$J$8)+L20,2) -> 0
A21: 5 | B21: LIMPEZA E MANUTENÇÃO DE PURIFICADORES DE ÁGUA | L21: =L22 -> 0 | M21: =M22 -> 0
A22: 5.1 | B22: Limpeza e manutenção de purificadores de água | C22: UN | D22: 3 | H22: =SUM(E22:G22) -> 0 | I22: =D22*E22 -> 0 | J22: =D22*F22 -> 0 | K22: =D22*G22 -> 0 | L22: =SUM(I22:K22) -> 0 | M22: =ROUND((L22*$J$8)+L22,2) -> 0
A23: 6 | B23: LAUDOS DE INSPEÇÃO SPDA E SUBESTAÇÕES | L23: =L24 -> 0 | M23: =M24 -> 0
A24: 6.1 | B24: Laudos de inspeção SPDA e subestações | C24: UN | D24: 0 | H24: =SUM(E24:G24) -> 0 | I24: =D24*E24 -> 0 | J24: =D24*F24 -> 0 | K24: =D24*G24 -> 0 | L24: =SUM(I24:K24) -> 0 | M24: =ROUND((L24*$J$8)+L24,2) -> 0
A25: 7 | B25: LAUDOS DE PONTOS DE ANCORAGEM | L25: =L26 -> 0 | M25: =M26 -> 0
A26: 7.1 | B26: Laudos de pontos de Ancoragem | C26: UN | D26: 0 | H26: =SUM(E26:G26) -> 0 | I26: =D26*E26 -> 0 | J26: =D26*F26 -> 0 | K26: =D26*G26 -> 0 | L26: =SUM(I26:K26) -> 0 | M26: =ROUND((L26*$J$8)+L26,2) -> 0
A27: 8 | B27: INSPEÇÃO PREDIAL | L27: =L28 -> 0 | M27: =M28 -> 0
A28: 8.1 | B28: Laudo de Inspeção predial | C28: UN | D28: 1 | H28: =SUM(E28:G28) -> 0 | I28: =D28*E28 -> 0 | J28: =D28*F28 -> 0 | K28: =D28*G28 -> 0 | L28: =SUM(I28:K28) -> 0 | M28: =ROUND((L28*$J$8)+L28,2) -> 0
A29: 9 | B29: MANUTENÇÃO PREDIAL | L29: =SUM(L32:L33) -> 0 | M29: =SUM(M30:M33) -> 0
A30: 9.1 | B30: EMASSAMENTO COM MASSA LÁTEX, APLICAÇÃO EM PAREDE, UMA DEMÃO, LIXAMENTO MANUAL. AF_04/2023 - SINAPI 88495 (03/2025) | C30: M² | D30: =D31 -> 130 | H30: =SUM(E30:G30) -> 0 | I30: =D30*E30 -> 0 | J30: =D30*F30 -> 0 | K30: =D30*G30 -> 0 | L30: =SUM(I30:K30) -> 0 | M30: =ROUND((L30*$J$8)+L30,2) -> 0
A31: 9.2 | B31: FUNDO SELADOR ACRÍLICO, APLICAÇÃO MANUAL EM PAREDE, UMA DEMÃO. AF_04/2023 - SINAPI 88485 (03/2025) | C31: M² | D31: =D32 -> 130 | H31: =SUM(E31:G31) -> 0 | I31: =D31*E31 -> 0 | J31: =D31*F31 -> 0 | K31: =D31*G31 -> 0 | L31: =SUM(I31:K31) -> 0 | M31: =ROUND((L31*$J$8)+L31,2) -> 0
A32: 9.3 | B32: PINTURA LÁTEX ACRÍLICA PREMIUM, APLICAÇÃO MANUAL EM PAREDES, DUAS DEMÃOS. AF_04/2023 - SINAPI 88489 (03/2025) | C32: M² | D32: 130 | H32: =SUM(E32:G32) -> 0 | I32: =D32*E32 -> 0 | J32: =D32*F32 -> 0 | K32: =D32*G32 -> 0 | L32: =SUM(I32:K32) -> 0 | M32: =ROUND((L32*$J$8)+L32,2) -> 0
A33: 9.4 | B33: LUMINÁRIA DE EMERGÊNCIA, COM 30 LÂMPADAS LED DE 2 W, SEM REATOR - FORNECIMENTO E INSTALAÇÃO. AF_02/2020 - SINAPI 97599 (03/2025) | C33: UN | D33: 1 | H33: =SUM(E33:G33) -> 0 | I33: =D33*E33 -> 0 | J33: =D33*F33 -> 0 | K33: =D33*G33 -> 0 | L33: =SUM(I33:K33) -> 0 | M33: =ROUND((L33*$J$8)+L33,2) -> 0
M34: =M13+M15+M17+M19+M21+M23+M25+M29 -> 0
A36: BENEFÍCIOS E DESPESAS INDIRETAS (BDI)
A38: ITEM | B38: DISCRIMINAÇÃO | C38: TAXA BDI (%)
A40: 1 | B40: A – ADMINISTRAÇÃO CENTRAL
A41: 2 | B41: SG – seguros + garantias
A42: 3 | B42: R – riscos
A43: 4 | B43: F – despesas financeiras
A44: 5 | B44: L – lucro bruto
A45: 6 | B45: T - tributos
A46: 6.1 | B46: COFINS
A47: 6.2 | B47: PIS
A48: 6.3 | B48: Contribuição Previdenciária sobre Receita Bruta (CPRB)
A49: 6.4 | B49: ISS (Conforme Legislação Municipal)
A50: Fórmula BDI*
A51: * Fórmula do Acórdão TCU 2.622/2013
A53: Tipos e especificações das tintas que devem ser utilizadas no imóvel:
A54: LOCAL DE APLICAÇÃO | B54: ESPECIFICAÇÃO
A55: Fachadas e muros externos | B55: Tinta acrílica, acabamento fosco, cor algodão cinzento, marca de referência Suvinil ou equivalente aprovado
B56: Tinta acrílica, acabamento fosco, cor tubarão martelo, marca de referência Suvinil ou equivalente aprovado
B57: Tinta acrílica, acabamento fosco, cor cinza profundo, marca de referência Suvinil ou equivalente aprovado
A58: Paredes internas | B58: Tinta acrílica, acabamento acetinado, cor algodão cinzento, marca de referência Suvinil ou equivalente aprovado
B59: Tinta acrílica, acabamento acetinado, cor tubarão martelo, marca de referência Suvinil ou equivalente aprovado
B60: Tinta acrílica, acabamento acetinado, cor cinza profundo, marca de referência Suvinil ou equivalente aprovado
A61: Forros e lajes | B61: Tinta acrílica, acabamento fosco, cor branco neve, marca de referência Suvinil ou equivalente aprovado
A62: Portas de madeira | B62: Verniz incolor

Sheet Ibaiti
A1: PLANILHA DE CUSTOS E FORMAÇÃO DE PREÇOS
A2: Local: Ibaiti
A3: Endereço: Rua Joaquim da Silva Reis, 141
A5: Pregão Eletrônico n.º:
A6: Data: | C6: Horário:
I8: BDI | J8: =C50 -> 0
A11: ITEM | B11: DESCRIÇÃO DO SERVIÇO | C11: UNIDADE DE MEDIDA | D11: QUANTI DADE | E11: VALORES (R$)
E12: MATERIAL | F12: MÃO DE OBRA | G12: EQUIPAMENTO | H12: TOTAL UNITÁRIO | I12: TOTAL MATERIAL | J12: TOTAL MÃO DE OBRA | K12: TOTAL EQUIPAMENTO | L12: TOTAL SEM BDI | M12: TOTAL COM BDI
A13: 1 | B13: JARDINAGEM E MANUTENÇÃO DE PAISAGISMO | L13: =L14 -> 0 | M13: =M14 -> 0
A14: 1.1 | B14: Jardinagem e manutenção de paisagismo | C14: MÊS | D14: 0 | H14: =SUM(E14:G14) -> 0 | I14: =D14*E14 -> 0 | J14: =D14*F14 -> 0 | K14: =D14*G14 -> 0 | L14: =SUM(I14:K14) -> 0 | M14: =ROUND((L14*$J$8)+L14,2) -> 0
A15: 2 | B15: LIMPEZA E DESINFECÇÃO DE RESERVATÓRIOS DE ÁGUA | L15: =L16 -> 0 | M15: =M16 -> 0
A16: 2.1 | B16: Limpeza e desinfecção de reservatórios de água | C16: UN | D16: 1 | H16: =SUM(E16:G16) -> 0 | I16: =D16*E16 -> 0 | J16: =D16*F16 -> 0 | K16: =D16*G16 -> 0 | L16: =SUM(I16:K16) -> 0 | M16: =ROUND((L16*$J$8)+L16,2) -> 0
A17: 3 | B17: DESINSETIZAÇÃO, DESRATIZAÇÃO E DESCUPINIZAÇÃO | L17: =L18 -> 0 | M17: =M18 -> 0
A18: 3.1 | B18: Desinsetização, desratização e descupinização | C18: UN | D18: 2 | H18: =SUM(E18:G18) -> 0 | I18: =D18*E18 -> 0 | J18: =D18*F18 -> 0 | K18: =D18*G18 -> 0 | L18: =SUM(I18:K18) -> 0 | M18: =ROUND((L18*$J$8)+L18,2) -> 0
A19: 4 | B19: RECARGA E MANUTENÇÃO DE EXTINTORES DE INCÊNDIO | L19: =L20 -> 0 | M19: =M20 -> 0
A20: 4.1 | B20: Recarga e manutenção de extintores de incêndio | C20: CJ | D20: 1 | H20: =SUM(E20:G20) -> 0 | I20: =D20*E20 -> 0 | J20: =D20*F20 -> 0 | K20: =D20*G20 -> 0 | L20: =SUM(I20:K20) -> 0 | M20: =ROUND((L20*$J$8)+L20,2) -> 0
A21: 5 | B21: LIMPEZA E MANUTENÇÃO DE PURIFICADORES DE ÁGUA | L21: =L22 -> 0 | M21: =M22 -> 0
A22: 5.1 | B22: Limpeza e manutenção de purificadores de água | C22: UN | D22: 3 | H22: =SUM(E22:G22) -> 0 | I22: =D22*E22 -> 0 | J22: =D22*F22 -> 0 | K22: =D22*G22 -> 0 | L22: =SUM(I22:K22) -> 0 | M22: =ROUND((L22*$J$8)+L22,2) -> 0
A23: 6 | B23: LAUDOS DE INSPEÇÃO SPDA E SUBESTAÇÕES | L23: =L24 -> 0 | M23: =M24 -> 0
A24: 6.1 | B24: Laudos de inspeção SPDA e subestações | C24: UN | D24: 0 | H24: =SUM(E24:G24) -> 0 | I24: =D24*E24 -> 0 | J24: =D24*F24 -> 0 | K24: =D24*G24 -> 0 | L24: =SUM(I24:K24) -> 0 | M24: =ROUND((L24*$J$8)+L24,2) -> 0
A25: 7 | B25: LAUDOS DE PONTOS DE ANCORAGEM | L25: =L26 -> 0 | M25: =M26 -> 0
A26: 7.1 | B26: Laudos de pontos de Ancoragem | C26: UN | D26: 0 | H26: =SUM(E26:G26) -> 0 | I26: =D26*E26 -> 0 | J26: =D26*F26 -> 0 | K26: =D26*G26 -> 0 | L26: =SUM(I26:K26) -> 0 | M26: =ROUND((L26*$J$8)+L26,2) -> 0
A27: 8 | B27: INSPEÇÃO PREDIAL | L27: =L28 -> 0 | M27: =M28 -> 0
A28: 8.1 | B28: Laudo de Inspeção predial | C28: UN | D28: 1 | H28: =SUM(E28:G28) -> 0 | I28: =D28*E28 -> 0 | J28: =D28*F28 -> 0 | K28: =D28*G28 -> 0 | L28: =SUM(I28:K28) -> 0 | M28: =ROUND((L28*$J$8)+L28,2) -> 0
A29: 9 | B29: MANUTENÇÃO PREDIAL | L29: =SUM(L32:L33) -> 0 | M29: =SUM(M30:M33) -> 0
A30: 9.1 | B30: EMASSAMENTO COM MASSA LÁTEX, APLICAÇÃO EM PAREDE, UMA DEMÃO, LIXAMENTO MANUAL. AF_04/2023 - SINAPI 88495 (03/2025) | C30: M² | D30: =D31 -> 200 | H30: =SUM(E30:G30) -> 0 | I30: =D30*E30 -> 0 | J30: =D30*F30 -> 0 | K30: =D30*G30 -> 0 | L30: =SUM(I30:K30) -> 0 | M30: =ROUND((L30*$J$8)+L30,2) -> 0
A31: 9.2 | B31: FUNDO SELADOR ACRÍLICO, APLICAÇÃO MANUAL EM PAREDE, UMA DEMÃO. AF_04/2023 - SINAPI 88485 (03/2025) | C31: M² | D31: =D32 -> 200 | H31: =SUM(E31:G31) -> 0 | I31: =D31*E31 -> 0 | J31: =D31*F31 -> 0 | K31: =D31*G31 -> 0 | L31: =SUM(I31:K31) -> 0 | M31: =ROUND((L31*$J$8)+L31,2) -> 0
A32: 9.3 | B32: PINTURA LÁTEX ACRÍLICA PREMIUM, APLICAÇÃO MANUAL EM PAREDES, DUAS DEMÃOS. AF_04/2023 - SINAPI 88489 (03/2025) | C32: M² | D32: 200 | H32: =SUM(E32:G32) -> 0 | I32: =D32*E32 -> 0 | J32: =D32*F32 -> 0 | K32: =D32*G32 -> 0 | L32: =SUM(I32:K32) -> 0 | M32: =ROUND((L32*$J$8)+L32,2) -> 0
A33: 9.4 | B33: LUMINÁRIA DE EMERGÊNCIA, COM 30 LÂMPADAS LED DE 2 W, SEM REATOR - FORNECIMENTO E INSTALAÇÃO. AF_02/2020 - SINAPI 97599 (03/2025) | C33: UN | D33: 1 | H33: =SUM(E33:G33) -> 0 | I33: =D33*E33 -> 0 | J33: =D33*F33 -> 0 | K33: =D33*G33 -> 0 | L33: =SUM(I33:K33) -> 0 | M33: =ROUND((L33*$J$8)+L33,2) -> 0
M34: =M13+M15+M17+M19+M21+M23+M25+M29 -> 0
A36: BENEFÍCIOS E DESPESAS INDIRETAS (BDI)
A38: ITEM | B38: DISCRIMINAÇÃO | C38: TAXA BDI (%)
A40: 1 | B40: A – ADMINISTRAÇÃO CENTRAL
A41: 2 | B41: SG – seguros + garantias
A42: 3 | B42: R – riscos
A43: 4 | B43: F – despesas financeiras
A44: 5 | B44: L – lucro bruto
A45: 6 | B45: T - tributos
A46: 6.1 | B46: COFINS
A47: 6.2 | B47: PIS
A48: 6.3 | B48: Contribuição Previdenciária sobre Receita Bruta (CPRB)
A49: 6.4 | B49: ISS (Conforme Legislação Municipal)
A50: Fórmula BDI*
A51: * Fórmula do Acórdão TCU 2.622/2013
A53: Tipos e especificações das tintas que devem ser utilizadas no imóvel:
A54: LOCAL DE APLICAÇÃO | B54: ESPECIFICAÇÃO
A55: Fachadas e muros externos | B55: Tinta acrílica, acabamento fosco, cor algodão cinzento, marca de referência Suvinil ou equivalente aprovado
B56: Tinta acrílica, acabamento fosco, cor tubarão martelo, marca de referência Suvinil ou equivalente aprovado
B57: Tinta acrílica, acabamento fosco, cor cinza profundo, marca de referência Suvinil ou equivalente aprovado
A58: Paredes internas | B58: Tinta acrílica, acabamento acetinado, cor algodão cinzento, marca de referência Suvinil ou equivalente aprovado
B59: Tinta acrílica, acabamento acetinado, cor tubarão martelo, marca de referência Suvinil ou equivalente aprovado
B60: Tinta acrílica, acabamento acetinado, cor cinza profundo, marca de referência Suvinil ou equivalente aprovado
A61: Forros e lajes | B61: Tinta acrílica, acabamento fosco, cor branco neve, marca de referência Suvinil ou equivalente aprovado
A62: Portas de madeira | B62: Verniz incolor

Sheet Irati
A1: PLANILHA DE CUSTOS E FORMAÇÃO DE PREÇOS
A2: Local: Irati
A3: Endereço: Rua Alfredo Bufrem, 237, sala 7
A5: Pregão Eletrônico n.º:
A6: Data: | C6: Horário:
I8: BDI | J8: =C65 -> 0
A11: ITEM | B11: DESCRIÇÃO DO SERVIÇO | C11: UNIDADE DE MEDIDA | D11: QUANTI DADE | E11: VALORES (R$)
E12: MATERIAL | F12: MÃO DE OBRA | G12: EQUIPAMENTO | H12: TOTAL UNITÁRIO | I12: TOTAL MATERIAL | J12: TOTAL MÃO DE OBRA | K12: TOTAL EQUIPAMENTO | L12: TOTAL SEM BDI | M12: TOTAL COM BDI
A13: 1 | B13: JARDINAGEM E MANUTENÇÃO DE PAISAGISMO | L13: =L14 -> 0 | M13: =M14 -> 0
A14: 1.1 | B14: Jardinagem e manutenção de paisagismo | C14: MÊS | D14: 0 | H14: =SUM(E14:G14) -> 0 | I14: =D14*E14 -> 0 | J14: =D14*F14 -> 0 | K14: =D14*G14 -> 0 | L14: =SUM(I14:K14) -> 0 | M14: =ROUND((L14*$J$8)+L14,2) -> 0
A15: 2 | B15: LIMPEZA E DESINFECÇÃO DE RESERVATÓRIOS DE ÁGUA | L15: =L16 -> 0 | M15: =M16 -> 0
A16: 2.1 | B16: Limpeza e desinfecção de reservatórios de água | C16: UN | D16: 0 | H16: =SUM(E16:G16) -> 0 | I16: =D16*E16 -> 0 | J16: =D16*F16 -> 0 | K16: =D16*G16 -> 0 | L16: =SUM(I16:K16) -> 0 | M16: =ROUND((L16*$J$8)+L16,2) -> 0
A17: 3 | B17: DESINSETIZAÇÃO, DESRATIZAÇÃO E DESCUPINIZAÇÃO | L17: =L18 -> 0 | M17: =M18 -> 0
A18: 3.1 | B18: Desinsetização, desratização e descupinização | C18: UN | D18: 2 | H18: =SUM(E18:G18) -> 0 | I18: =D18*E18 -> 0 | J18: =D18*F18 -> 0 | K18: =D18*G18 -> 0 | L18: =SUM(I18:K18) -> 0 | M18: =ROUND((L18*$J$8)+L18,2) -> 0
A19: 4 | B19: RECARGA E MANUTENÇÃO DE EXTINTORES DE INCÊNDIO | L19: =L20 -> 0 | M19: =M20 -> 0
A20: 4.1 | B20: Recarga e manutenção de extintores de incêndio | C20: CJ | D20: 1 | H20: =SUM(E20:G20) -> 0 | I20: =D20*E20 -> 0 | J20: =D20*F20 -> 0 | K20: =D20*G20 -> 0 | L20: =SUM(I20:K20) -> 0 | M20: =ROUND((L20*$J$8)+L20,2) -> 0
A21: 5 | B21: LIMPEZA E MANUTENÇÃO DE PURIFICADORES DE ÁGUA | L21: =L22 -> 0 | M21: =M22 -> 0
A22: 5.1 | B22: Limpeza e manutenção de purificadores de água | C22: UN | D22: 3 | H22: =SUM(E22:G22) -> 0 | I22: =D22*E22 -> 0 | J22: =D22*F22 -> 0 | K22: =D22*G22 -> 0 | L22: =SUM(I22:K22) -> 0 | M22: =ROUND((L22*$J$8)+L22,2) -> 0
A23: 6 | B23: LAUDOS DE INSPEÇÃO SPDA E SUBESTAÇÕES | L23: =L24 -> 0 | M23: =M24 -> 0
A24: 6.1 | B24: Laudos de inspeção SPDA e subestações | C24: UN | D24: 0 | H24: =SUM(E24:G24) -> 0 | I24: =D24*E24 -> 0 | J24: =D24*F24 -> 0 | K24: =D24*G24 -> 0 | L24: =SUM(I24:K24) -> 0 | M24: =ROUND((L24*$J$8)+L24,2) -> 0
A25: 7 | B25: LAUDOS DE PONTOS DE ANCORAGEM | L25: =L26 -> 0 | M25: =M26 -> 0
A26: 7.1 | B26: Laudos de pontos de Ancoragem | C26: UN | D26: 0 | H26: =SUM(E26:G26) -> 0 | I26: =D26*E26 -> 0 | J26: =D26*F26 -> 0 | K26: =D26*G26 -> 0 | L26: =SUM(I26:K26) -> 0 | M26: =ROUND((L26*$J$8)+L26,2) -> 0
A27: 8 | B27: INSPEÇÃO PREDIAL | L27: =L28 -> 0 | M27: =M28 -> 0
A28: 8.1 | B28: Laudo de Inspeção predial | C28: UN | D28: 1 | H28: =SUM(E28:G28) -> 0 | I28: =D28*E28 -> 0 | J28: =D28*F28 -> 0 | K28: =D28*G28 -> 0 | L28: =SUM(I28:K28) -> 0 | M28: =ROUND((L28*$J$8)+L28,2) -> 0
A29: 9 | B29: MANUTENÇÃO PREDIAL | L29: =SUM(L32:L48) -> 0 | M29: =SUM(M30:M48) -> 0
A30: 9.1 | B30: EMASSAMENTO COM MASSA LÁTEX, APLICAÇÃO EM PAREDE, UMA DEMÃO, LIXAMENTO MANUAL. AF_04/2023 - SINAPI 88495 (03/2025) | C30: M² | D30: =D31 -> 213.75 | H30: =SUM(E30:G30) -> 0 | I30: =D30*E30 -> 0 | J30: =D30*F30 -> 0 | K30: =D30*G30 -> 0 | L30: =SUM(I30:K30) -> 0 | M30: =ROUND((L30*$J$8)+L30,2) -> 0
A31: 9.2 | B31: FUNDO SELADOR ACRÍLICO, APLICAÇÃO MANUAL EM PAREDE, UMA DEMÃO. AF_04/2023 - SINAPI 88485 (03/2025) | C31: M² | D31: 213.75 | H31: =SUM(E31:G31) -> 0 | I31: =D31*E31 -> 0 | J31: =D31*F31 -> 0 | K31: =D31*G31 -> 0 | L31: =SUM(I31:K31) -> 0 | M31: =ROUND((L31*$J$8)+L31,2) -> 0
A32: 9.3 | B32: PINTURA LÁTEX ACRÍLICA PREMIUM, APLICAÇÃO MANUAL EM PAREDES, DUAS DEMÃOS. AF_04/2023 - SINAPI 88489 (03/2025) | C32: M² | D32: 200 | H32: =SUM(E32:G32) -> 0 | I32: =D32*E32 -> 0 | J32: =D32*F32 -> 0 | K32: =D32*G32 -> 0 | L32: =SUM(I32:K32) -> 0 | M32: =ROUND((L32*$J$8)+L32,2) -> 0
A33: 9.4 | B33: PROTEÇÃO DE PEDESTRES, INCLUSIVE MONTAGEM E DESMONTAGEM. AF_03/2024_PS - SINAPI 97066 (03/2025) | C33: M² | D33: 1 | H33: =SUM(E33:G33) -> 0 | I33: =D33*E33 -> 0 | J33: =D33*F33 -> 0 | K33: =D33*G33 -> 0 | L33: =SUM(I33:K33) -> 0 | M33: =ROUND((L33*$J$8)+L33,2) -> 0
A34: 9.5 | B34: FORNECIMENTO E INSTALAÇÃO DE SUPORTE DE MADEIRA PARA PLACAS DE SINALIZAÇÃO, EM SOLO, COM H= DE 2,5 M E SEÇÃO DE 7,5 X 7,5 CM. AF_03/2022 - SINAPI 103694 (03/2025) | C34: UD | D34: 1 | H34: =SUM(E34:G34) -> 0 | I34: =D34*E34 -> 0 | J34: =D34*F34 -> 0 | K34: =D34*G34 -> 0 | L34: =SUM(I34:K34) -> 0 | M34: =ROUND((L34*$J$8)+L34,2) -> 0
A35: 9.6 | B35: PLACA DE OBRA (PARA CONSTRUCAO CIVIL) EM CHAPA GALVANIZADA *N. 22*, ADESIVADA, DE *2,4 X 1,2* M (SEM POSTES PARA FIXACAO) - SINAPI 103689 (03/2025) | C35: M² | D35: 1 | H35: =SUM(E35:G35) -> 0 | I35: =D35*E35 -> 0 | J35: =D35*F35 -> 0 | K35: =D35*G35 -> 0 | L35: =SUM(I35:K35) -> 0 | M35: =ROUND((L35*$J$8)+L35,2) -> 0
A36: 9.7 | B36: TEXTURA ACRÍLICA, APLICAÇÃO MANUAL EM PAREDE, UMA DEMÃO. AF_04/2023 - SINAPI 95305 (03/2025) | C36: M² | D36: 2.75 | H36: =SUM(E36:G36) -> 0 | I36: =D36*E36 -> 0 | J36: =D36*F36 -> 0 | K36: =D36*G36 -> 0 | L36: =SUM(I36:K36) -> 0 | M36: =ROUND((L36*$J$8)+L36,2) -> 0
A37: 9.8 | B37: APLICAÇÃO MANUAL DE FUNDO SELADOR ACRÍLICO EM PANOS COM PRESENÇA DE VÃOS DE EDIFÍCIOS DE MÚLTIPLOS PAVIMENTOS. AF_06/2014 - SINAPI 88411 (03/2025) | C37: M² | D37: 13.75 | H37: =SUM(E37:G37) -> 0 | I37: =D37*E37 -> 0 | J37: =D37*F37 -> 0 | K37: =D37*G37 -> 0 | L37: =SUM(I37:K37) -> 0 | M37: =ROUND((L37*$J$8)+L37,2) -> 0
A38: 9.9 | B38: APLICAÇÃO MANUAL DE TINTA LÁTEX ACRÍLICA EM PAREDE EXTERNAS DE CASAS, DUAS DEMÃOS. AF_11/2016 - SINAPI 95626 (03/2025) | C38: M² | D38: 13.75 | H38: =SUM(E38:G38) -> 0 | I38: =D38*E38 -> 0 | J38: =D38*F38 -> 0 | K38: =D38*G38 -> 0 | L38: =SUM(I38:K38) -> 0 | M38: =ROUND((L38*$J$8)+L38,2) -> 0
A39: 9.10 | B39: LIMPEZA DE SUPERFÍCIE COM JATO DE ALTA PRESSÃO. AF_04/2019 - SINAPI 99814 (03/2025) | C39: M² | D39: 103.6 | H39: =SUM(E39:G39) -> 0 | I39: =D39*E39 -> 0 | J39: =D39*F39 -> 0 | K39: =D39*G39 -> 0 | L39: =SUM(I39:K39) -> 0 | M39: =ROUND((L39*$J$8)+L39,2) -> 0
A40: 9.11 | B40: PINTURA HIDROFUGANTE COM SILICONE, APLICAÇÃO MANUAL, 2 DEMÃOS. AF_05/2021 - SINAPI 102489 (03/2025) | C40: M² | D40: 103.6 | H40: =SUM(E40:G40) -> 0 | I40: =D40*E40 -> 0 | J40: =D40*F40 -> 0 | K40: =D40*G40 -> 0 | L40: =SUM(I40:K40) -> 0 | M40: =ROUND((L40*$J$8)+L40,2) -> 0
A41: 9.12 | B41: SELANTE ELASTICO MONOCOMPONENTE A BASE DE POLIURETANO (PU) PARA JUNTAS DIVERSAS - SETOP - ED-50579 (01/2025) | C41: 310ML | D41: 12.11 | H41: =SUM(E41:G41) -> 0 | I41: =D41*E41 -> 0 | J41: =D41*F41 -> 0 | K41: =D41*G41 -> 0 | L41: =SUM(I41:K41) -> 0 | M41: =ROUND((L41*$J$8)+L41,2) -> 0
A42: 9.13 | B42: REBITE DE REPUXO EM ALUMINIO VAZADO, DIAMETRO 3,2 X 8 MM DE COMPRIMENTO (1KG = 1025 UNIDADES) - SINAPI 5104 (03/2025) | C42: KG | D42: 0.036 | H42: =SUM(E42:G42) -> 0 | I42: =D42*E42 -> 0 | J42: =D42*F42 -> 0 | K42: =D42*G42 -> 0 | L42: =SUM(I42:K42) -> 0 | M42: =ROUND((L42*$J$8)+L42,2) -> 0
... A48: 9.19 | B48: LUMINÁRIA DE EMERGÊNCIA, COM 30 LÂMPADAS LED DE 2 W, SEM REATOR - FORNECIMENTO E INSTALAÇÃO. AF_02/2020 - SINAPI 97599 (03/2025) | C48: UN | D48: 1 | H48: =SUM(E48:G48) -> 0 | I48: =D48*E48 -> 0 | J48: =D48*F48 -> 0 | K48: =D48*G48 -> 0 | L48: =SUM(I48:K48) -> 0 | M48: =ROUND((L48*$J$8)+L48,2) -> 0
M49: =M13+M15+M17+M19+M21+M23+M25+M29 -> 0
A51: BENEFÍCIOS E DESPESAS INDIRETAS (BDI)
A53: ITEM | B53: DISCRIMINAÇÃO | C53: TAXA BDI (%)
A55: 1 | B55: A – ADMINISTRAÇÃO CENTRAL
A56: 2 | B56: SG – seguros + garantias
A57: 3 | B57: R – riscos
A58: 4 | B58: F – despesas financeiras
A59: 5 | B59: L – lucro bruto
A60: 6 | B60: T - tributos
A61: 6.1 | B61: COFINS
A62: 6.2 | B62: PIS
A63: 6.3 | B63: Contribuição Previdenciária sobre Receita Bruta (CPRB)
A64: 6.4 | B64: ISS (Conforme Legislação Municipal)
A65: Fórmula BDI*
A66: * Fórmula do Acórdão TCU 2.622/2013
A68: Tipos e especificações das tintas que devem ser utilizadas no imóvel:
A69: LOCAL DE APLICAÇÃO | B69: ESPECIFICAÇÃO
A70: Fachadas e muros externos | B70: Tinta acrílica, acabamento fosco, cor algodão cinzento, marca de referência Suvinil ou equivalente aprovado
B71: Tinta acrílica, acabamento fosco, cor tubarão martelo, marca de referência Suvinil ou equivalente aprovado
B72: Tinta acrílica, acabamento fosco, cor cinza profundo, marca de referência Suvinil ou equivalente aprovado
A73: Paredes internas | B73: Tinta acrílica, acabamento acetinado, cor algodão cinzento, marca de referência Suvinil ou equivalente aprovado
B74: Tinta acrílica, acabamento acetinado, cor tubarão martelo, marca de referência Suvinil ou equivalente aprovado
B75: Tinta acrílica, acabamento acetinado, cor cinza profundo, marca de referência Suvinil ou equivalente aprovado
A76: Forros e lajes | B76: Tinta acrílica, acabamento fosco, cor branco neve, marca de referência Suvinil ou equivalente aprovado
A77: Portas de madeira | B77: Verniz incolor

Sheet Ivaiporã
A1: PLANILHA DE CUSTOS E FORMAÇÃO DE PREÇOS
A2: Local: Ivaiporã
A3: Endereço: Rua Professora Diva Proença, 1170
A5: Pregão Eletrônico n.º:
A6: Data: | C6: Horário:
I8: BDI | J8: =C50 -> 0
A11: ITEM | B11: DESCRIÇÃO DO SERVIÇO | C11: UNIDADE DE MEDIDA | D11: QUANTI DADE | E11: VALORES (R$)
E12: MATERIAL | F12: MÃO DE OBRA | G12: EQUIPAMENTO | H12: TOTAL UNITÁRIO | I12: TOTAL MATERIAL | J12: TOTAL MÃO DE OBRA | K12: TOTAL EQUIPAMENTO | L12: TOTAL SEM BDI | M12: TOTAL COM BDI
A13: 1 | B13: JARDINAGEM E MANUTENÇÃO DE PAISAGISMO | L13: =L14 -> 0 | M13: =M14 -> 0
A14: 1.1 | B14: Jardinagem e manutenção de paisagismo | C14: MÊS | D14: 0 | H14: =SUM(E14:G14) -> 0 | I14: =D14*E14 -> 0 | J14: =D14*F14 -> 0 | K14: =D14*G14 -> 0 | L14: =SUM(I14:K14) -> 0 | M14: =ROUND((L14*$J$8)+L14,2) -> 0
A15: 2 | B15: LIMPEZA E DESINFECÇÃO DE RESERVATÓRIOS DE ÁGUA | L15: =L16 -> 0 | M15: =M16 -> 0
A16: 2.1 | B16: Limpeza e desinfecção de reservatórios de água | C16: UN | D16: 1 | H16: =SUM(E16:G16) -> 0 | I16: =D16*E16 -> 0 | J16: =D16*F16 -> 0 | K16: =D16*G16 -> 0 | L16: =SUM(I16:K16) -> 0 | M16: =ROUND((L16*$J$8)+L16,2) -> 0
A17: 3 | B17: DESINSETIZAÇÃO, DESRATIZAÇÃO E DESCUPINIZAÇÃO | L17: =L18 -> 0 | M17: =M18 -> 0
A18: 3.1 | B18: Desinsetização, desratização e descupinização | C18: UN | D18: 2 | H18: =SUM(E18:G18) -> 0 | I18: =D18*E18 -> 0 | J18: =D18*F18 -> 0 | K18: =D18*G18 -> 0 | L18: =SUM(I18:K18) -> 0 | M18: =ROUND((L18*$J$8)+L18,2) -> 0
A19: 4 | B19: RECARGA E MANUTENÇÃO DE EXTINTORES DE INCÊNDIO | L19: =L20 -> 0 | M19: =M20 -> 0
A20: 4.1 | B20: Recarga e manutenção de extintores de incêndio | C20: CJ | D20: 1 | H20: =SUM(E20:G20) -> 0 | I20: =D20*E20 -> 0 | J20: =D20*F20 -> 0 | K20: =D20*G20 -> 0 | L20: =SUM(I20:K20) -> 0 | M20: =ROUND((L20*$J$8)+L20,2) -> 0
A21: 5 | B21: LIMPEZA E MANUTENÇÃO DE PURIFICADORES DE ÁGUA | L21: =L22 -> 0 | M21: =M22 -> 0
A22: 5.1 | B22: Limpeza e manutenção de purificadores de água | C22: UN | D22: 3 | H22: =SUM(E22:G22) -> 0 | I22: =D22*E22 -> 0 | J22: =D22*F22 -> 0 | K22: =D22*G22 -> 0 | L22: =SUM(I22:K22) -> 0 | M22: =ROUND((L22*$J$8)+L22,2) -> 0
A23: 6 | B23: LAUDOS DE INSPEÇÃO SPDA E SUBESTAÇÕES | L23: =L24 -> 0 | M23: =M24 -> 0
A24: 6.1 | B24: Laudos de inspeção SPDA e subestações | C24: UN | D24: 0 | H24: =SUM(E24:G24) -> 0 | I24: =D24*E24 -> 0 | J24: =D24*F24 -> 0 | K24: =D24*G24 -> 0 | L24: =SUM(I24:K24) -> 0 | M24: =ROUND((L24*$J$8)+L24,2) -> 0
A25: 7 | B25: LAUDOS DE PONTOS DE ANCORAGEM | L25: =L26 -> 0 | M25: =M26 -> 0
A26: 7.1 | B26: Laudos de pontos de Ancoragem | C26: UN | D26: 0 | H26: =SUM(E26:G26) -> 0 | I26: =D26*E26 -> 0 | J26: =D26*F26 -> 0 | K26: =D26*G26 -> 0 | L26: =SUM(I26:K26) -> 0 | M26: =ROUND((L26*$J$8)+L26,2) -> 0
A27: 8 | B27: INSPEÇÃO PREDIAL | L27: =L28 -> 0 | M27: =M28 -> 0
A28: 8.1 | B28: Laudo de Inspeção predial | C28: UN | D28: 1 | H28: =SUM(E28:G28) -> 0 | I28: =D28*E28 -> 0 | J28: =D28*F28 -> 0 | K28: =D28*G28 -> 0 | L28: =SUM(I28:K28) -> 0 | M28: =ROUND((L28*$J$8)+L28,2) -> 0
A29: 9 | B29: MANUTENÇÃO PREDIAL | L29: =SUM(L32:L33) -> 0 | M29: =SUM(M30:M33) -> 0
A30: 9.1 | B30: EMASSAMENTO COM MASSA LÁTEX, APLICAÇÃO EM PAREDE, UMA DEMÃO, LIXAMENTO MANUAL. AF_04/2023 - SINAPI 88495 (03/2025) | C30: M² | D30: =D31 -> 150 | H30: =SUM(E30:G30) -> 0 | I30: =D30*E30 -> 0 | J30: =D30*F30 -> 0 | K30: =D30*G30 -> 0 | L30: =SUM(I30:K30) -> 0 | M30: =ROUND((L30*$J$8)+L30,2) -> 0
A31: 9.2 | B31: FUNDO SELADOR ACRÍLICO, APLICAÇÃO MANUAL EM PAREDE, UMA DEMÃO. AF_04/2023 - SINAPI 88485 (03/2025) | C31: M² | D31: =D32 -> 150 | H31: =SUM(E31:G31) -> 0 | I31: =D31*E31 -> 0 | J31: =D31*F31 -> 0 | K31: =D31*G31 -> 0 | L31: =SUM(I31:K31) -> 0 | M31: =ROUND((L31*$J$8)+L31,2) -> 0
A32: 9.3 | B32: PINTURA LÁTEX ACRÍLICA PREMIUM, APLICAÇÃO MANUAL EM PAREDES, DUAS DEMÃOS. AF_04/2023 - SINAPI 88489 (03/2025) | C32: M² | D32: 150 | H32: =SUM(E32:G32) -> 0 | I32: =D32*E32 -> 0 | J32: =D32*F32 -> 0 | K32: =D32*G32 -> 0 | L32: =SUM(I32:K32) -> 0 | M32: =ROUND((L32*$J$8)+L32,2) -> 0
A33: 9.4 | B33: LUMINÁRIA DE EMERGÊNCIA, COM 30 LÂMPADAS LED DE 2 W, SEM REATOR - FORNECIMENTO E INSTALAÇÃO. AF_02/2020 - SINAPI 97599 (03/2025) | C33: UN | D33: 1 | H33: =SUM(E33:G33) -> 0 | I33: =D33*E33 -> 0 | J33: =D33*F33 -> 0 | K33: =D33*G33 -> 0 | L33: =SUM(I33:K33) -> 0 | M33: =ROUND((L33*$J$8)+L33,2) -> 0
M34: =M13+M15+M17+M19+M21+M23+M25+M29 -> 0
A36: BENEFÍCIOS E DESPESAS INDIRETAS (BDI)
A38: ITEM | B38: DISCRIMINAÇÃO | C38: TAXA BDI (%)
A40: 1 | B40: A – ADMINISTRAÇÃO CENTRAL
A41: 2 | B41: SG – seguros + garantias
A42: 3 | B42: R – riscos
A43: 4 | B43: F – despesas financeiras
A44: 5 | B44: L – lucro bruto
A45: 6 | B45: T - tributos
A46: 6.1 | B46: COFINS
A47: 6.2 | B47: PIS
A48: 6.3 | B48: Contribuição Previdenciária sobre Receita Bruta (CPRB)
A49: 6.4 | B49: ISS (Conforme Legislação Municipal)
A50: Fórmula BDI*
A51: * Fórmula do Acórdão TCU 2.622/2013
A53: Tipos e especificações das tintas que devem ser utilizadas no imóvel:
A54: LOCAL DE APLICAÇÃO | B54: ESPECIFICAÇÃO
A55: Fachadas e muros externos | B55: Tinta acrílica, acabamento fosco, cor algodão cinzento, marca de referência Suvinil ou equivalente aprovado
B56: Tinta acrílica, acabamento fosco, cor tubarão martelo, marca de referência Suvinil ou equivalente aprovado
B57: Tinta acrílica, acabamento fosco, cor cinza profundo, marca de referência Suvinil ou equivalente aprovado
A58: Paredes internas | B58: Tinta acrílica, acabamento acetinado, cor algodão cinzento, marca de referência Suvinil ou equivalente aprovado
B59: Tinta acrílica, acabamento acetinado, cor tubarão martelo, marca de referência Suvinil ou equivalente aprovado
B60: Tinta acrílica, acabamento acetinado, cor cinza profundo, marca de referência Suvinil ou equivalente aprovado
A61: Forros e lajes | B61: Tinta acrílica, acabamento fosco, cor branco neve, marca de referência Suvinil ou equivalente aprovado
A62: Portas de madeira | B62: Verniz incolor

Sheet Jacarezinho
A1: PLANILHA DE CUSTOS E FORMAÇÃO DE PREÇOS
A2: Local: Jacarezinho
A3: Endereço: Rua Antonio Lemos, 954
A5: Pregão Eletrônico n.º:
A6: Data: | C6: Horário:
I8: BDI | J8: =C50 -> 0
A11: ITEM | B11: DESCRIÇÃO DO SERVIÇO | C11: UNIDADE DE MEDIDA | D11: QUANTI DADE | E11: VALORES (R$)
E12: MATERIAL | F12: MÃO DE OBRA | G12: EQUIPAMENTO | H12: TOTAL UNITÁRIO | I12: TOTAL MATERIAL | J12: TOTAL MÃO DE OBRA | K12: TOTAL EQUIPAMENTO | L12: TOTAL SEM BDI | M12: TOTAL COM BDI
A13: 1 | B13: JARDINAGEM E MANUTENÇÃO DE PAISAGISMO | L13: =L14 -> 0 | M13: =M14 -> 0
A14: 1.1 | B14: Jardinagem e manutenção de paisagismo | C14: MÊS | D14: 0 | H14: =SUM(E14:G14) -> 0 | I14: =D14*E14 -> 0 | J14: =D14*F14 -> 0 | K14: =D14*G14 -> 0 | L14: =SUM(I14:K14) -> 0 | M14: =ROUND((L14*$J$8)+L14,2) -> 0
A15: 2 | B15: LIMPEZA E DESINFECÇÃO DE RESERVATÓRIOS DE ÁGUA | L15: =L16 -> 0 | M15: =M16 -> 0
A16: 2.1 | B16: Limpeza e desinfecção de reservatórios de água | C16: UN | D16: 1 | H16: =SUM(E16:G16) -> 0 | I16: =D16*E16 -> 0 | J16: =D16*F16 -> 0 | K16: =D16*G16 -> 0 | L16: =SUM(I16:K16) -> 0 | M16: =ROUND((L16*$J$8)+L16,2) -> 0
A17: 3 | B17: DESINSETIZAÇÃO, DESRATIZAÇÃO E DESCUPINIZAÇÃO | L17: =L18 -> 0 | M17: =M18 -> 0
A18: 3.1 | B18: Desinsetização, desratização e descupinização | C18: UN | D18: 2 | H18: =SUM(E18:G18) -> 0 | I18: =D18*E18 -> 0 | J18: =D18*F18 -> 0 | K18: =D18*G18 -> 0 | L18: =SUM(I18:K18) -> 0 | M18: =ROUND((L18*$J$8)+L18,2) -> 0
A19: 4 | B19: RECARGA E MANUTENÇÃO DE EXTINTORES DE INCÊNDIO | L19: =L20 -> 0 | M19: =M20 -> 0
A20: 4.1 | B20: Recarga e manutenção de extintores de incêndio | C20: CJ | D20: 1 | H20: =SUM(E20:G20) -> 0 | I20: =D20*E20 -> 0 | J20: =D20*F20 -> 0 | K20: =D20*G20 -> 0 | L20: =SUM(I20:K20) -> 0 | M20: =ROUND((L20*$J$8)+L20,2) -> 0
A21: 5 | B21: LIMPEZA E MANUTENÇÃO DE PURIFICADORES DE ÁGUA | L21: =L22 -> 0 | M21: =M22 -> 0
A22: 5.1 | B22: Limpeza e manutenção de purificadores de água | C22: UN | D22: 3 | H22: =SUM(E22:G22) -> 0 | I22: =D22*E22 -> 0 | J22: =D22*F22 -> 0 | K22: =D22*G22 -> 0 | L22: =SUM(I22:K22) -> 0 | M22: =ROUND((L22*$J$8)+L22,2) -> 0
A23: 6 | B23: LAUDOS DE INSPEÇÃO SPDA E SUBESTAÇÕES | L23: =L24 -> 0 | M23: =M24 -> 0
A24: 6.1 | B24: Laudos de inspeção SPDA e subestações | C24: UN | D24: 0 | H24: =SUM(E24:G24) -> 0 | I24: =D24*E24 -> 0 | J24: =D24*F24 -> 0 | K24: =D24*G24 -> 0 | L24: =SUM(I24:K24) -> 0 | M24: =ROUND((L24*$J$8)+L24,2) -> 0
A25: 7 | B25: LAUDOS DE PONTOS DE ANCORAGEM | L25: =L26 -> 0 | M25: =M26 -> 0
A26: 7.1 | B26: Laudos de pontos de Ancoragem | C26: UN | D26: 0 | H26: =SUM(E26:G26) -> 0 | I26: =D26*E26 -> 0 | J26: =D26*F26 -> 0 | K26: =D26*G26 -> 0 | L26: =SUM(I26:K26) -> 0 | M26: =ROUND((L26*$J$8)+L26,2) -> 0
A27: 8 | B27: INSPEÇÃO PREDIAL | L27: =L28 -> 0 | M27: =M28 -> 0
A28: 8.1 | B28: Laudo de Inspeção predial | C28: UN | D28: 1 | H28: =SUM(E28:G28) -> 0 | I28: =D28*E28 -> 0 | J28: =D28*F28 -> 0 | K28: =D28*G28 -> 0 | L28: =SUM(I28:K28) -> 0 | M28: =ROUND((L28*$J$8)+L28,2) -> 0
A29: 9 | B29: MANUTENÇÃO PREDIAL | L29: =SUM(L32:L33) -> 0 | M29: =SUM(M30:M33) -> 0
A30: 9.1 | B30: EMASSAMENTO COM MASSA LÁTEX, APLICAÇÃO EM PAREDE, UMA DEMÃO, LIXAMENTO MANUAL. AF_04/2023 - SINAPI 88495 (03/2025) | C30: M² | D30: =D31 -> 200 | H30: =SUM(E30:G30) -> 0 | I30: =D30*E30 -> 0 | J30: =D30*F30 -> 0 | K30: =D30*G30 -> 0 | L30: =SUM(I30:K30) -> 0 | M30: =ROUND((L30*$J$8)+L30,2) -> 0
A31: 9.2 | B31: FUNDO SELADOR ACRÍLICO, APLICAÇÃO MANUAL EM PAREDE, UMA DEMÃO. AF_04/2023 - SINAPI 88485 (03/2025) | C31: M² | D31: =D32 -> 200 | H31: =SUM(E31:G31) -> 0 | I31: =D31*E31 -> 0 | J31: =D31*F31 -> 0 | K31: =D31*G31 -> 0 | L31: =SUM(I31:K31) -> 0 | M31: =ROUND((L31*$J$8)+L31,2) -> 0
A32: 9.3 | B32: PINTURA LÁTEX ACRÍLICA PREMIUM, APLICAÇÃO MANUAL EM PAREDES, DUAS DEMÃOS. AF_04/2023 - SINAPI 88489 (03/2025) | C32: M² | D32: 200 | H32: =SUM(E32:G32) -> 0 | I32: =D32*E32 -> 0 | J32: =D32*F32 -> 0 | K32: =D32*G32 -> 0 | L32: =SUM(I32:K32) -> 0 | M32: =ROUND((L32*$J$8)+L32,2) -> 0
A33: 9.4 | B33: LUMINÁRIA DE EMERGÊNCIA, COM 30 LÂMPADAS LED DE 2 W, SEM REATOR - FORNECIMENTO E INSTALAÇÃO. AF_02/2020 - SINAPI 97599 (03/2025) | C33: UN | D33: 1 | H33: =SUM(E33:G33) -> 0 | I33: =D33*E33 -> 0 | J33: =D33*F33 -> 0 | K33: =D33*G33 -> 0 | L33: =SUM(I33:K33) -> 0 | M33: =ROUND((L33*$J$8)+L33,2) -> 0
M34: =M13+M15+M17+M19+M21+M23+M25+M29 -> 0
A36: BENEFÍCIOS E DESPESAS INDIRETAS (BDI)
A38: ITEM | B38: DISCRIMINAÇÃO | C38: TAXA BDI (%)
A40: 1 | B40: A – ADMINISTRAÇÃO CENTRAL
A41: 2 | B41: SG – seguros + garantias
A42: 3 | B42: R – riscos
A43: 4 | B43: F – despesas financeiras
A44: 5 | B44: L – lucro bruto
A45: 6 | B45: T - tributos
A46: 6.1 | B46: COFINS
A47: 6.2 | B47: PIS
A48: 6.3 | B48: Contribuição Previdenciária sobre Receita Bruta (CPRB)
A49: 6.4 | B49: ISS (Conforme Legislação Municipal)
A50: Fórmula BDI*
A51: * Fórmula do Acórdão TCU 2.622/2013
A53: Tipos e especificações das tintas que devem ser utilizadas no imóvel:
A54: LOCAL DE APLICAÇÃO | B54: ESPECIFICAÇÃO
A55: Fachadas e muros externos | B55: Tinta acrílica, acabamento fosco, cor algodão cinzento, marca de referência Suvinil ou equivalente aprovado
B56: Tinta acrílica, acabamento fosco, cor tubarão martelo, marca de referência Suvinil ou equivalente aprovado
B57: Tinta acrílica, acabamento fosco, cor cinza profundo, marca de referência Suvinil ou equivalente aprovado
A58: Paredes internas | B58: Tinta acrílica, acabamento acetinado, cor algodão cinzento, marca de referência Suvinil ou equivalente aprovado
B59: Tinta acrílica, acabamento acetinado, cor tubarão martelo, marca de referência Suvinil ou equivalente aprovado
B60: Tinta acrílica, acabamento acetinado, cor cinza profundo, marca de referência Suvinil ou equivalente aprovado
A61: Forros e lajes | B61: Tinta acrílica, acabamento fosco, cor branco neve, marca de referência Suvinil ou equivalente aprovado
A62: Portas de madeira | B62: Verniz incolor

Sheet Marechal C. Rondon
A1: PLANILHA DE CUSTOS E FORMAÇÃO DE PREÇOS
A2: Local: Marechal Cândido Rondon
A3: Endereço: Rua Dom João VI, 1234, sala 4
A5: Pregão Eletrônico n.º:
A6: Data: | C6: Horário:
I8: BDI | J8: =C50 -> 0
A11: ITEM | B11: DESCRIÇÃO DO SERVIÇO | C11: UNIDADE DE MEDIDA | D11: QUANTI DADE | E11: VALORES (R$)
E12: MATERIAL | F12: MÃO DE OBRA | G12: EQUIPAMENTO | H12: TOTAL UNITÁRIO | I12: TOTAL MATERIAL | J12: TOTAL MÃO DE OBRA | K12: TOTAL EQUIPAMENTO | L12: TOTAL SEM BDI | M12: TOTAL COM BDI
A13: 1 | B13: JARDINAGEM E MANUTENÇÃO DE PAISAGISMO | L13: =L14 -> 0 | M13: =M14 -> 0
A14: 1.1 | B14: Jardinagem e manutenção de paisagismo | C14: MÊS | D14: 0 | H14: =SUM(E14:G14) -> 0 | I14: =D14*E14 -> 0 | J14: =D14*F14 -> 0 | K14: =D14*G14 -> 0 | L14: =SUM(I14:K14) -> 0 | M14: =ROUND((L14*$J$8)+L14,2) -> 0
A15: 2 | B15: LIMPEZA E DESINFECÇÃO DE RESERVATÓRIOS DE ÁGUA | L15: =L16 -> 0 | M15: =M16 -> 0
A16: 2.1 | B16: Limpeza e desinfecção de reservatórios de água | C16: UN | D16: 1 | H16: =SUM(E16:G16) -> 0 | I16: =D16*E16 -> 0 | J16: =D16*F16 -> 0 | K16: =D16*G16 -> 0 | L16: =SUM(I16:K16) -> 0 | M16: =ROUND((L16*$J$8)+L16,2) -> 0
A17: 3 | B17: DESINSETIZAÇÃO, DESRATIZAÇÃO E DESCUPINIZAÇÃO | L17: =L18 -> 0 | M17: =M18 -> 0
A18: 3.1 | B18: Desinsetização, desratização e descupinização | C18: UN | D18: 2 | H18: =SUM(E18:G18) -> 0 | I18: =D18*E18 -> 0 | J18: =D18*F18 -> 0 | K18: =D18*G18 -> 0 | L18: =SUM(I18:K18) -> 0 | M18: =ROUND((L18*$J$8)+L18,2) -> 0
A19: 4 | B19: RECARGA E MANUTENÇÃO DE EXTINTORES DE INCÊNDIO | L19: =L20 -> 0 | M19: =M20 -> 0
A20: 4.1 | B20: Recarga e manutenção de extintores de incêndio | C20: CJ | D20: 1 | H20: =SUM(E20:G20) -> 0 | I20: =D20*E20 -> 0 | J20: =D20*F20 -> 0 | K20: =D20*G20 -> 0 | L20: =SUM(I20:K20) -> 0 | M20: =ROUND((L20*$J$8)+L20,2) -> 0
A21: 5 | B21: LIMPEZA E MANUTENÇÃO DE PURIFICADORES DE ÁGUA | L21: =L22 -> 0 | M21: =M22 -> 0
A22: 5.1 | B22: Limpeza e manutenção de purificadores de água | C22: UN | D22: 3 | H22: =SUM(E22:G22) -> 0 | I22: =D22*E22 -> 0 | J22: =D22*F22 -> 0 | K22: =D22*G22 -> 0 | L22: =SUM(I22:K22) -> 0 | M22: =ROUND((L22*$J$8)+L22,2) -> 0
A23: 6 | B23: LAUDOS DE INSPEÇÃO SPDA E SUBESTAÇÕES | L23: =L24 -> 0 | M23: =M24 -> 0
A24: 6.1 | B24: Laudos de inspeção SPDA e subestações | C24: UN | D24: 0 | H24: =SUM(E24:G24) -> 0 | I24: =D24*E24 -> 0 | J24: =D24*F24 -> 0 | K24: =D24*G24 -> 0 | L24: =SUM(I24:K24) -> 0 | M24: =ROUND((L24*$J$8)+L24,2) -> 0
A25: 7 | B25: LAUDOS DE PONTOS DE ANCORAGEM | L25: =L26 -> 0 | M25: =M26 -> 0
A26: 7.1 | B26: Laudos de pontos de Ancoragem | C26: UN | D26: 0 | H26: =SUM(E26:G26) -> 0 | I26: =D26*E26 -> 0 | J26: =D26*F26 -> 0 | K26: =D26*G26 -> 0 | L26: =SUM(I26:K26) -> 0 | M26: =ROUND((L26*$J$8)+L26,2) -> 0
A27: 8 | B27: INSPEÇÃO PREDIAL | L27: =L28 -> 0 | M27: =M28 -> 0
A28: 8.1 | B28: Laudo de Inspeção predial | C28: UN | D28: 1 | H28: =SUM(E28:G28) -> 0 | I28: =D28*E28 -> 0 | J28: =D28*F28 -> 0 | K28: =D28*G28 -> 0 | L28: =SUM(I28:K28) -> 0 | M28: =ROUND((L28*$J$8)+L28,2) -> 0
A29: 9 | B29: MANUTENÇÃO PREDIAL | L29: =SUM(L32:L33) -> 0 | M29: =SUM(M30:M33) -> 0
A30: 9.1 | B30: EMASSAMENTO COM MASSA LÁTEX, APLICAÇÃO EM PAREDE, UMA DEMÃO, LIXAMENTO MANUAL. AF_04/2023 - SINAPI 88495 (03/2025) | C30: M² | D30: =D31 -> 150 | H30: =SUM(E30:G30) -> 0 | I30: =D30*E30 -> 0 | J30: =D30*F30 -> 0 | K30: =D30*G30 -> 0 | L30: =SUM(I30:K30) -> 0 | M30: =ROUND((L30*$J$8)+L30,2) -> 0
A31: 9.2 | B31: FUNDO SELADOR ACRÍLICO, APLICAÇÃO MANUAL EM PAREDE, UMA DEMÃO. AF_04/2023 - SINAPI 88485 (03/2025) | C31: M² | D31: =D32 -> 150 | H31: =SUM(E31:G31) -> 0 | I31: =D31*E31 -> 0 | J31: =D31*F31 -> 0 | K31: =D31*G31 -> 0 | L31: =SUM(I31:K31) -> 0 | M31: =ROUND((L31*$J$8)+L31,2) -> 0
A32: 9.3 | B32: PINTURA LÁTEX ACRÍLICA PREMIUM, APLICAÇÃO MANUAL EM PAREDES, DUAS DEMÃOS. AF_04/2023 - SINAPI 88489 (03/2025) | C32: M² | D32: 150 | H32: =SUM(E32:G32) -> 0 | I32: =D32*E32 -> 0 | J32: =D32*F32 -> 0 | K32: =D32*G32 -> 0 | L32: =SUM(I32:K32) -> 0 | M32: =ROUND((L32*$J$8)+L32,2) -> 0
A33: 9.4 | B33: LUMINÁRIA DE EMERGÊNCIA, COM 30 LÂMPADAS LED DE 2 W, SEM REATOR - FORNECIMENTO E INSTALAÇÃO. AF_02/2020 - SINAPI 97599 (03/2025) | C33: UN | D33: 1 | H33: =SUM(E33:G33) -> 0 | I33: =D33*E33 -> 0 | J33: =D33*F33 -> 0 | K33: =D33*G33 -> 0 | L33: =SUM(I33:K33) -> 0 | M33: =ROUND((L33*$J$8)+L33,2) -> 0
M34: =M13+M15+M17+M19+M21+M23+M25+M29 -> 0
A36: BENEFÍCIOS E DESPESAS INDIRETAS (BDI)
A38: ITEM | B38: DISCRIMINAÇÃO | C38: TAXA BDI (%)
A40: 1 | B40: A – ADMINISTRAÇÃO CENTRAL
A41: 2 | B41: SG – seguros + garantias
A42: 3 | B42: R – riscos
A43: 4 | B43: F – despesas financeiras
A44: 5 | B44: L – lucro bruto
A45: 6 | B45: T - tributos
A46: 6.1 | B46: COFINS
A47: 6.2 | B47: PIS
A48: 6.3 | B48: Contribuição Previdenciária sobre Receita Bruta (CPRB)
A49: 6.4 | B49: ISS (Conforme Legislação Municipal)
A50: Fórmula BDI*
A51: * Fórmula do Acórdão TCU 2.622/2013
A53: Tipos e especificações das tintas que devem ser utilizadas no imóvel:
A54: LOCAL DE APLICAÇÃO | B54: ESPECIFICAÇÃO
A55: Fachadas e muros externos | B55: Tinta acrílica, acabamento fosco, cor algodão cinzento, marca de referência Suvinil ou equivalente aprovado
B56: Tinta acrílica, acabamento fosco, cor tubarão martelo, marca de referência Suvinil ou equivalente aprovado
B57: Tinta acrílica, acabamento fosco, cor cinza profundo, marca de referência Suvinil ou equivalente aprovado
A58: Paredes internas | B58: Tinta acrílica, acabamento acetinado, cor algodão cinzento, marca de referência Suvinil ou equivalente aprovado
B59: Tinta acrílica, acabamento acetinado, cor tubarão martelo, marca de referência Suvinil ou equivalente aprovado
B60: Tinta acrílica, acabamento acetinado, cor cinza profundo, marca de referência Suvinil ou equivalente aprovado
A61: Forros e lajes | B61: Tinta acrílica, acabamento fosco, cor branco neve, marca de referência Suvinil ou equivalente aprovado
A62: Portas de madeira | B62: Verniz incolor

Sheet Medianeira
A1: PLANILHA DE CUSTOS E FORMAÇÃO DE PREÇOS
A2: Local: Medianeira
A3: Endereço: Rua Riachuelo, 1640, sala 1
A5: Pregão Eletrônico n.º:
A6: Data: | C6: Horário:
I8: BDI | J8: =C50 -> 0
A11: ITEM | B11: DESCRIÇÃO DO SERVIÇO | C11: UNIDADE DE MEDIDA | D11: QUANTI DADE | E11: VALORES (R$)
E12: MATERIAL | F12: MÃO DE OBRA | G12: EQUIPAMENTO | H12: TOTAL UNITÁRIO | I12: TOTAL MATERIAL | J12: TOTAL MÃO DE OBRA | K12: TOTAL EQUIPAMENTO | L12: TOTAL SEM BDI | M12: TOTAL COM BDI
A13: 1 | B13: JARDINAGEM E MANUTENÇÃO DE PAISAGISMO | L13: =L14 -> 0 | M13: =M14 -> 0
A14: 1.1 | B14: Jardinagem e manutenção de paisagismo | C14: MÊS | D14: 0 | H14: =SUM(E14:G14) -> 0 | I14: =D14*E14 -> 0 | J14: =D14*F14 -> 0 | K14: =D14*G14 -> 0 | L14: =SUM(I14:K14) -> 0 | M14: =ROUND((L14*$J$8)+L14,2) -> 0
A15: 2 | B15: LIMPEZA E DESINFECÇÃO DE RESERVATÓRIOS DE ÁGUA | L15: =L16 -> 0 | M15: =M16 -> 0
A16: 2.1 | B16: Limpeza e desinfecção de reservatórios de água | C16: UN | D16: 0 | H16: =SUM(E16:G16) -> 0 | I16: =D16*E16 -> 0 | J16: =D16*F16 -> 0 | K16: =D16*G16 -> 0 | L16: =SUM(I16:K16) -> 0 | M16: =ROUND((L16*$J$8)+L16,2) -> 0
A17: 3 | B17: DESINSETIZAÇÃO, DESRATIZAÇÃO E DESCUPINIZAÇÃO | L17: =L18 -> 0 | M17: =M18 -> 0
A18: 3.1 | B18: Desinsetização, desratização e descupinização | C18: UN | D18: 2 | H18: =SUM(E18:G18) -> 0 | I18: =D18*E18 -> 0 | J18: =D18*F18 -> 0 | K18: =D18*G18 -> 0 | L18: =SUM(I18:K18) -> 0 | M18: =ROUND((L18*$J$8)+L18,2) -> 0
A19: 4 | B19: RECARGA E MANUTENÇÃO DE EXTINTORES DE INCÊNDIO | L19: =L20 -> 0 | M19: =M20 -> 0
A20: 4.1 | B20: Recarga e manutenção de extintores de incêndio | C20: CJ | D20: 1 | H20: =SUM(E20:G20) -> 0 | I20: =D20*E20 -> 0 | J20: =D20*F20 -> 0 | K20: =D20*G20 -> 0 | L20: =SUM(I20:K20) -> 0 | M20: =ROUND((L20*$J$8)+L20,2) -> 0
A21: 5 | B21: LIMPEZA E MANUTENÇÃO DE PURIFICADORES DE ÁGUA | L21: =L22 -> 0 | M21: =M22 -> 0
A22: 5.1 | B22: Limpeza e manutenção de purificadores de água | C22: UN | D22: 3 | H22: =SUM(E22:G22) -> 0 | I22: =D22*E22 -> 0 | J22: =D22*F22 -> 0 | K22: =D22*G22 -> 0 | L22: =SUM(I22:K22) -> 0 | M22: =ROUND((L22*$J$8)+L22,2) -> 0
A23: 6 | B23: LAUDOS DE INSPEÇÃO SPDA E SUBESTAÇÕES | L23: =L24 -> 0 | M23: =M24 -> 0
A24: 6.1 | B24: Laudos de inspeção SPDA e subestações | C24: UN | D24: 0 | H24: =SUM(E24:G24) -> 0 | I24: =D24*E24 -> 0 | J24: =D24*F24 -> 0 | K24: =D24*G24 -> 0 | L24: =SUM(I24:K24) -> 0 | M24: =ROUND((L24*$J$8)+L24,2) -> 0
A25: 7 | B25: LAUDOS DE PONTOS DE ANCORAGEM | L25: =L26 -> 0 | M25: =M26 -> 0
A26: 7.1 | B26: Laudos de pontos de Ancoragem | C26: UN | D26: 0 | H26: =SUM(E26:G26) -> 0 | I26: =D26*E26 -> 0 | J26: =D26*F26 -> 0 | K26: =D26*G26 -> 0 | L26: =SUM(I26:K26) -> 0 | M26: =ROUND((L26*$J$8)+L26,2) -> 0
A27: 8 | B27: INSPEÇÃO PREDIAL | L27: =L28 -> 0 | M27: =M28 -> 0
A28: 8.1 | B28: Laudo de Inspeção predial | C28: UN | D28: 1 | H28: =SUM(E28:G28) -> 0 | I28: =D28*E28 -> 0 | J28: =D28*F28 -> 0 | K28: =D28*G28 -> 0 | L28: =SUM(I28:K28) -> 0 | M28: =ROUND((L28*$J$8)+L28,2) -> 0
A29: 9 | B29: MANUTENÇÃO PREDIAL | L29: =SUM(L32:L33) -> 0 | M29: =SUM(M30:M33) -> 0
A30: 9.1 | B30: EMASSAMENTO COM MASSA LÁTEX, APLICAÇÃO EM PAREDE, UMA DEMÃO, LIXAMENTO MANUAL. AF_04/2023 - SINAPI 88495 (03/2025) | C30: M² | D30: =D31 -> 150 | H30: =SUM(E30:G30) -> 0 | I30: =D30*E30 -> 0 | J30: =D30*F30 -> 0 | K30: =D30*G30 -> 0 | L30: =SUM(I30:K30) -> 0 | M30: =ROUND((L30*$J$8)+L30,2) -> 0
A31: 9.2 | B31: FUNDO SELADOR ACRÍLICO, APLICAÇÃO MANUAL EM PAREDE, UMA DEMÃO. AF_04/2023 - SINAPI 88485 (03/205) | C31: M² | D31: =D32 -> 150 | H31: =SUM(E31:G31) -> 0 | I31: =D31*E31 -> 0 | J31: =D31*F31 -> 0 | K31: =D31*G31 -> 0 | L31: =SUM(I31:K31) -> 0 | M31: =ROUND((L31*$J$8)+L31,2) -> 0
A32: 9.3 | B32: PINTURA LÁTEX ACRÍLICA PREMIUM, APLICAÇÃO MANUAL EM PAREDES, DUAS DEMÃOS. AF_04/2023 - SINAPI 88489 (03/2025) | C32: M² | D32: 150 | H32: =SUM(E32:G32) -> 0 | I32: =D32*E32 -> 0 | J32: =D32*F32 -> 0 | K32: =D32*G32 -> 0 | L32: =SUM(I32:K32) -> 0 | M32: =ROUND((L32*$J$8)+L32,2) -> 0
A33: 9.4 | B33: LUMINÁRIA DE EMERGÊNCIA, COM 30 LÂMPADAS LED DE 2 W, SEM REATOR - FORNECIMENTO E INSTALAÇÃO. AF_02/2020 - SINAPI 97599 (03/2025) | C33: UN | D33: 1 | H33: =SUM(E33:G33) -> 0 | I33: =D33*E33 -> 0 | J33: =D33*F33 -> 0 | K33: =D33*G33 -> 0 | L33: =SUM(I33:K33) -> 0 | M33: =ROUND((L33*$J$8)+L33,2) -> 0
M34: =M13+M15+M17+M19+M21+M23+M25+M29 -> 0
A36: BENEFÍCIOS E DESPESAS INDIRETAS (BDI)
A38: ITEM | B38: DISCRIMINAÇÃO | C38: TAXA BDI (%)
A40: 1 | B40: A – ADMINISTRAÇÃO CENTRAL
A41: 2 | B41: SG – seguros + garantias
A42: 3 | B42: R – riscos
A43: 4 | B43: F – despesas financeiras
A44: 5 | B44: L – lucro bruto
A45: 6 | B45: T - tributos
A46: 6.1 | B46: COFINS
A47: 6.2 | B47: PIS
A48: 6.3 | B48: Contribuição Previdenciária sobre Receita Bruta (CPRB)
A49: 6.4 | B49: ISS (Conforme Legislação Municipal)
A50: Fórmula BDI*
A51: * Fórmula do Acórdão TCU 2.622/2013
A53: Tipos e especificações das tintas que devem ser utilizadas no imóvel:
A54: LOCAL DE APLICAÇÃO | B54: ESPECIFICAÇÃO
A55: Fachadas e muros externos | B55: Tinta acrílica, acabamento fosco, cor algodão cinzento, marca de referência Suvinil ou equivalente aprovado
B56: Tinta acrílica, acabamento fosco, cor tubarão martelo, marca de referência Suvinil ou equivalente aprovado
B57: Tinta acrílica, acabamento fosco, cor cinza profundo, marca de referência Suvinil ou equivalente aprovado
A58: Paredes internas | B58: Tinta acrílica, acabamento acetinado, cor algodão cinzento, marca de referência Suvinil ou equivalente aprovado
B59: Tinta acrílica, acabamento acetinado, cor tubarão martelo, marca de referência Suvinil ou equivalente aprovado
B60: Tinta acrílica, acabamento acetinado, cor cinza profundo, marca de referência Suvinil ou equivalente aprovado
A61: Forros e lajes | B61: Tinta acrílica, acabamento fosco, cor branco neve, marca de referência Suvinil ou equivalente aprovado
A62: Portas de madeira | B62: Verniz incolor

Sheet Palmas
A1: PLANILHA DE CUSTOS E FORMAÇÃO DE PREÇOS
A2: Local: Palmas
A3: Endereço: Rua João Gualberto, 38, sala 22
A5: Pregão Eletrônico n.º:
A6: Data: | C6: Horário:
I8: BDI | J8: =C50 -> 0
A11: ITEM | B11: DESCRIÇÃO DO SERVIÇO | C11: UNIDADE DE MEDIDA | D11: QUANTI DADE | E11: VALORES (R$)
E12: MATERIAL | F12: MÃO DE OBRA | G12: EQUIPAMENTO | H12: TOTAL UNITÁRIO | I12: TOTAL MATERIAL | J12: TOTAL MÃO DE OBRA | K12: TOTAL EQUIPAMENTO | L12: TOTAL SEM BDI | M12: TOTAL COM BDI
A13: 1 | B13: JARDINAGEM E MANUTENÇÃO DE PAISAGISMO | L13: =L14 -> 0 | M13: =M14 -> 0
A14: 1.1 | B14: Jardinagem e manutenção de paisagismo | C14: MÊS | D14: 0 | H14: =SUM(E14:G14) -> 0 | I14: =D14*E14 -> 0 | J14: =D14*F14 -> 0 | K14: =D14*G14 -> 0 | L14: =SUM(I14:K14) -> 0 | M14: =ROUND((L14*$J$8)+L14,2) -> 0
A15: 2 | B15: LIMPEZA E DESINFECÇÃO DE RESERVATÓRIOS DE ÁGUA | L15: =L16 -> 0 | M15: =M16 -> 0
A16: 2.1 | B16: Limpeza e desinfecção de reservatórios de água | C16: UN | D16: 0 | H16: =SUM(E16:G16) -> 0 | I16: =D16*E16 -> 0 | J16: =D16*F16 -> 0 | K16: =D16*G16 -> 0 | L16: =SUM(I16:K16) -> 0 | M16: =ROUND((L16*$J$8)+L16,2) -> 0
A17: 3 | B17: DESINSETIZAÇÃO, DESRATIZAÇÃO E DESCUPINIZAÇÃO | L17: =L18 -> 0 | M17: =M18 -> 0
A18: 3.1 | B18: Desinsetização, desratização e descupinização | C18: UN | D18: 2 | H18: =SUM(E18:G18) -> 0 | I18: =D18*E18 -> 0 | J18: =D18*F18 -> 0 | K18: =D18*G18 -> 0 | L18: =SUM(I18:K18) -> 0 | M18: =ROUND((L18*$J$8)+L18,2) -> 0
A19: 4 | B19: RECARGA E MANUTENÇÃO DE EXTINTORES DE INCÊNDIO | L19: =L20 -> 0 | M19: =M20 -> 0
A20: 4.1 | B20: Recarga e manutenção de extintores de incêndio | C20: CJ | D20: 1 | H20: =SUM(E20:G20) -> 0 | I20: =D20*E20 -> 0 | J20: =D20*F20 -> 0 | K20: =D20*G20 -> 0 | L20: =SUM(I20:K20) -> 0 | M20: =ROUND((L20*$J$8)+L20,2) -> 0
A21: 5 | B21: LIMPEZA E MANUTENÇÃO DE PURIFICADORES DE ÁGUA | L21: =L22 -> 0 | M21: =M22 -> 0
A22: 5.1 | B22: Limpeza e manutenção de purificadores de água | C22: UN | D22: 3 | H22: =SUM(E22:G22) -> 0 | I22: =D22*E22 -> 0 | J22: =D22*F22 -> 0 | K22: =D22*G22 -> 0 | L22: =SUM(I22:K22) -> 0 | M22: =ROUND((L22*$J$8)+L22,2) -> 0
A23: 6 | B23: LAUDOS DE INSPEÇÃO SPDA E SUBESTAÇÕES | L23: =L24 -> 0 | M23: =M24 -> 0
A24: 6.1 | B24: Laudos de inspeção SPDA e subestações | C24: UN | D24: 0 | H24: =SUM(E24:G24) -> 0 | I24: =D24*E24 -> 0 | J24: =D24*F24 -> 0 | K24: =D24*G24 -> 0 | L24: =SUM(I24:K24) -> 0 | M24: =ROUND((L24*$J$8)+L24,2) -> 0
A25: 7 | B25: LAUDOS DE PONTOS DE ANCORAGEM | L25: =L26 -> 0 | M25: =M26 -> 0
A26: 7.1 | B26: Laudos de pontos de Ancoragem | C26: UN | D26: 0 | H26: =SUM(E26:G26) -> 0 | I26: =D26*E26 -> 0 | J26: =D26*F26 -> 0 | K26: =D26*G26 -> 0 | L26: =SUM(I26:K26) -> 0 | M26: =ROUND((L26*$J$8)+L26,2) -> 0
A27: 8 | B27: INSPEÇÃO PREDIAL | L27: =L28 -> 0 | M27: =M28 -> 0
A28: 8.1 | B28: Laudo de Inspeção predial | C28: UN | D28: 1 | H28: =SUM(E28:G28) -> 0 | I28: =D28*E28 -> 0 | J28: =D28*F28 -> 0 | K28: =D28*G28 -> 0 | L28: =SUM(I28:K28) -> 0 | M28: =ROUND((L28*$J$8)+L28,2) -> 0
A29: 9 | B29: MANUTENÇÃO PREDIAL | L29: =SUM(L32:L33) -> 0 | M29: =SUM(M30:M33) -> 0
A30: 9.1 | B30: EMASSAMENTO COM MASSA LÁTEX, APLICAÇÃO EM PAREDE, UMA DEMÃO, LIXAMENTO MANUAL. AF_04/2023 - SINAPI 88495 (03/2025) | C30: M² | D30: =D31 -> 80 | H30: =SUM(E30:G30) -> 0 | I30: =D30*E30 -> 0 | J30: =D30*F30 -> 0 | K30: =D30*G30 -> 0 | L30: =SUM(I30:K30) -> 0 | M30: =ROUND((L30*$J$8)+L30,2) -> 0
A31: 9.2 | B31: FUNDO SELADOR ACRÍLICO, APLICAÇÃO MANUAL EM PAREDE, UMA DEMÃO. AF_04/2023 - SINAPI 88485 (03/2025) | C31: M² | D31: =D32 -> 80 | H31: =SUM(E31:G31) -> 0 | I31: =D31*E31 -> 0 | J31: =D31*F31 -> 0 | K31: =D31*G31 -> 0 | L31: =SUM(I31:K31) -> 0 | M31: =ROUND((L31*$J$8)+L31,2) -> 0
A32: 9.3 | B32: PINTURA LÁTEX ACRÍLICA PREMIUM, APLICAÇÃO MANUAL EM PAREDES, DUAS DEMÃOS. AF_04/2023 - SINAPI 88489 (03/2025) | C32: M² | D32: 80 | H32: =SUM(E32:G32) -> 0 | I32: =D32*E32 -> 0 | J32: =D32*F32 -> 0 | K32: =D32*G32 -> 0 | L32: =SUM(I32:K32) -> 0 | M32: =ROUND((L32*$J$8)+L32,2) -> 0
A33: 9.4 | B33: LUMINÁRIA DE EMERGÊNCIA, COM 30 LÂMPADAS LED DE 2 W, SEM REATOR - FORNECIMENTO E INSTALAÇÃO. AF_02/2020 - SINAPI 97599 (03/2025) | C33: UN | D33: 1 | H33: =SUM(E33:G33) -> 0 | I33: =D33*E33 -> 0 | J33: =D33*F33 -> 0 | K33: =D33*G33 -> 0 | L33: =SUM(I33:K33) -> 0 | M33: =ROUND((L33*$J$8)+L33,2) -> 0
M34: =M13+M15+M17+M19+M21+M23+M25+M29 -> 0
A36: BENEFÍCIOS E DESPESAS INDIRETAS (BDI)
A38: ITEM | B38: DISCRIMINAÇÃO | C38: TAXA BDI (%)
A40: 1 | B40: A – ADMINISTRAÇÃO CENTRAL
A41: 2 | B41: SG – seguros + garantias
A42: 3 | B42: R – riscos
A43: 4 | B43: F – despesas financeiras
A44: 5 | B44: L – lucro bruto
A45: 6 | B45: T - tributos
A46: 6.1 | B46: COFINS
A47: 6.2 | B47: PIS
A48: 6.3 | B48: Contribuição Previdenciária sobre Receita Bruta (CPRB)
A49: 6.4 | B49: ISS (Conforme Legislação Municipal)
A50: Fórmula BDI*
A51: * Fórmula do Acórdão TCU 2.622/2013
A53: Tipos e especificações das tintas que devem ser utilizadas no imóvel:
A54: LOCAL DE APLICAÇÃO | B54: ESPECIFICAÇÃO
A55: Fachadas e muros externos | B55: Tinta acrílica, acabamento fosco, cor algodão cinzento, marca de referência Suvinil ou equivalente aprovado
B56: Tinta acrílica, acabamento fosco, cor tubarão martelo, marca de referência Suvinil ou equivalente aprovado
B57: Tinta acrílica, acabamento fosco, cor cinza profundo, marca de referência Suvinil ou equivalente aprovado
A58: Paredes internas | B58: Tinta acrílica, acabamento acetinado, cor algodão cinzento, marca de referência Suvinil ou equivalente aprovado
B59: Tinta acrílica, acabamento acetinado, cor tubarão martelo, marca de referência Suvinil ou equivalente aprovado
B60: Tinta acrílica, acabamento acetinado, cor cinza profundo, marca de referência Suvinil ou equivalente aprovado
A61: Forros e lajes | B61: Tinta acrílica, acabamento fosco, cor branco neve, marca de referência Suvinil ou equivalente aprovado
A62: Portas de madeira | B62: Verniz incolor

Sheet Paranaguá
A1: PLANILHA DE CUSTOS E FORMAÇÃO DE PREÇOS
A2: Local: Paranaguá
A3: Endereço: Rua Júlia da Costa, 70, Loja 24
A5: Pregão Eletrônico n.º:
A6: Data: | C6: Horário:
I8: BDI | J8: =C50 -> 0
A11: ITEM | B11: DESCRIÇÃO DO SERVIÇO | C11: UNIDADE DE MEDIDA | D11: QUANTI DADE | E11: VALORES (R$)
E12: MATERIAL | F12: MÃO DE OBRA | G12: EQUIPAMENTO | H12: TOTAL UNITÁRIO | I12: TOTAL MATERIAL | J12: TOTAL MÃO DE OBRA | K12: TOTAL EQUIPAMENTO | L12: TOTAL SEM BDI | M12: TOTAL COM BDI
A13: 1 | B13: JARDINAGEM E MANUTENÇÃO DE PAISAGISMO | L13: =L14 -> 0 | M13: =M14 -> 0
A14: 1.1 | B14: Jardinagem e manutenção de paisagismo | C14: MÊS | D14: 0 | H14: =SUM(E14:G14) -> 0 | I14: =D14*E14 -> 0 | J14: =D14*F14 -> 0 | K14: =D14*G14 -> 0 | L14: =SUM(I14:K14) -> 0 | M14: =ROUND((L14*$J$8)+L14,2) -> 0
A15: 2 | B15: LIMPEZA E DESINFECÇÃO DE RESERVATÓRIOS DE ÁGUA | L15: =L16 -> 0 | M15: =M16 -> 0
A16: 2.1 | B16: Limpeza e desinfecção de reservatórios de água | C16: UN | D16: 0 | H16: =SUM(E16:G16) -> 0 | I16: =D16*E16 -> 0 | J16: =D16*F16 -> 0 | K16: =D16*G16 -> 0 | L16: =SUM(I16:K16) -> 0 | M16: =ROUND((L16*$J$8)+L16,2) -> 0
A17: 3 | B17: DESINSETIZAÇÃO, DESRATIZAÇÃO E DESCUPINIZAÇÃO | L17: =L18 -> 0 | M17: =M18 -> 0
A18: 3.1 | B18: Desinsetização, desratização e descupinização | C18: UN | D18: 2 | H18: =SUM(E18:G18) -> 0 | I18: =D18*E18 -> 0 | J18: =D18*F18 -> 0 | K18: =D18*G18 -> 0 | L18: =SUM(I18:K18) -> 0 | M18: =ROUND((L18*$J$8)+L18,2) -> 0
A19: 4 | B19: RECARGA E MANUTENÇÃO DE EXTINTORES DE INCÊNDIO | L19: =L20 -> 0 | M19: =M20 -> 0
A20: 4.1 | B20: Recarga e manutenção de extintores de incêndio | C20: CJ | D20: 0 | H20: =SUM(E20:G20) -> 0 | I20: =D20*E20 -> 0 | J20: =D20*F20 -> 0 | K20: =D20*G20 -> 0 | L20: =SUM(I20:K20) -> 0 | M20: =ROUND((L20*$J$8)+L20,2) -> 0
A21: 5 | B21: LIMPEZA E MANUTENÇÃO DE PURIFICADORES DE ÁGUA | L21: =L22 -> 0 | M21: =M22 -> 0
A22: 5.1 | B22: Limpeza e manutenção de purificadores de água | C22: UN | D22: 3 | H22: =SUM(E22:G22) -> 0 | I22: =D22*E22 -> 0 | J22: =D22*F22 -> 0 | K22: =D22*G22 -> 0 | L22: =SUM(I22:K22) -> 0 | M22: =ROUND((L22*$J$8)+L22,2) -> 0
A23: 6 | B23: LAUDOS DE INSPEÇÃO SPDA E SUBESTAÇÕES | L23: =L24 -> 0 | M23: =M24 -> 0
A24: 6.1 | B24: Laudos de inspeção SPDA e subestações | C24: UN | D24: 0 | H24: =SUM(E24:G24) -> 0 | I24: =D24*E24 -> 0 | J24: =D24*F24 -> 0 | K24: =D24*G24 -> 0 | L24: =SUM(I24:K24) -> 0 | M24: =ROUND((L24*$J$8)+L24,2) -> 0
A25: 7 | B25: LAUDOS DE PONTOS DE ANCORAGEM | L25: =L26 -> 0 | M25: =M26 -> 0
A26: 7.1 | B26: Laudos de pontos de Ancoragem | C26: UN | D26: 0 | H26: =SUM(E26:G26) -> 0 | I26: =D26*E26 -> 0 | J26: =D26*F26 -> 0 | K26: =D26*G26 -> 0 | L26: =SUM(I26:K26) -> 0 | M26: =ROUND((L26*$J$8)+L26,2) -> 0
A27: 8 | B27: INSPEÇÃO PREDIAL | L27: =L28 -> 0 | M27: =M28 -> 0
A28: 8.1 | B28: Laudo de Inspeção predial | C28: UN | D28: 1 | H28: =SUM(E28:G28) -> 0 | I28: =D28*E28 -> 0 | J28: =D28*F28 -> 0 | K28: =D28*G28 -> 0 | L28: =SUM(I28:K28) -> 0 | M28: =ROUND((L28*$J$8)+L28,2) -> 0
A29: 9 | B29: MANUTENÇÃO PREDIAL | L29: =SUM(L32:L33) -> 0 | M29: =SUM(M30:M33) -> 0
A30: 9.1 | B30: EMASSAMENTO COM MASSA LÁTEX, APLICAÇÃO EM PAREDE, UMA DEMÃO, LIXAMENTO MANUAL. AF_04/2023 - SINAPI 88495 (03/2025) | C30: M² | D30: =D31 -> 50 | H30: =SUM(E30:G30) -> 0 | I30: =D30*E30 -> 0 | J30: =D30*F30 -> 0 | K30: =D30*G30 -> 0 | L30: =SUM(I30:K30) -> 0 | M30: =ROUND((L30*$J$8)+L30,2) -> 0
A31: 9.2 | B31: FUNDO SELADOR ACRÍLICO, APLICAÇÃO MANUAL EM PAREDE, UMA DEMÃO. AF_04/2023 - SINAPI 88485 (03/2025) | C31: M² | D31: =D32 -> 50 | H31: =SUM(E31:G31) -> 0 | I31: =D31*E31 -> 0 | J31: =D31*F31 -> 0 | K31: =D31*G31 -> 0 | L31: =SUM(I31:K31) -> 0 | M31: =ROUND((L31*$J$8)+L31,2) -> 0
A32: 9.3 | B32: PINTURA LÁTEX ACRÍLICA PREMIUM, APLICAÇÃO MANUAL EM PAREDES, DUAS DEMÃOS. AF_04/2023 - SINAPI 88489 (03/2025) | C32: M² | D32: 50 | H32: =SUM(E32:G32) -> 0 | I32: =D32*E32 -> 0 | J32: =D32*F32 -> 0 | K32: =D32*G32 -> 0 | L32: =SUM(I32:K32) -> 0 | M32: =ROUND((L32*$J$8)+L32,2) -> 0
A33: 9.4 | B33: LUMINÁRIA DE EMERGÊNCIA, COM 30 LÂMPADAS LED DE 2 W, SEM REATOR - FORNECIMENTO E INSTALAÇÃO. AF_02/2020 - SINAPI 97599 (03/2025) | C33: UN | D33: 1 | H33: =SUM(E33:G33) -> 0 | I33: =D33*E33 -> 0 | J33: =D33*F33 -> 0 | K33: =D33*G33 -> 0 | L33: =SUM(I33:K33) -> 0 | M33: =ROUND((L33*$J$8)+L33,2) -> 0
M34: =M13+M15+M17+M19+M21+M23+M25+M29 -> 0
A36: BENEFÍCIOS E DESPESAS INDIRETAS (BDI)
A38: ITEM | B38: DISCRIMINAÇÃO | C38: TAXA BDI (%)
A40: 1 | B40: A – ADMINISTRAÇÃO CENTRAL
A41: 2 | B41: SG – seguros + garantias
A42: 3 | B42: R – riscos
A43: 4 | B43: F – despesas financeiras
A44: 5 | B44: L – lucro bruto
A45: 6 | B45: T - tributos
A46: 6.1 | B46: COFINS
A47: 6.2 | B47: PIS
A48: 6.3 | B48: Contribuição Previdenciária sobre Receita Bruta (CPRB)
A49: 6.4 | B49: ISS (Conforme Legislação Municipal)
A50: Fórmula BDI*
A51: * Fórmula do Acórdão TCU 2.622/2013
A53: Tipos e especificações das tintas que devem ser utilizadas no imóvel:
A54: LOCAL DE APLICAÇÃO | B54: ESPECIFICAÇÃO
A55: Fachadas e muros externos | B55: Tinta acrílica, acabamento fosco, cor algodão cinzento, marca de referência Suvinil ou equivalente aprovado
B56: Tinta acrílica, acabamento fosco, cor tubarão martelo, marca de referência Suvinil ou equivalente aprovado
B57: Tinta acrílica, acabamento fosco, cor cinza profundo, marca de referência Suvinil ou equivalente aprovado
A58: Paredes internas | B58: Tinta acrílica, acabamento acetinado, cor algodão cinzento, marca de referência Suvinil ou equivalente aprovado
B59: Tinta acrílica, acabamento acetinado, cor tubarão martelo, marca de referência Suvinil ou equivalente aprovado
B60: Tinta acrílica, acabamento acetinado, cor cinza profundo, marca de referência Suvinil ou equivalente aprovado
A61: Forros e lajes | B61: Tinta acrílica, acabamento fosco, cor branco neve, marca de referência Suvinil ou equivalente aprovado
A62: Portas de madeira | B62: Verniz incolor

Sheet Paranavaí
A1: PLANILHA DE CUSTOS E FORMAÇÃO DE PREÇOS
A2: Local: Paranavaí
A3: Endereço: Rua João Batista Machado, 960
A5: Pregão Eletrônico n.º:
A6: Data: | C6: Horário:
I8: BDI | J8: =C50 -> 0
A11: ITEM | B11: DESCRIÇÃO DO SERVIÇO | C11: UNIDADE DE MEDIDA | D11: QUANTI DADE | E11: VALORES (R$)
E12: MATERIAL | F12: MÃO DE OBRA | G12: EQUIPAMENTO | H12: TOTAL UNITÁRIO | I12: TOTAL MATERIAL | J12: TOTAL MÃO DE OBRA | K12: TOTAL EQUIPAMENTO | L12: TOTAL SEM BDI | M12: TOTAL COM BDI
A13: 1 | B13: JARDINAGEM E MANUTENÇÃO DE PAISAGISMO | L13: =L14 -> 0 | M13: =M14 -> 0
A14: 1.1 | B14: Jardinagem e manutenção de paisagismo | C14: MÊS | D14: 0 | H14: =SUM(E14:G14) -> 0 | I14: =D14*E14 -> 0 | J14: =D14*F14 -> 0 | K14: =D14*G14 -> 0 | L14: =SUM(I14:K14) -> 0 | M14: =ROUND((L14*$J$8)+L14,2) -> 0
A15: 2 | B15: LIMPEZA E DESINFECÇÃO DE RESERVATÓRIOS DE ÁGUA | L15: =L16 -> 0 | M15: =M16 -> 0
A16: 2.1 | B16: Limpeza e desinfecção de reservatórios de água | C16: UN | D16: 0 | H16: =SUM(E16:G16) -> 0 | I16: =D16*E16 -> 0 | J16: =D16*F16 -> 0 | K16: =D16*G16 -> 0 | L16: =SUM(I16:K16) -> 0 | M16: =ROUND((L16*$J$8)+L16,2) -> 0
A17: 3 | B17: DESINSETIZAÇÃO, DESRATIZAÇÃO E DESCUPINIZAÇÃO | L17: =L18 -> 0 | M17: =M18 -> 0
A18: 3.1 | B18: Desinsetização, desratização e descupinização | C18: UN | D18: 2 | H18: =SUM(E18:G18) -> 0 | I18: =D18*E18 -> 0 | J18: =D18*F18 -> 0 | K18: =D18*G18 -> 0 | L18: =SUM(I18:K18) -> 0 | M18: =ROUND((L18*$J$8)+L18,2) -> 0
